Workbook

Sheet Original Data
B1: Index | C1: Best | D1: Albania | E1: Bulgaria | F1: Croatia | G1: Czech Republic | H1: Estonia | I1: Georgia | J1: Hungary | K1: Latvia | L1: Lithuania | M1: Moldova | N1: Montenegro | O1: North Macedonia | P1: Poland | Q1: Romania | R1: Slovakia | S1: Slovenia | T1: Ukraine | U1: Min | V1: Max | W1: Best green | X1: Worst red
A2: Economic complexity | B2: Economic Complexity Index | C2: higher | D2: 0 | E2: 0.84831722 | F2: 1.0021856 | G2: 1.9812445 | H2: 1.2216464 | I2: 0.28622006 | J2: 1.7550953 | K2: 0.9627936 | L2: 1.1218292 | M2: 0.25205316 | N2: 0 | O2: 0.36324465 | P2: 1.2478992 | Q2: 1.4568358 | R2: 1.6943072 | S2: 1.8227427 | T2: 0.55513027 | U2: =MIN(D2:T2) -> 0 | V2: =MAX(D2:T2) -> 1.9812445
B3: Market concentration HH Market concentration index | C3: lower | D3: 0.21 | E3: 0.05 | F3: 0.06 | G3: 0.11 | H3: 0.06 | I3: 0.09 | J3: 0.09 | K3: 0.06 | L3: 0.04 | M3: 0.1 | N3: 0.06 | O3: 0.19 | P3: 0.09 | Q3: 0.07 | R3: 0.07 | S3: 0.07 | T3: 0.04 | U3: =MIN(D3:T3) -> 0.04 | V3: =MAX(D3:T3) -> 0.21
A4: Foreign trade vulnerabilities | B4: Export partner concentration - main three leading destination markets for commodity exports as share of commodity exports (percentage) | C4: lower | D4: 0.21270561 | E4: 0.081261498 | F4: 0.060593769 | G4: 0.11624883 | H4: 0.10425636 | I4: 0.23021049 | J4: 0.10035129 | K4: 0.084757453 | L4: 0.088455967 | M4: 0.17372954 | N4: 0.2179448 | O4: 0.24471275 | P4: 0.062181286 | Q4: 0.098619861 | R4: 0.22927902 | S4: 0.14206168 | T4: 0.16668617 | U4: =MIN(D4:T4) -> 0.060593769 | V4: =MAX(D4:T4) -> 0.24471275
B5: Import partner concentration main three trading partners for commodity imports as share of commodity imports | C5: lower | D5: 0.071839784 | E5: 0.062177556 | F5: 0.054382879 | G5: 0.076444165 | H5: 0.079423112 | I5: 0.11122044 | J5: 0.070248666 | K5: 0.076252479 | L5: 0.078750715 | M5: 0.079426786 | N5: 0.072467189 | O5: 0.11675507 | P5: 0.046875534 | Q5: 0.050356184 | R5: 0.10834666 | S5: 0.15370587 | T5: 0.079180058 | U5: =MIN(D5:T5) -> 0.046875534 | V5: =MAX(D5:T5) -> 0.15370587
B6: Exports to Russian federation as % of total exports 2021 | C6: Lower | D6: 0.0031726718 | E6: 1.2479651 | F6: 1.1090091 | G6: 1.9020218 | H6: 6.3933604 | I6: 14.379211 | J6: 1.4647367 | K6: 7.2764982 | L6: 10.850436 | M6: 8.77935 | N6: 0.53628931 | O6: 0.69799004 | P6: 2.7654184 | Q6: 1.3691435 | R6: 1.5110583 | S6: 2.1650715 | T6: 5.0844171 | U6: =MIN(D6:T6) -> 0.0031726718 | V6: =MAX(D6:T6) -> 14.379211
B7: Imports from Russian federation 2021 | C7: Lower | D7: 1.8778977 | E7: 7.5954082 | F7: 1.6325761 | G7: 3.2939276 | H7: 11.458163 | I7: 10.130756 | J7: 3.0686271 | K7: 9.0780951 | L7: 11.935534 | M7: 14.685232 | N7: 0.42351633 | O7: 1.5485037 | P7: 5.9961841 | Q7: 4.8311594 | R7: 6.2649817 | S7: 0.9611302 | T7: 8.361717 | U7: =MIN(D7:T7) -> 0.42351633 | V7: =MAX(D7:T7) -> 14.685232
B8: Trade balance as % of GDP | C8: higher | D8: 14.43 | E8: 30.04 | F8: 27.14 | G8: 31.21 | H8: 28.59 | I8: 11.2 | J8: 29.02 | K8: 26.18 | L8: 32.48 | M8: 0 | N8: 6.7 | O8: 12.24 | P8: 32.83 | Q8: 22.55 | R8: 29 | S8: 34.01 | T8: 25.67 | U8: =MIN(D8:T8) -> 0 | V8: =MAX(D8:T8) -> 34.01
B9: Trade balance, as % of imports | C9: higher | D9: 16.85 | E9: 49.91 | F9: 45.04 | G9: 51.34 | H9: 47.49 | I9: 19.01 | J9: 48.02 | K9: 43.94 | L9: 52.59 | M9: 0 | N9: 13.49 | O9: 27.24 | P9: 55.08 | Q9: 34.91 | R9: 47.88 | S9: 54.24 | T9: 44.28 | U9: =MIN(D9:T9) -> 0 | V9: =MAX(D9:T9) -> 55.08
A10: Foreign trade dependence | B10: Export of high-tech goods, compared to overall exports, %, 2021 | C10: high | D10: 0.2858545 | E10: 11.295053 | F10: 9.6800366 | G10: 22.579325 | H10: 19.03484 | I10: 2.2498385 | J10: 17.425738 | K10: 20.035906 | L10: 12.008765 | M10: 2.2390864 | N10: 7.5730284 | O10: 4.181045 | P10: 9.8641673 | Q10: 11.937033 | R10: 9.9973157 | S10: 7.7983233 | T10: 5.8523499 | U10: =MIN(D10:T10) -> 0.2858545 | V10: =MAX(D10:T10) -> 22.579325
B11: Food imports as % of total imports | C11: lower | D11: 15.026757 | E11: 9.117067 | F11: 11.281825 | G11: 4.8567579 | H11: 8.684979 | I11: 10.889743 | J11: 5.1553669 | K11: 11.783883 | L11: 9.1069758 | M11: 11.601752 | N11: 20.072948 | O11: 8.5864493 | P11: 7.5576228 | Q11: 8.892367 | R11: 5.1274538 | S11: 4.8691754 | T11: 8.7552267 | U11: =MIN(D11:T11) -> 4.8567579 | V11: =MAX(D11:T11) -> 20.072948
B12: Fuel imports as % of total imports | C12: lower | D12: 10.841027 | E12: 11.434773 | F12: 13.591754 | G12: 5.6878283 | H12: 12.887138 | I12: 13.09403 | J12: 8.9990832 | K12: 10.305211 | L12: 16.490343 | M12: 14.9411 | N12: 11.372315 | O12: 10.570518 | P12: 6.2474738 | Q12: 7.526639 | R12: 8.5423725 | S12: 6.3634415 | T12: 17.838778 | U12: =MIN(D12:T12) -> 5.6878283 | V12: =MAX(D12:T12) -> 17.838778
B13: Manufactures goods imports as % of total imports | C13: lower | D13: 67.511074 | E13: 62.637368 | F13: 68.374141 | G13: 83.788951 | H13: 64.736787 | I13: 64.239965 | J13: 78.865947 | K13: 61.51417 | L13: 63.992563 | M13: 68.576504 | N13: 61.948489 | O13: 63.649922 | P13: 77.600825 | Q13: 77.553776 | R13: 80.528838 | S13: 66.498069 | T13: 68.038547 | U13: =MIN(D13:T13) -> 61.51417 | V13: =MAX(D13:T13) -> 83.788951
B14: Electronic excluding parts and components imports as % of total imports | C14: lower | D14: 2.853449 | E14: 2.9913956 | F14: 3.2001384 | G14: 7.4685089 | H14: 2.8611721 | I14: 3.316429 | J14: 3.9508659 | K14: 3.9877355 | L14: 3.2251209 | M14: 3.3025913 | N14: 2.9598013 | O14: 2.0609623 | P14: 3.7356442 | Q14: 3.0484298 | R14: 4.3764969 | S14: 2.0529699 | T14: 3.452085 | U14: =MIN(D14:T14) -> 2.0529699 | V14: =MAX(D14:T14) -> 7.4685089
B15: Parts and components for electrical and electronic goods imports as % of total imports | C15: lower | D15: 2.6157639 | E15: 5.923084 | F15: 3.9559638 | G15: 13.46178 | H15: 7.3751511 | I15: 3.0831831 | J15: 13.654252 | K15: 5.9496366 | L15: 4.2921739 | M15: 3.7281349 | N15: 2.7398729 | O15: 5.2722588 | P15: 7.9339744 | Q15: 8.1081272 | R15: 11.02346 | S15: 3.5740524 | T15: 4.5530811 | U15: =MIN(D15:T15) -> 2.6157639 | V15: =MAX(D15:T15) -> 13.654252
B16: Iron and steel imports as % of total imports | C16: lower | D16: 2.6830626 | E16: 4.5184393 | F16: 3.5693796 | G16: 4.4462958 | H16: 3.8098371 | I16: 3.8045154 | J16: 3.0785561 | K16: 4.3226654 | L16: 3.3611535 | M16: 2.4645279 | N16: 3.0489075 | O16: 5.6252608 | P16: 5.0589913 | Q16: 4.616026 | R16: 4.0397252 | S16: 3.7720541 | T16: 2.3693995 | U16: =MIN(D16:T16) -> 2.3693995 | V16: =MAX(D16:T16) -> 5.6252608
B17: Trade balance in basic food as a ratio to total imports, 2017-2021, percentage | C17: high | D17: 11 | E17: 20.8 | F17: 13.3 | G17: 15.7 | H17: 15.7 | I17: 10.1 | J17: 19.6 | K17: 17.4 | L17: 19.6 | M17: 22.4 | N17: 0 | O17: 12.3 | P17: 19.7 | Q17: 15.6 | R17: 15.1 | S17: 14.6 | T17: 44.9 | U17: =MIN(D17:T17) -> 0 | V17: =MAX(D17:T17) -> 44.9
A18: Energy dependence | B18: Energy dependency as net energy imports as % of energy use | C18: lower | D18: 13.8 | E18: 37.9 | F18: 53.6 | G18: 38.9 | H18: 10.6 | I18: 68.752049 | J18: 56.6 | K18: 45.5 | L18: 74.9 | M18: 90 | N18: 28 | O18: 52 | P18: 42.8 | Q18: 28.2 | R18: 56.3 | S18: 45.8 | T18: 27 | U18: =MIN(D18:T18) -> 10.6 | V18: =MAX(D18:T18) -> 90
B19: Oil reserves billion barrels, 2021 | C19: higher | D19: 0.15 | E19: 0.02 | F19: 0.07 | G19: 0.02 | H19: 0 | I19: 0 | J19: 0.01 | K19: 0 | L19: 0.01 | M19: 0 | N19: 0 | O19: 0 | P19: 0.11 | Q19: 0.6 | R19: 0.01 | S19: 0 | T19: 0.4 | U19: =MIN(D19:T19) -> 0 | V19: =MAX(D19:T19) -> 0.6
B20: Oil production/oil consumption, percentage | C20: higher | D20: 55.555556 | E20: 1.1904762 | F20: 15.685714 | G20: 0.765 | H20: 0 | I20: =0.28/20*100 -> 1.4 | J20: 12.324138 | K20: 0 | L20: 1.2962963 | M20: 0 | N20: 0 | O20: 0 | P20: 3.3893281 | Q20: 31.916667 | R20: 0.054054054 | S20: 0 | T20: =6.67/257*100 -> 2.5953307 | U20: =MIN(D20:T20) -> 0 | V20: =MAX(D20:T20) -> 55.555556
B21: Fossil fuels electricity capacity, million kilowatts, 2021 | C21: higher | D21: 0.2 | E21: 3.81 | F21: 1.54 | G21: 12.38 | H21: 2.21 | I21: 0.99 | J21: 6.15 | K21: 1.27 | L21: 1.89 | M21: 0.68 | N21: 0.23 | O21: 1.11 | P21: 36.72 | Q21: 5.13 | R21: 2.65 | S21: 1.52 | T21: 28.66 | U21: =MIN(D21:T21) -> 0.2 | V21: =MAX(D21:T21) -> 36.72
B22: Wind electricity capacity, million kilowatts, 2021 | C22: higher | D22: 0 | E22: 0.71 | F22: 0.99 | G22: 0.34 | H22: 0.32 | I22: 0.02 | J22: 0.032 | K22: 0.08 | L22: 0.67 | M22: 0.05 | N22: 0.12 | O22: 0.04 | P22: 6.96 | Q22: 3.01 | R22: 0 | S22: 0 | T22: 1.76 | U22: =MIN(D22:T22) -> 0 | V22: =MAX(D22:T22) -> 6.96
B23: Solar electricity capacity, million kilowatts, 2021 | C23: higher | D23: 0.03 | E23: 1.19 | F23: 0.11 | G23: 2.12 | H23: 0.41 | I23: 0 | J23: 2.13 | K23: 0.01 | L23: 0.25 | M23: 0.01 | N23: 0.01 | O23: 0.09 | P23: 7.67 | Q23: 1.4 | R23: 0.54 | S23: 0.38 | T23: 8.06 | U23: =MIN(D23:T23) -> 0 | V23: =MAX(D23:T23) -> 8.06
B24: Hydroelectricity capacity, million kilowatts, 2021 | C24: higher | D24: 2.39 | E24: 1.73 | F24: 1.87 | G24: 1.11 | H24: 0 | I24: 3.46 | J24: 0.06 | K24: 1.59 | L24: 0.13 | M24: 0.08 | N24: 0.65 | O24: 0.64 | P24: 0.61 | Q24: 6.22 | R24: 1.51 | S24: 1.12 | T24: 4.43 | U24: =MIN(D24:T24) -> 0 | V24: =MAX(D24:T24) -> 6.22
B25: Nuclear electricity capacity, million kilowatts, 2021 | C25: higher | D25: 0 | E25: 2.01 | F25: 0 | G25: 3.93 | H25: 0 | I25: 0 | J25: 1.92 | K25: 0 | L25: 0 | M25: 0 | N25: 0 | O25: 0 | P25: 0 | Q25: 1.3 | R25: 1.87 | S25: 0.69 | T25: 13.11 | U25: =MIN(D25:T25) -> 0 | V25: =MAX(D25:T25) -> 13.11
B26: Geothermal electricity capacity, million kilowatts, 2021 | C26: higher | D26: 0 | E26: 0 | F26: 0.01 | G26: 0 | H26: 0 | I26: 0 | J26: 0 | K26: 0 | L26: 0 | M26: 0 | N26: 0 | O26: 0 | P26: 0 | Q26: 0 | R26: 0 | S26: 0 | T26: 0 | U26: =MIN(D26:T26) -> 0 | V26: =MAX(D26:T26) -> 0.01
A27: Economic openess | B27: Ratio of international trade to GDP | C27: Lower | D27: 37.463435 | E27: 68.543495 | F27: 60.647503 | G27: 74.839285 | H27: 85.501822 | I27: 52.898197 | J27: 90.377837 | K27: 70.341209 | L27: 87.56113 | M27: 40.88233 | N27: 52.681213 | O27: 74.894572 | P27: 61.718277 | Q27: 42.53707 | R27: 99.064425 | S27: 90.380292 | T27: 35.456619 | U27: =MIN(D27:T27) -> 35.456619 | V27: =MAX(D27:T27) -> 99.064425
B28: Exports as % to GDP | C28: lower | D28: 30.62 | E28: 61.33 | F28: 51.28 | G28: 72.73 | H28: 78.3 | I28: 43.19 | J28: 81.55 | K28: 63.47 | L28: 80.49 | M28: 30.62 | N28: 42.83 | O28: 66.21 | P28: 57.91 | Q28: 40.85 | R28: 93.8 | S28: 83.63 | T28: 40.75 | U28: =MIN(D28:T28) -> 30.62 | V28: =MAX(D28:T28) -> 93.8
B29: Imports as % GDP | C29: lower | D29: 43.91 | E29: 59.65 | F29: 52.75 | G29: 69.77 | H29: 78.66 | I29: 59.63 | J29: 81.24 | K29: 66.9 | L29: 75.97 | M29: 57.99 | N29: 62.2 | O29: 82.25 | P29: 54.53 | Q29: 46.51 | R29: 94.03 | S29: 77.29 | T29: 41.87 | U29: =MIN(D29:T29) -> 41.87 | V29: =MAX(D29:T29) -> 94.03
B30: FDI % of GDP | C30: higher | D30: 6.68 | E30: 2.53 | F30: 6.76 | G30: 2.7 | H30: 19.79 | I30: 6.8 | J30: 16.14 | K30: 9.34 | L30: 4.43 | M30: 2.86 | N30: 11.84 | O30: 5.04 | P30: 5.46 | Q30: 4.13 | R30: 0.83 | S30: 3.48 | T30: 3.98 | U30: =MIN(D30:T30) -> 0.83 | V30: =MAX(D30:T30) -> 19.79
B31: Logistic performance index quality of trade and transport related infrastructure | C31: Higher | D31: 2.7 | E31: 3.1 | F31: 3 | G31: 3 | H31: 3.5 | I31: 2.3 | J31: 3.1 | K31: 3.3 | L31: 3.5 | M31: 1.9 | N31: 2.5 | O31: 3 | P31: 3.5 | Q31: 2.9 | R31: 3.3 | S31: 3.6 | T31: 2.4 | U31: =MIN(D31:T31) -> 1.9 | V31: =MAX(D31:T31) -> 3.6
B32: Competence and quality of logistic services 2022 | C32: Higher | D32: 2.3 | E32: 3.3 | F32: 3.4 | G32: 3.6 | H32: 3.7 | I32: 2.6 | J32: 3.1 | K32: 3.7 | L32: 3.6 | M32: 2.8 | N32: 2.8 | O32: 3.2 | P32: 3.6 | Q32: 3.3 | R32: 3.4 | S32: 3.3 | T32: 2.6 | U32: =MIN(D32:T32) -> 2.3 | V32: =MAX(D32:T32) -> 3.7
A33: Logistic & infrastructure | B33: Efficiency of customs clearance process 2022 | C33: Higher | D33: 2.4 | E33: 3.1 | F33: 3 | G33: 3 | H33: 3.2 | I33: 2.6 | J33: 2.7 | K33: 3.3 | L33: 3.2 | M33: 1.9 | N33: 2.6 | O33: 3.1 | P33: 3.4 | Q33: 2.7 | R33: 3.2 | S33: 3.4 | T33: 2.4 | U33: =MIN(D33:T33) -> 1.9 | V33: =MAX(D33:T33) -> 3.4
B34: Quality of railroad infrastructure 2019 | C34: Higher | D34: 1.2 | E34: 3.1 | F34: 2.4 | G34: 4.5 | H34: 3.1 | I34: 3.9 | J34: 3.8 | K34: 4.6 | L34: 4.6 | M34: 3 | N34: 3.1 | O34: 2.1 | P34: 3.9 | Q34: 2.8 | R34: 4 | S34: 3.1 | T34: 4.2 | U34: =MIN(D34:T34) -> 1.2 | V34: =MAX(D34:T34) -> 4.6
B35: Quality of road infrastructure 2019 | C35: Higher | D35: 3.9 | E35: 3.4 | F35: 5.6 | G35: 3.9 | H35: 4.7 | I35: 3.8 | J35: 4 | K35: 3.6 | L35: 4.8 | M35: 2.6 | N35: 3.9 | O35: 3.4 | P35: 4.3 | Q35: 3 | R35: 4 | S35: 4.9 | T35: 3 | U35: =MIN(D35:T35) -> 2.6 | V35: =MAX(D35:T35) -> 5.6
B36: Quallity of port infrastructure 2019 For landlocked countries, access to port facilities and inland waterways | C36: Higher | D36: 4.3 | E36: 4.3 | F36: 4.7 | G36: 3.2 | H36: 5.6 | I36: 3.8 | J36: 3.2 | K36: 4.9 | L36: 4.8 | M36: 2.3 | N36: 4.2 | O36: 2.4 | P36: 4.5 | Q36: 3.9 | R36: 3.1 | S36: 4.7 | T36: 3.9 | U36: =MIN(D36:T36) -> 2.3 | V36: =MAX(D36:T36) -> 5.6
B37: Quality air transport infrastructure 2019 | C37: Higher | D37: 4.1 | E37: 4.5 | F37: 4.8 | G37: 5 | H37: 4.6 | I37: 4.4 | J37: 4.6 | K37: 5.7 | L37: 4.9 | M37: 4.4 | N37: 4.6 | O37: 4.3 | P37: 4.8 | Q37: 4.6 | R37: 3.8 | S37: 4.6 | T37: 4 | U37: =MIN(D37:T37) -> 3.8 | V37: =MAX(D37:T37) -> 5.7
B38: Banking system z score | C38: higher | D38: 19.06 | E38: 7.87 | F38: 7.39 | G38: 10.34 | H38: 8.42 | I38: 7.91 | J38: 7.07 | K38: 7.11 | L38: 5.12 | M38: 8.72 | N38: 8.93 | O38: 9.52 | P38: 7.05 | Q38: 10.34 | R38: 18.93 | S38: 4.49 | T38: 5.18 | U38: =MIN(D38:T38) -> 4.49 | V38: =MAX(D38:T38) -> 19.06
B39: Bank liquid assets to deposits and short-term funding, 2021 | C39: higher | D39: 48.97 | E39: 37.11 | F39: 44.65 | G39: 35.42 | H39: 25.76 | I39: 21.27 | J39: 40.13 | K39: 47.38 | L39: 55.34 | M39: 34.74 | N39: 36.7 | O39: 30.95 | P39: 29.46 | Q39: 40.43 | R39: 11.01 | S39: 35.44 | T39: 41.25 | U39: =MIN(D39:T39) -> 11.01 | V39: =MAX(D39:T39) -> 55.34
A40: Financial stability | B40: Non-performing loans as percent of all bank loans, 2021 | C40: lower | D40: 5.39 | E40: 5.8 | F40: 5.7 | G40: 1.72 | H40: 1.09 | I40: 1.88 | J40: 3.66 | K40: 2.47 | L40: 0.51 | M40: 6.13 | N40: 6.83 | O40: 3.13 | P40: 2.87 | Q40: 3.35 | R40: 2.12 | S40: 2.06 | T40: 31.72 | U40: =MIN(D40:T40) -> 0.51 | V40: =MAX(D40:T40) -> 31.72
B41: Banking system concentration % of bank assets held by top three banks, 2021 | C41: lower | D41: 74.01 | E41: 63.99 | F41: 66.84 | G41: 63.22 | H41: 91.37 | I41: 84.25 | J41: 60.92 | K41: 74.56 | L41: 98.73 | M41: 70.64 | N41: 83.19 | O41: 97.39 | P41: 49.9 | Q41: 67.41 | R41: 78.92 | S41: 66.49 | T41: 63.57 | U41: =MIN(D41:T41) -> 49.9 | V41: =MAX(D41:T41) -> 98.73
B42: Foreign exchange reserves including gold, as % of GDP | C42: higher | D42: =5.63/18.26*100 -> 30.832421 | E42: =39.19/84.06*100 -> 46.621461 | F42: =28.31/68.96*100 -> 41.052784 | G42: =173.62/281.78*100 -> 61.615445 | H42: =2.37/37.19*100 -> 6.3726808 | I42: =4.27/18.36*100 -> 23.257081 | J42: =43.48/181.85*100 -> 23.909816 | K42: =5.49/39.85*100 -> 13.776662 | L42: =5.58/66.45*100 -> 8.3972912 | M42: =3.9/13.68*100 -> 28.508772 | N42: =1.98/5.86*100 -> 33.788396 | O42: =4.13/13.83*100 -> 29.862617 | P42: =166.03/679.44*100 -> 24.4363 | Q42: =51.89/284.09*100 -> 18.265338 | R42: =9.61/116.53*100 -> 8.2468034 | S42: =2.27/61.75*100 -> 3.6761134 | T42: =30.97/200.09*100 -> 15.478035 | U42: =MIN(D42:T42) -> 3.6761134 | V42: =MAX(D42:T42) -> 61.615445
B43: Domestic credit to private sector (% of GDP) | C43: lower | D43: 36.640259 | E43: 48.335079 | F43: 53.731594 | G43: 59.31007 | H43: 73.76784 | I43: 73.8 | J43: 38.624851 | K43: 37.55065 | L43: 31.193079 | M43: 28.530935 | N43: 56.196791 | O43: 52.270984 | P43: 46.382626 | Q43: 26.45809 | R43: 66.13023 | S43: 40.962883 | T43: 23.555649 | U43: =MIN(D43:T43) -> 23.555649 | V43: =MAX(D43:T43) -> 73.8
B44: Gross domestic savings (% of GDP) | C44: higher | D44: 18.24313 | E44: 25.722711 | F44: 37.070092 | G44: 34.824637 | H44: 14.758363 | I44: 25.943718 | J44: 34.085344 | K44: 28.933371 | L44: 24.130657 | M44: 1.1296632 | N44: 18.186929 | O44: 10.132773 | P44: 29.276285 | Q44: 25.429193 | R44: 22.074045 | S44: 30.346361 | T44: -0.0028516433 | U44: =MIN(D44:T44) -> -0.0028516433 | V44: =MAX(D44:T44) -> 37.070092
B45: Household debt, loans and debt securities % GDP | C45: low | D45: 12.29 | E45: 24.95 | F45: 34.74 | G45: 34.38 | H45: 37.85 | I45: 41.8 | J45: 20.69 | K45: 19.82 | L45: 23.89 | M45: 12 | N45: 29.8 | O45: 30.34 | P45: 32.35 | Q45: 13.91 | R45: 48.53 | S45: 26.37 | T45: 4.67 | U45: =MIN(D45:T45) -> 4.67 | V45: =MAX(D45:T45) -> 48.53
B46: Mortgage credit as % of GDP | C46: low | D46: 9.14 | E46: 9.58 | F46: 15.9 | G46: 25.1 | H46: 43.3 | I46: 25.9 | J46: 7.94 | K46: 15.7 | L46: 58.9 | M46: 2.2 | N46: 10.1 | O46: 15.7 | P46: 18.1 | Q46: 9.48 | R46: 36.7 | S46: 13.9 | T46: 0.68 | U46: =MIN(D46:T46) -> 0.68 | V46: =MAX(D46:T46) -> 58.9
A47: Sustainable economic development | B47: Economic freedom, overall index (0-100) 2021 | C47: higher | D47: 65 | E47: 70 | F47: 64 | G47: 74 | H47: 78 | I47: 69 | J47: 67 | K47: 72 | L47: 77 | M47: 59 | N47: 63 | O47: 66 | P47: 70 | Q47: 70 | R47: 66 | S47: 68 | T47: 56.2 | U47: =MIN(D47:T47) -> 56.2 | V47: =MAX(D47:T47) -> 78
B48: Remitances as % GDP | C48: low | D48: 9.41 | E48: 2.35 | F48: 7.29 | G48: 1.56 | H48: 1.56 | I48: 15.66 | J48: 1.99 | K48: 3.31 | L48: 1.17 | M48: 14.13 | N48: 13.52 | O48: 3.54 | P48: 1.05 | Q48: 3.21 | R48: 2.08 | S48: 1.21 | T48: 10.41 | U48: =MIN(D48:T48) -> 1.05 | V48: =MAX(D48:T48) -> 15.66
B49: Unequal economic development index | C49: lower | D49: 2.6 | E49: 4.3 | F49: 2.7 | G49: 1.9 | H49: 2.7 | I49: 4.4 | J49: 2.6 | K49: 3.6 | L49: 4 | M49: 3.6 | N49: 2.3 | O49: 4.4 | P49: 2.2 | Q49: 3.9 | R49: 2.3 | S49: 2.6 | T49: 4.9 | U49: =MIN(D49:T49) -> 1.9 | V49: =MAX(D49:T49) -> 4.9
B50: Shadow economy as % of GDP | C50: lower | D50: 26.21 | E50: 20.83 | F50: 22.96 | G50: 10.47 | H50: 18.49 | I50: 53.07 | J50: 20.49 | K50: 16.62 | L50: 18.65 | M50: 39.68 | N50: 27.78 | O50: 27.78 | P50: 16.67 | Q50: 22.94 | R50: 11.18 | S50: 20.21 | T50: 42.9 | U50: =MIN(D50:T50) -> 10.47 | V50: =MAX(D50:T50) -> 53.07
B51: Cost of starting business | C51: lower | D51: 10.8 | E51: 1 | F51: 6.2 | G51: 1.1 | H51: 1 | I51: 2.1 | J51: 4.5 | K51: 1.5 | L51: 0.5 | M51: 4 | N51: 1.2 | O51: 3.1 | P51: 11.6 | Q51: 0.3 | R51: 1 | S51: 0 | T51: 0.5 | U51: =MIN(D51:T51) -> 0 | V51: =MAX(D51:T51) -> 11.6
B52: Economic decline 2007-2023 | C52: lower | D52: 6.1 | E52: 4.4 | F52: 5.7 | G52: 4.4 | H52: 3.2 | I52: 5.3 | J52: 4.4 | K52: 3.9 | L52: 3.7 | M52: 6.4 | N52: 5.8 | O52: 6.3 | P52: 3.6 | Q52: 4 | R52: 4.1 | S52: 3.2 | T52: 8.5 | U52: =MIN(D52:T52) -> 3.2 | V52: =MAX(D52:T52) -> 8.5
B53: Tax revenue as % of GDP 2021 | C53: higher | D53: 18.2 | E53: 20.62 | F53: 46.4 | G53: 13.36 | H53: 21.42 | I53: 21.73 | J53: 21.46 | K53: 21.77 | L53: 21.39 | M53: 18.39 | N53: 22.1 | O53: 17.61 | P53: 19.21 | Q53: 14.99 | R53: 19.29 | S53: 18.3 | T53: 19.08 | U53: =MIN(D53:T53) -> 13.36 | V53: =MAX(D53:T53) -> 46.4
B54: Competitiveness | C54: higher | D54: 57.7 | E54: 64.9 | F54: 61.9 | G54: 70.9 | H54: 70.9 | I54: 60.6 | J54: 65.1 | K54: 67 | L54: 68.4 | M54: 56.7 | N54: 60.8 | O54: 57.3 | P54: 68.9 | Q54: 64.4 | R54: 66.8 | S54: 70.2 | T54: 57 | U54: =MIN(D54:T54) -> 56.7 | V54: =MAX(D54:T54) -> 70.9
B55: Fiscal balance-to-GDP ratio | C55: High | D55: 12.88 | E55: 13.88 | F55: 17.08 | G55: 13.04 | H55: 15.78 | I55: 13.68 | J55: 10.48 | K55: 12.28 | L55: 16.08 | M55: 14.06 | N55: 14.97 | O55: 11.54 | P55: 12.98 | Q55: 10.48 | R55: 14.68 | S55: 12.78 | T55: 0 | U55: =MIN(D55:T55) -> 0 | V55: =MAX(D55:T55) -> 17.08
B56: Unemployment, total (% of total labor force) | C56: lower | D56: 12.683 | E56: 5.27 | F56: 2.81 | G56: 7.61 | H56: 6.18 | I56: 12.208 | J56: 4.05 | K56: 7.51 | L56: 7.11 | M56: 3.23 | N56: 16.87 | O56: 15.78 | P56: 3.36 | Q56: 5.59 | R56: 6.83 | S56: 4.74 | T56: 9.83 | U56: =MIN(D56:T56) -> 2.81 | V56: =MAX(D56:T56) -> 16.87
B57: Inflation rate | C57: lower | D57: 6.7252027 | E57: 15.325259 | F57: 15.100165 | G57: 10.780581 | H57: 19.398263 | I57: 11.898165 | J57: 14.608144 | K57: 17.310283 | L57: 19.705046 | M57: 28.737298 | N57: 13.040304 | O57: 14.204717 | P57: 14.429451 | Q57: 13.795489 | R57: 12.774146 | S57: 8.8336989 | T57: 20.183637 | U57: =MIN(D57:T57) -> 6.7252027 | V57: =MAX(D57:T57) -> 28.737298
B58: External debt-to-GDP ratio | C58: lower | D58: 73.17 | E58: 32.85 | F58: 77.74 | G58: 43.56 | H58: 17.69 | I58: 39.7 | J58: 75.2 | K58: 46.43 | L58: 43.39 | M58: 32.15 | N58: 82.54 | O58: 51.65 | P58: 43.4 | Q58: 49.32 | R58: 67.37 | S58: 68.72 | T58: 48.94 | U58: =MIN(D58:T58) -> 17.69 | V58: =MAX(D58:T58) -> 82.54
B59: Government debt as percent of GDP | C59: lower | D59: 73.18 | E59: 23.9 | F59: 87 | G59: 42.02 | H59: 17.6 | I59: 62.6 | J59: 76.6 | K59: 43.7 | L59: 36.3 | M59: 32.2 | N59: 84.75 | O59: 52.01 | P59: 53.6 | Q59: 48.6 | R59: 61 | S59: 74.5 | T59: 48.9 | U59: =MIN(D59:T59) -> 17.6 | V59: =MAX(D59:T59) -> 87
A60: Macroecononomic stability | B60: Capital investment as percent of GDP | C60: higher | D60: 24.12 | E60: 21.07 | F60: 24.11 | G60: 30.18 | H60: 30.35 | I60: 23.86 | J60: 30.5 | K60: 25.78 | L60: 19.67 | M60: 28.67 | N60: 26.65 | O60: 32.33 | P60: 21.49 | Q60: 25.91 | R60: 21.51 | S60: 21.89 | T60: 13.82 | U60: =MIN(D60:T60) -> 13.82 | V60: =MAX(D60:T60) -> 32.33
B61: Household consumption as percent of GDP | C61: lower | D61: 74.56 | E61: 58.3 | F61: 58.89 | G61: 45.36 | H61: 48.15 | I61: 80.72 | J61: 48.32 | K61: 57.04 | L61: 58.28 | M61: 82.07 | N61: 73 | O61: 67.71 | P61: 56.33 | Q61: 62.31 | R61: 57.22 | S61: 51.12 | T61: 69.26 | U61: =MIN(D61:T61) -> 45.36 | V61: =MAX(D61:T61) -> 82.07
B62: Tax revenue, percent of GDP | C62: higher | D62: 17.87 | E62: 20.62 | F62: 20.11 | G62: 13.36 | H62: 21.42 | I62: 21.41 | J62: 21.51 | K62: 21.7 | L62: 21.38 | M62: 18.4 | N62: 22.1 | O62: 17.61 | P62: 19.21 | Q62: 15.05 | R62: 19.64 | S62: 18.3 | T62: 19.05 | U62: =MIN(D62:T62) -> 13.36 | V62: =MAX(D62:T62) -> 22.1
B63: Value added by industry as percent of GDP 2021 | C63: higher | D63: 21.82 | E63: 20.85 | F63: 19.79 | G63: 30.27 | H63: 23.11 | I63: 21.37 | J63: 24.25 | K63: 19.88 | L63: 25.3 | M63: 50.18 | N63: 14.84 | O63: 44.58 | P63: 27.86 | Q63: 27.78 | R63: 28.19 | S63: 28.48 | T63: 23.46 | U63: =MIN(D63:T63) -> 14.84 | V63: =MAX(D63:T63) -> 50.18
B64: Value added by the manufacturing sector as percent of GDP 2021 | C64: higher | D64: 6.23 | E64: 14.37 | F64: 11.4 | G64: 21.08 | H64: 12.72 | I64: 9.87 | J64: 16.95 | K64: 11.97 | L64: 16.12 | M64: 25.7 | N64: 3.85 | O64: 14 | P64: 16.72 | Q64: 15.56 | R64: 19.74 | S64: 20.03 | T64: 10.3 | U64: =MIN(D64:T64) -> 3.85 | V64: =MAX(D64:T64) -> 25.7
B65: Value added in the services sector as percent of GDP 2021 | C65: higher | D65: 47.71 | E65: 62.27 | F65: 60.4 | G65: 58.75 | H65: 62.54 | I65: 59.51 | J65: 57.01 | K65: 63.68 | L65: 60.74 | M65: 24.5 | N65: 59.86 | O65: 56.9 | P65: 56.9 | Q65: 58.2 | R65: 59.14 | S65: 57.71 | T65: 51.84 | U65: =MIN(D65:T65) -> 24.5 | V65: =MAX(D65:T65) -> 63.68
B66: EU membership | C66: yes | D66: 0 | E66: 1 | F66: 1 | G66: 1 | H66: 1 | I66: 0 | J66: 1 | K66: 1 | L66: 1 | M66: 0 | N66: 0 | O66: 0 | P66: 1 | Q66: 1 | R66: 1 | S66: 1 | T66: 0 | U66: =MIN(D66:T66) -> 0 | V66: =MAX(D66:T66) -> 1
B67: Expenditure on R&D as % GDP 2021 | C67: higher | D67: 0.15412 | E67: 0.85351002 | F67: 1.24844 | G67: 1.99104 | H67: 1.79247 | I67: 0.3008 | J67: 1.6076601 | K67: 0.70550001 | L67: 1.15528 | M67: 0.22754 | N67: 0.36328 | O67: 0.37560001 | P67: 1.39205 | Q67: 0.47033 | R67: 0.91109002 | S67: 2.1473501 | T67: 0.40608001 | U67: =MIN(D67:T67) -> 0.15412 | V67: =MAX(D67:T67) -> 2.1473501
B68: Information technology exports, percent of total goods exports, 2021 | C68: higher | D68: 0.04 | E68: 3.32 | F68: 2.04 | G68: 15.51 | H68: 9.8 | I68: 1.5 | J68: 12.29 | K68: 8.89 | L68: 3.43 | M68: 0.18 | N68: 1.17 | O68: 0.6 | P68: 6.78 | Q68: 3.04 | R68: 12.01 | S68: 2.06 | T68: 0.68 | U68: =MIN(D68:T68) -> 0.04 | V68: =MAX(D68:T68) -> 15.51
B69: ICT sector share in GDP | C69: higher | D69: 2.9 | E69: 5.76 | F69: 4.05 | G69: 4.12 | H69: 4.66 | I69: 4.1 | J69: 4.26 | K69: 4.55 | L69: 3.07 | M69: 5.1 | N69: 4 | O69: 2.86 | P69: 3.24 | Q69: 3.49 | R69: 3.67 | S69: 3.25 | T69: 4 | U69: =MIN(D69:T69) -> 2.86 | V69: =MAX(D69:T69) -> 5.76
B70: Government support to digital development | C70: higher | D70: 3.8 | E70: 3.9 | F70: 2.9 | G70: 3 | H70: 7.9 | I70: 4.1 | J70: 3.1 | K70: 4 | L70: 5.3 | M70: 3.7 | N70: 4.9 | O70: 6.6 | P70: 2.7 | Q70: 2.8 | R70: 3.5 | S70: 3.5 | T70: 2.9 | U70: =MIN(D70:T70) -> 2.7 | V70: =MAX(D70:T70) -> 7.9
B71: Innovations index (0-100) 2021 | C71: higher | D71: 28 | E71: 42.4 | F71: 37.3 | G71: 49 | H71: 49.9 | I71: 32.4 | J71: 42.7 | K71: 40 | L71: 39.9 | M71: 32.3 | N71: 35.4 | O71: 34.1 | P71: 39.9 | Q71: 35.6 | R71: 40.2 | S71: 44.1 | T71: 35.6 | U71: =MIN(D71:T71) -> 28 | V71: =MAX(D71:T71) -> 49.9
B72: Financial literacy in adults % | C72: higher | D72: 14 | E72: 35 | F72: 44 | G72: 58 | H72: 54 | I72: 30 | J72: 54 | K72: 48 | L72: 39 | M72: 27 | N72: 48 | O72: 21 | P72: 42 | Q72: 22 | R72: 48 | S72: 44 | T72: 40 | U72: =MIN(D72:T72) -> 14 | V72: =MAX(D72:T72) -> 58
A73: Innovation and IT | B73: Digital skills among population | C73: higher | D73: 3.99 | E73: 4.65 | F73: 3.72 | G73: 4.78 | H73: 5.43 | I73: 3.66 | J73: 3.97 | K73: 4.79 | L73: 4.85 | M73: 4.45 | N73: 4.32 | O73: 3.67 | P73: 4.27 | Q73: 4.49 | R73: 4.59 | S73: 4.83 | T73: 4.45 | U73: =MIN(D73:T73) -> 3.66 | V73: =MAX(D73:T73) -> 5.43
B74: Adult participation rate in life long learning % population age 25 to 64 | C74: higher | D74: 2 | E74: 1.8 | F74: 5.1 | G74: 5.8 | H74: 18.4 | I74: 0 | J74: 5.9 | K74: 8.6 | L74: 8.5 | M74: 0 | N74: 2.8 | O74: 2.8 | P74: 5.4 | Q74: 4.9 | R74: 4.8 | S74: 18.9 | T74: 0 | U74: =MIN(D74:T74) -> 0 | V74: =MAX(D74:T74) -> 18.9
B75: Government expenditure on education, total (% of GDP) 2020 | C75: higher | D75: 3.0999999 | E75: 4.04 | F75: 5.0799999 | G75: 6.5799999 | H75: 3.85008 | I75: 5.54 | J75: 4.7600002 | K75: 3.9721501 | L75: 5.9699998 | M75: 6.38872 | N75: 4.2 | O75: 3.76 | P75: 5.1900001 | Q75: 3.6900001 | R75: 4.6100001 | S75: 5.7600002 | T75: 5.3823199 | U75: =MIN(D75:T75) -> 3.0999999 | V75: =MAX(D75:T75) -> 6.5799999
B76: Human Capital Index (HCI), Upper Bound (scale 0-1) | C76: higher | D76: 0.64347804 | E76: 0.62487638 | F76: 0.76156473 | G76: 0.7188518 | H76: 0.78871715 | I76: 0.57585484 | J76: 0.69152749 | K76: 0.71914279 | L76: 0.71515208 | M76: 0.59290183 | N76: 0.64069849 | O76: 0.56293809 | P76: 0.7628637 | Q76: 0.59622788 | R76: 0.67251205 | S76: 0.78094584 | T76: 0.64255542 | U76: =MIN(D76:T76) -> 0.56293809 | V76: =MAX(D76:T76) -> 0.78871715
B77: Human flight and brain drain index | C77: lower | D77: 8.3 | E77: 5.1 | F77: 5.8 | G77: 3.4 | H77: 4.4 | I77: 5.8 | J77: 1.7 | K77: 5.5 | L77: 5.3 | M77: 7.8 | N77: 4.9 | O77: 6.3 | P77: 4.6 | Q77: 5.3 | R77: 4.1 | S77: 3.7 | T77: 5.9 | U77: =MIN(D77:T77) -> 1.7 | V77: =MAX(D77:T77) -> 8.3
B78: GINI index degree of inequality in the distribution of income/wealth | C78: Lower | D78: 29.4 | E78: 40.5 | F78: 29.5 | G78: 26.2 | H78: 30.7 | I78: 34.5 | J78: 29.7 | K78: 36 | L78: 35.7 | M78: 25.7 | N78: 33.5 | O78: 36.8 | P78: 28.8 | Q78: 34.6 | R78: 23.2 | S78: 24 | T78: 25.6 | U78: =MIN(D78:T78) -> 23.2 | V78: =MAX(D78:T78) -> 40.5
B79: Dependent people as percent of the working age population 2021 | C79: lower | D79: 48.18 | E79: 57.27 | F79: 56.52 | G79: 57.37 | H79: 58.33 | I79: 55.4 | J79: 53.78 | K79: 59.34 | L79: 55.7 | M79: 50.18 | N79: 52.53 | O79: 44.58 | P79: 51.99 | Q79: 53.73 | R79: 49.5 | S79: 55.5 | T79: 48.42 | U79: =MIN(D79:T79) -> 44.58 | V79: =MAX(D79:T79) -> 59.34
B80: Poverty - share of population below 6.85$ per day % | C80: lower | D80: 10.94 | E80: 7.19 | F80: 2.38 | G80: 0.27 | H80: 1.41 | I80: 58.26 | J80: 2.54 | K80: 2.63 | L80: 1.64 | M80: 14.7 | N80: 18.46 | O80: 20.8 | P80: 2.63 | Q80: 10.93 | R80: 1.98 | S80: 0.14 | T80: 7.06 | U80: =MIN(D80:T80) -> 0.14 | V80: =MAX(D80:T80) -> 58.26
B81: Gender employment gap (difference between male and female labor force participation rate) | C81: lower | D81: 14.42 | E81: 12.97 | F81: 13.26 | G81: 16.12 | H81: 11.6 | I81: 18.08 | J81: 14.57 | K81: 12.99 | L81: 10.7 | M81: 10.15 | N81: 14.5 | O81: 22.63 | P81: 16.08 | Q81: 20.83 | R81: 11.33 | S81: 8.81 | T81: 15.11 | U81: =MIN(D81:T81) -> 8.81 | V81: =MAX(D81:T81) -> 22.63
B82: People at risk of social exclusion 2022 | C82: lower | D82: 44 | E82: 32.2 | F82: 19.9 | G82: 11.8 | H82: 25.2 | I82: 21.3 | J82: 18.4 | K82: 26 | L82: 24.6 | M82: 30 | N82: 22.6 | O82: 21.8 | P82: 15.9 | Q82: 34.4 | R82: 16.4 | S82: 13.3 | T82: 6 | U82: =MIN(D82:T82) -> 6 | V82: =MAX(D82:T82) -> 44
B83: Unequal economic development index | C83: lower | D83: 2.6 | E83: 4.3 | F83: 2.7 | G83: 1.9 | H83: 2.7 | I83: 4.3 | J83: 2.6 | K83: 3.6 | L83: 4 | M83: 3.9 | N83: 2.3 | O83: 4.4 | P83: 2.2 | Q83: 3.9 | R83: 2.3 | S83: 2.6 | T83: 2.9 | U83: =MIN(D83:T83) -> 1.9 | V83: =MAX(D83:T83) -> 4.4
A84: Governance effectiveness | B84: State legitimacy index | C84: lower | D84: 5.2 | E84: 3.4 | F84: 2.4 | G84: 4.2 | H84: 1.2 | I84: 8.3 | J84: 6.5 | K84: 2.1 | L84: 1.3 | M84: 5.2 | N84: 3.8 | O84: 4.8 | P84: 4 | Q84: 4.7 | R84: 3.5 | S84: 1.7 | T84: 6.5 | U84: =MIN(D84:T84) -> 1.2 | V84: =MAX(D84:T84) -> 8.3
B85: Public services index | C85: lower | D85: 4.1 | E85: 4.2 | F85: 3.4 | G85: 3.2 | H85: 2.2 | I85: 4.1 | J85: 3.1 | K85: 3.6 | L85: 4 | M85: 4.9 | N85: 4.1 | O85: 4.5 | P85: 3.3 | Q85: 5.3 | R85: 2.9 | S85: 2.7 | T85: 4.3 | U85: =MIN(D85:T85) -> 2.2 | V85: =MAX(D85:T85) -> 5.3
B86: Factionalized elites index | C86: lower | D86: 6.2 | E86: 5.3 | F86: 4.4 | G86: 5.3 | H86: 5.9 | I86: 9.1 | J86: 5.3 | K86: 4.3 | L86: 3 | M86: 7.8 | N86: 6.5 | O86: 7.3 | P86: 4.2 | Q86: 5.7 | R86: 4.7 | S86: 2 | T86: 8 | U86: =MIN(D86:T86) -> 2 | V86: =MAX(D86:T86) -> 9.1
B87: Rule of law index | C87: higher | D87: 0.4 | E87: 0.62 | F87: 0.92 | G87: 1.79 | H87: 2.09 | I87: 0.9 | J87: 1.19 | K87: 1.64 | L87: 1.77 | M87: 0.33 | N87: 0.6 | O87: 0.58 | P87: 1.1 | Q87: 1.07 | R87: 1.37 | S87: 1.69 | T87: 0 | U87: =MIN(D87:T87) -> 0 | V87: =MAX(D87:T87) -> 2.09
B88: Government effectiveness index | C88: higher | D88: 0.41 | E88: 0.27 | F88: 0.87 | G88: 1.52 | H88: 1.79 | I88: 1.16 | J88: 1.04 | K88: 1.28 | L88: 1.47 | M88: 0.01 | N88: 0.42 | O88: 0.33 | P88: 0.7 | Q88: 0.28 | R88: 0.94 | S88: 1.59 | T88: 0 | U88: =MIN(D88:T88) -> 0 | V88: =MAX(D88:T88) -> 1.79
B89: Control of corruption | C89: higher | D89: 0.21 | E89: 0.53 | F89: 0.97 | G89: 1.41 | H89: 2.31 | I89: 1.4 | J89: 0.81 | K89: 1.52 | L89: 1.62 | M89: 0.32 | N89: 0.75 | O89: 0.42 | P89: 1.34 | Q89: 0.73 | R89: 1.01 | S89: 1.49 | T89: 0 | U89: =MIN(D89:T89) -> 0 | V89: =MAX(D89:T89) -> 2.31
B90: Political stability index | C90: higher | D90: 1.21 | E90: 1.56 | F90: 1.71 | G90: 2.06 | H90: 1.86 | I90: 0.68 | J90: 1.96 | K90: 1.79 | L90: 1.92 | M90: 0.89 | N90: 0.95 | O90: 1.22 | P90: 1.61 | Q90: 1.63 | R90: 1.66 | S90: 1.86 | T90: 0 | U90: =MIN(D90:T90) -> 0 | V90: =MAX(D90:T90) -> 2.06
B91: Corruption Perceptions Index, 100 = no corruption | C91: higher | D91: 35 | E91: 42 | F91: 47 | G91: 54 | H91: 74 | I91: 56 | J91: 43 | K91: 59 | L91: 61 | M91: 36 | N91: 46 | O91: 39 | P91: 56 | Q91: 45 | R91: 52 | S91: 57 | T91: 32 | U91: =MIN(D91:T91) -> 32 | V91: =MAX(D91:T91) -> 74
B92: Defense expenditures per capita current USD | C92: higher | D92: 100.74118 | E92: 195.17361 | F92: 322.37512 | G92: 373.04911 | H92: 613.40133 | I92: 90.789663 | J92: 267.77497 | K92: 459.04833 | L92: 650.73975 | M92: 11.898783 | N92: 108.102 | O92: 156.0693 | P92: 439.13974 | Q92: 272.53877 | R92: 365.23087 | S92: 353.79641 | T92: 136.7 | U92: =MIN(D92:T92) -> 11.898783 | V92: =MAX(D92:T92) -> 650.73975
B93: Defene expenditures as share of government expenditures | C93: higher | D93: 0.051183319 | E93: 0.040599771 | F93: 0.039303581 | G93: 0.031733199 | H93: 0.053419248 | I93: 0.052644159 | J93: 0.033040738 | K93: 0.051581975 | L93: 0.064110549 | M93: 0.0087547448 | N93: 0.045949716 | O93: 0.039452583 | P93: 0.058400083 | Q93: 0.049705378 | R93: 0.038209629 | S93: 0.025480261 | T93: 7.32 | U93: =MIN(D93:T93) -> 0.0087547448 | V93: =MAX(D93:T93) -> 7.32
A94: Military | B94: Defense Industry Capacity Arms exports, million constant U.S. dollars, 2022 | C94: higher | D94: 0.51 | E94: 18 | F94: 4 | G94: 116 | H94: 6 | I94: 0.004 | J94: 0.49 | K94: 10 | L94: 29 | M94: 0 | N94: 5.85 | O94: 31 | P94: 452 | Q94: 187.62 | R94: 71 | S94: 38 | T94: 50 | U94: =MIN(D94:T94) -> 0 | V94: =MAX(D94:T94) -> 452
B95: Arms imports, total 2020-2022, millions USD | C95: higher | D95: 6 | E95: 51 | F95: 34 | G95: 112 | H95: 78 | I95: 9 | J95: 149 | K95: 76 | L95: 364 | M95: 0 | N95: 8 | O95: 6 | P95: 1119 | Q95: 511 | R95: 41 | S95: 9 | T95: 80 | U95: =MIN(D95:T95) -> 0 | V95: =MAX(D95:T95) -> 1119
B96: NATO membership | C96: higher | D96: 1 | E96: 1 | F96: 1 | G96: 1 | H96: 1 | I96: 0 | J96: 1 | K96: 1 | L96: 1 | M96: 0 | N96: 1 | O96: 1 | P96: 1 | Q96: 1 | R96: 1 | S96: 1 | T96: 0 | U96: =MIN(D96:T96) -> 0 | V96: =MAX(D96:T96) -> 1
B97: Diversification of Defense Suppliers no. suppliers (countries) total 2019-2022 | C97: higher | D97: 1 | E97: 6 | F97: 2 | G97: 8 | H97: 5 | I97: 1 | J97: 4 | K97: 5 | L97: 5 | M97: 0 | N97: 1 | O97: 1 | P97: 10 | Q97: 4 | R97: 3 | S97: 2 | T97: 6 | U97: =MIN(D97:T97) -> 0 | V97: =MAX(D97:T97) -> 10
B98: Active armed forces (thousands) | C98: higher | D98: 8 | E98: 37 | F98: 17 | G98: 27 | H98: 7 | I98: 21 | J98: 34 | K98: 9 | L98: 23 | M98: 5 | N98: 3 | O98: 5 | P98: 114 | Q98: 71 | R98: 18 | S98: 7 | T98: 196 | U98: =MIN(D98:T98) -> 3 | V98: =MAX(D98:T98) -> 196
B99: Defence Investments | C99: higher | D99: 404.1 | E99: 223.1 | F99: 345.24408 | G99: 666.92668 | H99: 185.39 | I99: 336 | J99: 962.87 | K99: 204 | L99: 247.65 | M99: 1.41 | N99: 53.5 | O99: 265.2 | P99: 4405.1 | Q99: 1030.572 | R99: 566.29 | S99: 98.026196 | T99: 1119.63 | U99: =MIN(D99:T99) -> 1.41 | V99: =MAX(D99:T99) -> 4405.1
U100: =MIN(D100:T100) -> 0 | V100: =MAX(D100:T100) -> 0
...

Sheet Normalized octombrie
B1: Index | C1: Best | D1: Albania | E1: Bulgaria | F1: Croatia | G1: Czech Republic | H1: Estonia | I1: Georgia | J1: Hungary | K1: Latvia | L1: Lithuania | M1: Moldova | N1: Montenegro | O1: North Macedonia | P1: Poland | Q1: Romania | R1: Slovakia | S1: Slovenia | T1: Ukraine | U1: Min | V1: Max | W1: Best green | X1: Worst red
A2: Economic complexity | B2: Economic Complexity Index | C2: higher | D2: =('Original Data'!D2-'Original Data'!$U$2)/('Original Data'!$V$2-'Original Data'!$U$2) -> 0 | E2: =('Original Data'!E2-'Original Data'!$U$2)/('Original Data'!$V$2-'Original Data'!$U$2) -> 0.42817392 | F2: =('Original Data'!F2-'Original Data'!$U$2)/('Original Data'!$V$2-'Original Data'!$U$2) -> 0.5058364 | G2: =('Original Data'!G2-'Original Data'!$U$2)/('Original Data'!$V$2-'Original Data'!$U$2) -> 1 | H2: =('Original Data'!H2-'Original Data'!$U$2)/('Original Data'!$V$2-'Original Data'!$U$2) -> 0.61660557 | I2: =('Original Data'!I2-'Original Data'!$U$2)/('Original Data'!$V$2-'Original Data'!$U$2) -> 0.14446479 | J2: =('Original Data'!J2-'Original Data'!$U$2)/('Original Data'!$V$2-'Original Data'!$U$2) -> 0.88585497 | K2: =('Original Data'!K2-'Original Data'!$U$2)/('Original Data'!$V$2-'Original Data'!$U$2) -> 0.48595396 | ... T2: =('Original Data'!T2-'Original Data'!$U$2)/('Original Data'!$V$2-'Original Data'!$U$2) -> 0.28019272 | U2: =MIN(D2:T2) -> 0 | V2: =MAX(D2:T2) -> 1
B3: Market concentration HH Market concentration index | C3: lower | D3: =('Original Data'!$V$3-'Original Data'!D3)/('Original Data'!$V$3-'Original Data'!$U$3) -> 0 | E3: =('Original Data'!$V$3-'Original Data'!E3)/('Original Data'!$V$3-'Original Data'!$U$3) -> 0.94117647 | F3: =('Original Data'!$V$3-'Original Data'!F3)/('Original Data'!$V$3-'Original Data'!$U$3) -> 0.88235294 | G3: =('Original Data'!$V$3-'Original Data'!G3)/('Original Data'!$V$3-'Original Data'!$U$3) -> 0.58823529 | H3: =('Original Data'!$V$3-'Original Data'!H3)/('Original Data'!$V$3-'Original Data'!$U$3) -> 0.88235294 | I3: =('Original Data'!$V$3-'Original Data'!I3)/('Original Data'!$V$3-'Original Data'!$U$3) -> 0.70588235 | J3: =('Original Data'!$V$3-'Original Data'!J3)/('Original Data'!$V$3-'Original Data'!$U$3) -> 0.70588235 | K3: =('Original Data'!$V$3-'Original Data'!K3)/('Original Data'!$V$3-'Original Data'!$U$3) -> 0.88235294 | ... T3: =('Original Data'!$V$3-'Original Data'!T3)/('Original Data'!$V$3-'Original Data'!$U$3) -> 1 | U3: =MIN(D3:T3) -> 0 | V3: =MAX(D3:T3) -> 1
A4: Foreign trade vulnerabilities | B4: Export partner concentration - main three leading destination markets for commodity exports as share of commodity exports (percentage) | C4: lower | D4: =('Original Data'!$V$4-'Original Data'!D4)/('Original Data'!$V$4-'Original Data'!$U$4) -> 0.17383947 | E4: =('Original Data'!$V$4-'Original Data'!E4)/('Original Data'!$V$4-'Original Data'!$U$4) -> 0.88774798 | F4: =('Original Data'!$V$4-'Original Data'!F4)/('Original Data'!$V$4-'Original Data'!$U$4) -> 1 | G4: =('Original Data'!$V$4-'Original Data'!G4)/('Original Data'!$V$4-'Original Data'!$U$4) -> 0.69772234 | H4: =('Original Data'!$V$4-'Original Data'!H4)/('Original Data'!$V$4-'Original Data'!$U$4) -> 0.76285667 | I4: =('Original Data'!$V$4-'Original Data'!I4)/('Original Data'!$V$4-'Original Data'!$U$4) -> 0.078765717 | J4: =('Original Data'!$V$4-'Original Data'!J4)/('Original Data'!$V$4-'Original Data'!$U$4) -> 0.78406616 | K4: =('Original Data'!$V$4-'Original Data'!K4)/('Original Data'!$V$4-'Original Data'!$U$4) -> 0.8687605 | ... T4: =('Original Data'!$V$4-'Original Data'!T4)/('Original Data'!$V$4-'Original Data'!$U$4) -> 0.42378349 | U4: =MIN(D4:T4) -> 0 | V4: =MAX(D4:T4) -> 1
B5: Import partner concentration main three trading partners for commodity imports as share of commodity imports | C5: lower | D5: =('Original Data'!$V$5-'Original Data'!D5)/('Original Data'!$V$5-'Original Data'!$U$5) -> 0.76631871 | E5: =('Original Data'!$V$5-'Original Data'!E5)/('Original Data'!$V$5-'Original Data'!$U$5) -> 0.85676332 | F5: =('Original Data'!$V$5-'Original Data'!F5)/('Original Data'!$V$5-'Original Data'!$U$5) -> 0.92972646 | G5: =('Original Data'!$V$5-'Original Data'!G5)/('Original Data'!$V$5-'Original Data'!$U$5) -> 0.72321877 | H5: =('Original Data'!$V$5-'Original Data'!H5)/('Original Data'!$V$5-'Original Data'!$U$5) -> 0.69533393 | I5: =('Original Data'!$V$5-'Original Data'!I5)/('Original Data'!$V$5-'Original Data'!$U$5) -> 0.39769069 | J5: =('Original Data'!$V$5-'Original Data'!J5)/('Original Data'!$V$5-'Original Data'!$U$5) -> 0.78121259 | K5: =('Original Data'!$V$5-'Original Data'!K5)/('Original Data'!$V$5-'Original Data'!$U$5) -> 0.72501307 | ... T5: =('Original Data'!$V$5-'Original Data'!T5)/('Original Data'!$V$5-'Original Data'!$U$5) -> 0.69760906 | U5: =MIN(D5:T5) -> 0 | V5: =MAX(D5:T5) -> 1
B6: Exports to Russian federation as % of total exports 2021 | C6: Lower | D6: =('Original Data'!$V$6-'Original Data'!D6)/('Original Data'!$V$6-'Original Data'!$U$6) -> 1 | E6: =('Original Data'!$V$6-'Original Data'!E6)/('Original Data'!$V$6-'Original Data'!$U$6) -> 0.913412 | F6: =('Original Data'!$V$6-'Original Data'!F6)/('Original Data'!$V$6-'Original Data'!$U$6) -> 0.9230778 | G6: =('Original Data'!$V$6-'Original Data'!G6)/('Original Data'!$V$6-'Original Data'!$U$6) -> 0.86791569 | H6: =('Original Data'!$V$6-'Original Data'!H6)/('Original Data'!$V$6-'Original Data'!$U$6) -> 0.55549733 | I6: =('Original Data'!$V$6-'Original Data'!I6)/('Original Data'!$V$6-'Original Data'!$U$6) -> 0 | J6: =('Original Data'!$V$6-'Original Data'!J6)/('Original Data'!$V$6-'Original Data'!$U$6) -> 0.89833333 | K6: =('Original Data'!$V$6-'Original Data'!K6)/('Original Data'!$V$6-'Original Data'!$U$6) -> 0.49406609 | ... T6: =('Original Data'!$V$6-'Original Data'!T6)/('Original Data'!$V$6-'Original Data'!$U$6) -> 0.64654767 | U6: =MIN(D6:T6) -> 0 | V6: =MAX(D6:T6) -> 1
B7: Imports from Russian federation as % of total imports 2021 | C7: Lower | D7: =('Original Data'!$V$7-'Original Data'!D7)/('Original Data'!$V$7-'Original Data'!$U$7) -> 0.89802199 | E7: =('Original Data'!$V$7-'Original Data'!E7)/('Original Data'!$V$7-'Original Data'!$U$7) -> 0.4971228 | F7: =('Original Data'!$V$7-'Original Data'!F7)/('Original Data'!$V$7-'Original Data'!$U$7) -> 0.9152234 | G7: =('Original Data'!$V$7-'Original Data'!G7)/('Original Data'!$V$7-'Original Data'!$U$7) -> 0.79873311 | H7: =('Original Data'!$V$7-'Original Data'!H7)/('Original Data'!$V$7-'Original Data'!$U$7) -> 0.226275 | I7: =('Original Data'!$V$7-'Original Data'!I7)/('Original Data'!$V$7-'Original Data'!$U$7) -> 0.31934982 | J7: =('Original Data'!$V$7-'Original Data'!J7)/('Original Data'!$V$7-'Original Data'!$U$7) -> 0.81453068 | K7: =('Original Data'!$V$7-'Original Data'!K7)/('Original Data'!$V$7-'Original Data'!$U$7) -> 0.39316007 | ... T7: =('Original Data'!$V$7-'Original Data'!T7)/('Original Data'!$V$7-'Original Data'!$U$7) -> 0.44339092 | U7: =MIN(D7:T7) -> 0 | V7: =MAX(D7:T7) -> 1
B8: Trade balance as % of GDP | C8: higher | D8: =('Original Data'!D8-'Original Data'!$U$8)/('Original Data'!$V$8-'Original Data'!$U$8) -> 0.42428697 | E8: =('Original Data'!E8-'Original Data'!$U$8)/('Original Data'!$V$8-'Original Data'!$U$8) -> 0.88326963 | F8: =('Original Data'!F8-'Original Data'!$U$8)/('Original Data'!$V$8-'Original Data'!$U$8) -> 0.79800059 | G8: =('Original Data'!G8-'Original Data'!$U$8)/('Original Data'!$V$8-'Original Data'!$U$8) -> 0.91767127 | H8: =('Original Data'!H8-'Original Data'!$U$8)/('Original Data'!$V$8-'Original Data'!$U$8) -> 0.84063511 | I8: =('Original Data'!I8-'Original Data'!$U$8)/('Original Data'!$V$8-'Original Data'!$U$8) -> 0.32931491 | J8: =('Original Data'!J8-'Original Data'!$U$8)/('Original Data'!$V$8-'Original Data'!$U$8) -> 0.85327845 | K8: =('Original Data'!K8-'Original Data'!$U$8)/('Original Data'!$V$8-'Original Data'!$U$8) -> 0.7697736 | ... T8: =('Original Data'!T8-'Original Data'!$U$8)/('Original Data'!$V$8-'Original Data'!$U$8) -> 0.75477801 | U8: =MIN(D8:T8) -> 0 | V8: =MAX(D8:T8) -> 1
B9: Trade balance, as % of imports | C9: higher | D9: =('Original Data'!D9-'Original Data'!$U$9)/('Original Data'!$V$9-'Original Data'!$U$9) -> 0.30591866 | E9: =('Original Data'!E9-'Original Data'!$U$9)/('Original Data'!$V$9-'Original Data'!$U$9) -> 0.90613653 | F9: =('Original Data'!F9-'Original Data'!$U$9)/('Original Data'!$V$9-'Original Data'!$U$9) -> 0.81771968 | G9: =('Original Data'!G9-'Original Data'!$U$9)/('Original Data'!$V$9-'Original Data'!$U$9) -> 0.93209877 | H9: =('Original Data'!H9-'Original Data'!$U$9)/('Original Data'!$V$9-'Original Data'!$U$9) -> 0.86220044 | I9: =('Original Data'!I9-'Original Data'!$U$9)/('Original Data'!$V$9-'Original Data'!$U$9) -> 0.34513435 | J9: =('Original Data'!J9-'Original Data'!$U$9)/('Original Data'!$V$9-'Original Data'!$U$9) -> 0.8718228 | K9: =('Original Data'!K9-'Original Data'!$U$9)/('Original Data'!$V$9-'Original Data'!$U$9) -> 0.79774873 | ... T9: =('Original Data'!T9-'Original Data'!$U$9)/('Original Data'!$V$9-'Original Data'!$U$9) -> 0.80392157 | U9: =MIN(D9:T9) -> 0 | V9: =MAX(D9:T9) -> 1
A10: Foreign trade dependence | B10: Export of high-tech goods, compared to overall exports, %, 2021 | C10: high | D10: =('Original Data'!D10-'Original Data'!$U$10)/('Original Data'!$V$10-'Original Data'!$U$10) -> 0 | E10: =('Original Data'!E10-'Original Data'!$U$10)/('Original Data'!$V$10-'Original Data'!$U$10) -> 0.49383061 | F10: =('Original Data'!F10-'Original Data'!$U$10)/('Original Data'!$V$10-'Original Data'!$U$10) -> 0.42138716 | G10: =('Original Data'!G10-'Original Data'!$U$10)/('Original Data'!$V$10-'Original Data'!$U$10) -> 1 | H10: =('Original Data'!H10-'Original Data'!$U$10)/('Original Data'!$V$10-'Original Data'!$U$10) -> 0.84100793 | I10: =('Original Data'!I10-'Original Data'!$U$10)/('Original Data'!$V$10-'Original Data'!$U$10) -> 0.088096827 | J10: =('Original Data'!J10-'Original Data'!$U$10)/('Original Data'!$V$10-'Original Data'!$U$10) -> 0.76882975 | K10: =('Original Data'!K10-'Original Data'!$U$10)/('Original Data'!$V$10-'Original Data'!$U$10) -> 0.88591194 | ... T10: =('Original Data'!T10-'Original Data'!$U$10)/('Original Data'!$V$10-'Original Data'!$U$10) -> 0.24969174 | U10: =MIN(D10:T10) -> 0 | V10: =MAX(D10:T10) -> 1
B11: Food imports as % of total imports | C11: lower | D11: =('Original Data'!$V$11-'Original Data'!D11)/('Original Data'!$V$11-'Original Data'!$U$11) -> 0.331633 | E11: =('Original Data'!$V$11-'Original Data'!E11)/('Original Data'!$V$11-'Original Data'!$U$11) -> 0.72001472 | F11: =('Original Data'!$V$11-'Original Data'!F11)/('Original Data'!$V$11-'Original Data'!$U$11) -> 0.57774797 | G11: =('Original Data'!$V$11-'Original Data'!G11)/('Original Data'!$V$11-'Original Data'!$U$11) -> 1 | H11: =('Original Data'!$V$11-'Original Data'!H11)/('Original Data'!$V$11-'Original Data'!$U$11) -> 0.74841132 | I11: =('Original Data'!$V$11-'Original Data'!I11)/('Original Data'!$V$11-'Original Data'!$U$11) -> 0.60351538 | J11: =('Original Data'!$V$11-'Original Data'!J11)/('Original Data'!$V$11-'Original Data'!$U$11) -> 0.98037557 | K11: =('Original Data'!$V$11-'Original Data'!K11)/('Original Data'!$V$11-'Original Data'!$U$11) -> 0.54475299 | ... T11: =('Original Data'!$V$11-'Original Data'!T11)/('Original Data'!$V$11-'Original Data'!$U$11) -> 0.74379468 | U11: =MIN(D11:T11) -> 0 | V11: =MAX(D11:T11) -> 1
B12: Fuel imports as % of total imports | C12: lower | D12: =('Original Data'!$V$12-'Original Data'!D12)/('Original Data'!$V$12-'Original Data'!$U$12) -> 0.57590158 | E12: =('Original Data'!$V$12-'Original Data'!E12)/('Original Data'!$V$12-'Original Data'!$U$12) -> 0.52703738 | F12: =('Original Data'!$V$12-'Original Data'!F12)/('Original Data'!$V$12-'Original Data'!$U$12) -> 0.34952198 | G12: =('Original Data'!$V$12-'Original Data'!G12)/('Original Data'!$V$12-'Original Data'!$U$12) -> 1 | H12: =('Original Data'!$V$12-'Original Data'!H12)/('Original Data'!$V$12-'Original Data'!$U$12) -> 0.40751052 | I12: =('Original Data'!$V$12-'Original Data'!I12)/('Original Data'!$V$12-'Original Data'!$U$12) -> 0.39048373 | J12: =('Original Data'!$V$12-'Original Data'!J12)/('Original Data'!$V$12-'Original Data'!$U$12) -> 0.72749004 | K12: =('Original Data'!$V$12-'Original Data'!K12)/('Original Data'!$V$12-'Original Data'!$U$12) -> 0.61999824 | ... T12: =('Original Data'!$V$12-'Original Data'!T12)/('Original Data'!$V$12-'Original Data'!$U$12) -> 0 | U12: =MIN(D12:T12) -> 0 | V12: =MAX(D12:T12) -> 1
B13: Manufactures goods imports as % of total imports | C13: lower | D13: =('Original Data'!$V$13-'Original Data'!D13)/('Original Data'!$V$13-'Original Data'!$U$13) -> 0.73077609 | E13: =('Original Data'!$V$13-'Original Data'!E13)/('Original Data'!$V$13-'Original Data'!$U$13) -> 0.94957536 | F13: =('Original Data'!$V$13-'Original Data'!F13)/('Original Data'!$V$13-'Original Data'!$U$13) -> 0.69202971 | G13: =('Original Data'!$V$13-'Original Data'!G13)/('Original Data'!$V$13-'Original Data'!$U$13) -> 0 | H13: =('Original Data'!$V$13-'Original Data'!H13)/('Original Data'!$V$13-'Original Data'!$U$13) -> 0.85532442 | I13: =('Original Data'!$V$13-'Original Data'!I13)/('Original Data'!$V$13-'Original Data'!$U$13) -> 0.87762866 | J13: =('Original Data'!$V$13-'Original Data'!J13)/('Original Data'!$V$13-'Original Data'!$U$13) -> 0.22101243 | K13: =('Original Data'!$V$13-'Original Data'!K13)/('Original Data'!$V$13-'Original Data'!$U$13) -> 1 | ... T13: =('Original Data'!$V$13-'Original Data'!T13)/('Original Data'!$V$13-'Original Data'!$U$13) -> 0.7070958 | U13: =MIN(D13:T13) -> 0 | V13: =MAX(D13:T13) -> 1
B14: Electronic excluding parts and components imports as % of total imports | C14: lower | D14: =('Original Data'!$V$14-'Original Data'!D14)/('Original Data'!$V$14-'Original Data'!$U$14) -> 0.85218847 | E14: =('Original Data'!$V$14-'Original Data'!E14)/('Original Data'!$V$14-'Original Data'!$U$14) -> 0.8267161 | F14: =('Original Data'!$V$14-'Original Data'!F14)/('Original Data'!$V$14-'Original Data'!$U$14) -> 0.78817093 | G14: =('Original Data'!$V$14-'Original Data'!G14)/('Original Data'!$V$14-'Original Data'!$U$14) -> 0 | H14: =('Original Data'!$V$14-'Original Data'!H14)/('Original Data'!$V$14-'Original Data'!$U$14) -> 0.85076236 | I14: =('Original Data'!$V$14-'Original Data'!I14)/('Original Data'!$V$14-'Original Data'!$U$14) -> 0.76669743 | J14: =('Original Data'!$V$14-'Original Data'!J14)/('Original Data'!$V$14-'Original Data'!$U$14) -> 0.64954623 | K14: =('Original Data'!$V$14-'Original Data'!K14)/('Original Data'!$V$14-'Original Data'!$U$14) -> 0.64273813 | ... T14: =('Original Data'!$V$14-'Original Data'!T14)/('Original Data'!$V$14-'Original Data'!$U$14) -> 0.74164803 | U14: =MIN(D14:T14) -> 0 | V14: =MAX(D14:T14) -> 1
B15: Parts and components for electrical and electronic goods imports as % of total imports | C15: lower | D15: =('Original Data'!$V$15-'Original Data'!D15)/('Original Data'!$V$15-'Original Data'!$U$15) -> 1 | E15: =('Original Data'!$V$15-'Original Data'!E15)/('Original Data'!$V$15-'Original Data'!$U$15) -> 0.70038286 | F15: =('Original Data'!$V$15-'Original Data'!F15)/('Original Data'!$V$15-'Original Data'!$U$15) -> 0.87858845 | G15: =('Original Data'!$V$15-'Original Data'!G15)/('Original Data'!$V$15-'Original Data'!$U$15) -> 0.017436426 | H15: =('Original Data'!$V$15-'Original Data'!H15)/('Original Data'!$V$15-'Original Data'!$U$15) -> 0.56883703 | I15: =('Original Data'!$V$15-'Original Data'!I15)/('Original Data'!$V$15-'Original Data'!$U$15) -> 0.95765551 | J15: =('Original Data'!$V$15-'Original Data'!J15)/('Original Data'!$V$15-'Original Data'!$U$15) -> 0 | K15: =('Original Data'!$V$15-'Original Data'!K15)/('Original Data'!$V$15-'Original Data'!$U$15) -> 0.69797741 | ... T15: =('Original Data'!$V$15-'Original Data'!T15)/('Original Data'!$V$15-'Original Data'!$U$15) -> 0.82449433 | U15: =MIN(D15:T15) -> 0 | V15: =MAX(D15:T15) -> 1
B16: Iron and steel imports as % of total imports | C16: lower | D16: =('Original Data'!$V$16-'Original Data'!D16)/('Original Data'!$V$16-'Original Data'!$U$16) -> 0.90366201 | E16: =('Original Data'!$V$16-'Original Data'!E16)/('Original Data'!$V$16-'Original Data'!$U$16) -> 0.33994739 | F16: =('Original Data'!$V$16-'Original Data'!F16)/('Original Data'!$V$16-'Original Data'!$U$16) -> 0.63144005 | G16: =('Original Data'!$V$16-'Original Data'!G16)/('Original Data'!$V$16-'Original Data'!$U$16) -> 0.36210541 | H16: =('Original Data'!$V$16-'Original Data'!H16)/('Original Data'!$V$16-'Original Data'!$U$16) -> 0.55758631 | I16: =('Original Data'!$V$16-'Original Data'!I16)/('Original Data'!$V$16-'Original Data'!$U$16) -> 0.5592208 | J16: =('Original Data'!$V$16-'Original Data'!J16)/('Original Data'!$V$16-'Original Data'!$U$16) -> 0.78219078 | K16: =('Original Data'!$V$16-'Original Data'!K16)/('Original Data'!$V$16-'Original Data'!$U$16) -> 0.40007704 | ... T16: =('Original Data'!$V$16-'Original Data'!T16)/('Original Data'!$V$16-'Original Data'!$U$16) -> 1 | U16: =MIN(D16:T16) -> 0 | V16: =MAX(D16:T16) -> 1
B17: Trade balance in basic food as a ratio to total imports, 2017-2021, percentage | C17: high | D17: =('Original Data'!D17-'Original Data'!$U$17)/('Original Data'!$V$17-'Original Data'!$U$17) -> 0.24498886 | E17: =('Original Data'!E17-'Original Data'!$U$17)/('Original Data'!$V$17-'Original Data'!$U$17) -> 0.46325167 | F17: =('Original Data'!F17-'Original Data'!$U$17)/('Original Data'!$V$17-'Original Data'!$U$17) -> 0.29621381 | G17: =('Original Data'!G17-'Original Data'!$U$17)/('Original Data'!$V$17-'Original Data'!$U$17) -> 0.34966592 | H17: =('Original Data'!H17-'Original Data'!$U$17)/('Original Data'!$V$17-'Original Data'!$U$17) -> 0.34966592 | I17: =('Original Data'!I17-'Original Data'!$U$17)/('Original Data'!$V$17-'Original Data'!$U$17) -> 0.22494432 | J17: =('Original Data'!J17-'Original Data'!$U$17)/('Original Data'!$V$17-'Original Data'!$U$17) -> 0.43652561 | K17: =('Original Data'!K17-'Original Data'!$U$17)/('Original Data'!$V$17-'Original Data'!$U$17) -> 0.38752784 | ... T17: =('Original Data'!T17-'Original Data'!$U$17)/('Original Data'!$V$17-'Original Data'!$U$17) -> 1 | U17: =MIN(D17:T17) -> 0 | V17: =MAX(D17:T17) -> 1
A18: Energy dependence | B18: Energy dependency as net energy imports as % of energy use | C18: lower | D18: =('Original Data'!$V$18-'Original Data'!D18)/('Original Data'!$V$18-'Original Data'!$U$18) -> 0.95969773 | E18: =('Original Data'!$V$18-'Original Data'!E18)/('Original Data'!$V$18-'Original Data'!$U$18) -> 0.65617128 | F18: =('Original Data'!$V$18-'Original Data'!F18)/('Original Data'!$V$18-'Original Data'!$U$18) -> 0.45843829 | G18: =('Original Data'!$V$18-'Original Data'!G18)/('Original Data'!$V$18-'Original Data'!$U$18) -> 0.64357683 | H18: =('Original Data'!$V$18-'Original Data'!H18)/('Original Data'!$V$18-'Original Data'!$U$18) -> 1 | I18: =('Original Data'!$V$18-'Original Data'!I18)/('Original Data'!$V$18-'Original Data'!$U$18) -> 0.26760644 | J18: =('Original Data'!$V$18-'Original Data'!J18)/('Original Data'!$V$18-'Original Data'!$U$18) -> 0.42065491 | K18: =('Original Data'!$V$18-'Original Data'!K18)/('Original Data'!$V$18-'Original Data'!$U$18) -> 0.5604534 | ... T18: =('Original Data'!$V$18-'Original Data'!T18)/('Original Data'!$V$18-'Original Data'!$U$18) -> 0.79345088 | U18: =MIN(D18:T18) -> 0 | V18: =MAX(D18:T18) -> 1
B19: Oil reserves billion barrels, 2021 | C19: higher | D19: =('Original Data'!D19-'Original Data'!$U$19)/('Original Data'!$V$19-'Original Data'!$U$19) -> 0.25 | E19: =('Original Data'!E19-'Original Data'!$U$19)/('Original Data'!$V$19-'Original Data'!$U$19) -> 0.033333333 | F19: =('Original Data'!F19-'Original Data'!$U$19)/('Original Data'!$V$19-'Original Data'!$U$19) -> 0.11666667 | G19: =('Original Data'!G19-'Original Data'!$U$19)/('Original Data'!$V$19-'Original Data'!$U$19) -> 0.033333333 | H19: =('Original Data'!H19-'Original Data'!$U$19)/('Original Data'!$V$19-'Original Data'!$U$19) -> 0 | I19: =('Original Data'!I19-'Original Data'!$U$19)/('Original Data'!$V$19-'Original Data'!$U$19) -> 0 | J19: =('Original Data'!J19-'Original Data'!$U$19)/('Original Data'!$V$19-'Original Data'!$U$19) -> 0.016666667 | K19: =('Original Data'!K19-'Original Data'!$U$19)/('Original Data'!$V$19-'Original Data'!$U$19) -> 0 | ... T19: =('Original Data'!T19-'Original Data'!$U$19)/('Original Data'!$V$19-'Original Data'!$U$19) -> 0.66666667 | U19: =MIN(D19:T19) -> 0 | V19: =MAX(D19:T19) -> 1
B20: Oil production/oil consumption, percentage | C20: higher | D20: =('Original Data'!D20-'Original Data'!$U$20)/('Original Data'!$V$20-'Original Data'!$U$20) -> 1 | E20: =('Original Data'!E20-'Original Data'!$U$20)/('Original Data'!$V$20-'Original Data'!$U$20) -> 0.021428571 | F20: =('Original Data'!F20-'Original Data'!$U$20)/('Original Data'!$V$20-'Original Data'!$U$20) -> 0.28234286 | G20: =('Original Data'!G20-'Original Data'!$U$20)/('Original Data'!$V$20-'Original Data'!$U$20) -> 0.01377 | H20: =('Original Data'!H20-'Original Data'!$U$20)/('Original Data'!$V$20-'Original Data'!$U$20) -> 0 | I20: =('Original Data'!I20-'Original Data'!$U$20)/('Original Data'!$V$20-'Original Data'!$U$20) -> 0.0252 | J20: =('Original Data'!J20-'Original Data'!$U$20)/('Original Data'!$V$20-'Original Data'!$U$20) -> 0.22183448 | K20: =('Original Data'!K20-'Original Data'!$U$20)/('Original Data'!$V$20-'Original Data'!$U$20) -> 0 | ... T20: =('Original Data'!T20-'Original Data'!$U$20)/('Original Data'!$V$20-'Original Data'!$U$20) -> 0.046715953 | U20: =MIN(D20:T20) -> 0 | V20: =MAX(D20:T20) -> 1
B21: Fossil fuels electricity capacity, million kilowatts, 2021 | C21: higher | D21: =('Original Data'!D21-'Original Data'!$U$21)/('Original Data'!$V$21-'Original Data'!$U$21) -> 0 | E21: =('Original Data'!E21-'Original Data'!$U$21)/('Original Data'!$V$21-'Original Data'!$U$21) -> 0.098849945 | F21: =('Original Data'!F21-'Original Data'!$U$21)/('Original Data'!$V$21-'Original Data'!$U$21) -> 0.036692223 | G21: =('Original Data'!G21-'Original Data'!$U$21)/('Original Data'!$V$21-'Original Data'!$U$21) -> 0.33351588 | H21: =('Original Data'!H21-'Original Data'!$U$21)/('Original Data'!$V$21-'Original Data'!$U$21) -> 0.055038335 | I21: =('Original Data'!I21-'Original Data'!$U$21)/('Original Data'!$V$21-'Original Data'!$U$21) -> 0.021631982 | J21: =('Original Data'!J21-'Original Data'!$U$21)/('Original Data'!$V$21-'Original Data'!$U$21) -> 0.16292442 | K21: =('Original Data'!K21-'Original Data'!$U$21)/('Original Data'!$V$21-'Original Data'!$U$21) -> 0.029299014 | ... T21: =('Original Data'!T21-'Original Data'!$U$21)/('Original Data'!$V$21-'Original Data'!$U$21) -> 0.77929901 | U21: =MIN(D21:T21) -> 0 | V21: =MAX(D21:T21) -> 1
B22: Wind electricity capacity, million kilowatts, 2021 | C22: higher | D22: =('Original Data'!D22-'Original Data'!$U$22)/('Original Data'!$V$22-'Original Data'!$U$22) -> 0 | E22: =('Original Data'!E22-'Original Data'!$U$22)/('Original Data'!$V$22-'Original Data'!$U$22) -> 0.10201149 | F22: =('Original Data'!F22-'Original Data'!$U$22)/('Original Data'!$V$22-'Original Data'!$U$22) -> 0.14224138 | G22: =('Original Data'!G22-'Original Data'!$U$22)/('Original Data'!$V$22-'Original Data'!$U$22) -> 0.048850575 | H22: =('Original Data'!H22-'Original Data'!$U$22)/('Original Data'!$V$22-'Original Data'!$U$22) -> 0.045977011 | I22: =('Original Data'!I22-'Original Data'!$U$22)/('Original Data'!$V$22-'Original Data'!$U$22) -> 0.0028735632 | J22: =('Original Data'!J22-'Original Data'!$U$22)/('Original Data'!$V$22-'Original Data'!$U$22) -> 0.0045977011 | K22: =('Original Data'!K22-'Original Data'!$U$22)/('Original Data'!$V$22-'Original Data'!$U$22) -> 0.011494253 | ... T22: =('Original Data'!T22-'Original Data'!$U$22)/('Original Data'!$V$22-'Original Data'!$U$22) -> 0.25287356 | U22: =MIN(D22:T22) -> 0 | V22: =MAX(D22:T22) -> 1
B23: Solar electricity capacity, million kilowatts, 2021 | C23: higher | D23: =('Original Data'!D23-'Original Data'!$U$23)/('Original Data'!$V$23-'Original Data'!$U$23) -> 0.0037220844 | E23: =('Original Data'!E23-'Original Data'!$U$23)/('Original Data'!$V$23-'Original Data'!$U$23) -> 0.14764268 | F23: =('Original Data'!F23-'Original Data'!$U$23)/('Original Data'!$V$23-'Original Data'!$U$23) -> 0.013647643 | G23: =('Original Data'!G23-'Original Data'!$U$23)/('Original Data'!$V$23-'Original Data'!$U$23) -> 0.2630273 | H23: =('Original Data'!H23-'Original Data'!$U$23)/('Original Data'!$V$23-'Original Data'!$U$23) -> 0.050868486 | I23: =('Original Data'!I23-'Original Data'!$U$23)/('Original Data'!$V$23-'Original Data'!$U$23) -> 0 | J23: =('Original Data'!J23-'Original Data'!$U$23)/('Original Data'!$V$23-'Original Data'!$U$23) -> 0.26426799 | K23: =('Original Data'!K23-'Original Data'!$U$23)/('Original Data'!$V$23-'Original Data'!$U$23) -> 0.0012406948 | ... T23: =('Original Data'!T23-'Original Data'!$U$23)/('Original Data'!$V$23-'Original Data'!$U$23) -> 1 | U23: =MIN(D23:T23) -> 0 | V23: =MAX(D23:T23) -> 1
B24: Hydroelectricity capacity, million kilowatts, 2021 | C24: higher | D24: =('Original Data'!D24-'Original Data'!$U$24)/('Original Data'!$V$24-'Original Data'!$U$24) -> 0.38424437 | E24: =('Original Data'!E24-'Original Data'!$U$24)/('Original Data'!$V$24-'Original Data'!$U$24) -> 0.27813505 | F24: =('Original Data'!F24-'Original Data'!$U$24)/('Original Data'!$V$24-'Original Data'!$U$24) -> 0.30064309 | G24: =('Original Data'!G24-'Original Data'!$U$24)/('Original Data'!$V$24-'Original Data'!$U$24) -> 0.17845659 | H24: =('Original Data'!H24-'Original Data'!$U$24)/('Original Data'!$V$24-'Original Data'!$U$24) -> 0 | I24: =('Original Data'!I24-'Original Data'!$U$24)/('Original Data'!$V$24-'Original Data'!$U$24) -> 0.5562701 | J24: =('Original Data'!J24-'Original Data'!$U$24)/('Original Data'!$V$24-'Original Data'!$U$24) -> 0.0096463023 | K24: =('Original Data'!K24-'Original Data'!$U$24)/('Original Data'!$V$24-'Original Data'!$U$24) -> 0.25562701 | ... T24: =('Original Data'!T24-'Original Data'!$U$24)/('Original Data'!$V$24-'Original Data'!$U$24) -> 0.71221865 | U24: =MIN(D24:T24) -> 0 | V24: =MAX(D24:T24) -> 1
B25: Nuclear electricity capacity, million kilowatts, 2021 | C25: higher | D25: =('Original Data'!D25-'Original Data'!$U$25)/('Original Data'!$V$25-'Original Data'!$U$25) -> 0 | E25: =('Original Data'!E25-'Original Data'!$U$25)/('Original Data'!$V$25-'Original Data'!$U$25) -> 0.15331808 | F25: =('Original Data'!F25-'Original Data'!$U$25)/('Original Data'!$V$25-'Original Data'!$U$25) -> 0 | G25: =('Original Data'!G25-'Original Data'!$U$25)/('Original Data'!$V$25-'Original Data'!$U$25) -> 0.29977117 | H25: =('Original Data'!H25-'Original Data'!$U$25)/('Original Data'!$V$25-'Original Data'!$U$25) -> 0 | I25: =('Original Data'!I25-'Original Data'!$U$25)/('Original Data'!$V$25-'Original Data'!$U$25) -> 0 | J25: =('Original Data'!J25-'Original Data'!$U$25)/('Original Data'!$V$25-'Original Data'!$U$25) -> 0.14645309 | K25: =('Original Data'!K25-'Original Data'!$U$25)/('Original Data'!$V$25-'Original Data'!$U$25) -> 0 | ... T25: =('Original Data'!T25-'Original Data'!$U$25)/('Original Data'!$V$25-'Original Data'!$U$25) -> 1 | U25: =MIN(D25:T25) -> 0 | V25: =MAX(D25:T25) -> 1
B26: Geothermal electricity capacity, million kilowatts, 2021 | C26: higher | D26: =('Original Data'!D26-'Original Data'!$U$26)/('Original Data'!$V$26-'Original Data'!$U$26) -> 0 | E26: =('Original Data'!E26-'Original Data'!$U$26)/('Original Data'!$V$26-'Original Data'!$U$26) -> 0 | F26: =('Original Data'!F26-'Original Data'!$U$26)/('Original Data'!$V$26-'Original Data'!$U$26) -> 1 | G26: =('Original Data'!G26-'Original Data'!$U$26)/('Original Data'!$V$26-'Original Data'!$U$26) -> 0 | H26: =('Original Data'!H26-'Original Data'!$U$26)/('Original Data'!$V$26-'Original Data'!$U$26) -> 0 | I26: =('Original Data'!I26-'Original Data'!$U$26)/('Original Data'!$V$26-'Original Data'!$U$26) -> 0 | J26: =('Original Data'!J26-'Original Data'!$U$26)/('Original Data'!$V$26-'Original Data'!$U$26) -> 0 | K26: =('Original Data'!K26-'Original Data'!$U$26)/('Original Data'!$V$26-'Original Data'!$U$26) -> 0 | ... T26: =('Original Data'!T26-'Original Data'!$U$26)/('Original Data'!$V$26-'Original Data'!$U$26) -> 0 | U26: =MIN(D26:T26) -> 0 | V26: =MAX(D26:T26) -> 1
A27: Economic openess | B27: Ratio of international trade to GDP | C27: Lower | D27: =('Original Data'!$V$27-'Original Data'!D27)/('Original Data'!$V$27-'Original Data'!$U$27) -> 0.96845015 | E27: =('Original Data'!$V$27-'Original Data'!E27)/('Original Data'!$V$27-'Original Data'!$U$27) -> 0.47982994 | F27: =('Original Data'!$V$27-'Original Data'!F27)/('Original Data'!$V$27-'Original Data'!$U$27) -> 0.60396552 | G27: =('Original Data'!$V$27-'Original Data'!G27)/('Original Data'!$V$27-'Original Data'!$U$27) -> 0.38085168 | H27: =('Original Data'!$V$27-'Original Data'!H27)/('Original Data'!$V$27-'Original Data'!$U$27) -> 0.2132223 | I27: =('Original Data'!$V$27-'Original Data'!I27)/('Original Data'!$V$27-'Original Data'!$U$27) -> 0.72579501 | J27: =('Original Data'!$V$27-'Original Data'!J27)/('Original Data'!$V$27-'Original Data'!$U$27) -> 0.1365648 | K27: =('Original Data'!$V$27-'Original Data'!K27)/('Original Data'!$V$27-'Original Data'!$U$27) -> 0.45156747 | ... T27: =('Original Data'!$V$27-'Original Data'!T27)/('Original Data'!$V$27-'Original Data'!$U$27) -> 1 | U27: =MIN(D27:T27) -> 0 | V27: =MAX(D27:T27) -> 1
B28: Exports as % to GDP | C28: lower | D28: =('Original Data'!$V$28-'Original Data'!D28)/('Original Data'!$V$28-'Original Data'!$U$28) -> 1 | E28: =('Original Data'!$V$28-'Original Data'!E28)/('Original Data'!$V$28-'Original Data'!$U$28) -> 0.51392846 | F28: =('Original Data'!$V$28-'Original Data'!F28)/('Original Data'!$V$28-'Original Data'!$U$28) -> 0.67299778 | G28: =('Original Data'!$V$28-'Original Data'!G28)/('Original Data'!$V$28-'Original Data'!$U$28) -> 0.33349161 | H28: =('Original Data'!$V$28-'Original Data'!H28)/('Original Data'!$V$28-'Original Data'!$U$28) -> 0.2453308 | I28: =('Original Data'!$V$28-'Original Data'!I28)/('Original Data'!$V$28-'Original Data'!$U$28) -> 0.80104463 | J28: =('Original Data'!$V$28-'Original Data'!J28)/('Original Data'!$V$28-'Original Data'!$U$28) -> 0.19389047 | K28: =('Original Data'!$V$28-'Original Data'!K28)/('Original Data'!$V$28-'Original Data'!$U$28) -> 0.48005698 | ... T28: =('Original Data'!$V$28-'Original Data'!T28)/('Original Data'!$V$28-'Original Data'!$U$28) -> 0.83966445 | U28: =MIN(D28:T28) -> 0 | V28: =MAX(D28:T28) -> 1
B29: Imports as % GDP | C29: lower | D29: =('Original Data'!$V$29-'Original Data'!D29)/('Original Data'!$V$29-'Original Data'!$U$29) -> 0.96088957 | E29: =('Original Data'!$V$29-'Original Data'!E29)/('Original Data'!$V$29-'Original Data'!$U$29) -> 0.65912577 | F29: =('Original Data'!$V$29-'Original Data'!F29)/('Original Data'!$V$29-'Original Data'!$U$29) -> 0.79141104 | G29: =('Original Data'!$V$29-'Original Data'!G29)/('Original Data'!$V$29-'Original Data'!$U$29) -> 0.46510736 | H29: =('Original Data'!$V$29-'Original Data'!H29)/('Original Data'!$V$29-'Original Data'!$U$29) -> 0.29467025 | I29: =('Original Data'!$V$29-'Original Data'!I29)/('Original Data'!$V$29-'Original Data'!$U$29) -> 0.6595092 | J29: =('Original Data'!$V$29-'Original Data'!J29)/('Original Data'!$V$29-'Original Data'!$U$29) -> 0.24520706 | K29: =('Original Data'!$V$29-'Original Data'!K29)/('Original Data'!$V$29-'Original Data'!$U$29) -> 0.52013037 | ... T29: =('Original Data'!$V$29-'Original Data'!T29)/('Original Data'!$V$29-'Original Data'!$U$29) -> 1 | U29: =MIN(D29:T29) -> 0 | V29: =MAX(D29:T29) -> 1
B30: FDI % of GDP | C30: higher | D30: =('Original Data'!D30-'Original Data'!$U$30)/('Original Data'!$V$30-'Original Data'!$U$30) -> 0.3085443 | E30: =('Original Data'!E30-'Original Data'!$U$30)/('Original Data'!$V$30-'Original Data'!$U$30) -> 0.089662447 | F30: =('Original Data'!F30-'Original Data'!$U$30)/('Original Data'!$V$30-'Original Data'!$U$30) -> 0.31276371 | G30: =('Original Data'!G30-'Original Data'!$U$30)/('Original Data'!$V$30-'Original Data'!$U$30) -> 0.098628692 | H30: =('Original Data'!H30-'Original Data'!$U$30)/('Original Data'!$V$30-'Original Data'!$U$30) -> 1 | I30: =('Original Data'!I30-'Original Data'!$U$30)/('Original Data'!$V$30-'Original Data'!$U$30) -> 0.31487342 | J30: =('Original Data'!J30-'Original Data'!$U$30)/('Original Data'!$V$30-'Original Data'!$U$30) -> 0.80748945 | K30: =('Original Data'!K30-'Original Data'!$U$30)/('Original Data'!$V$30-'Original Data'!$U$30) -> 0.44883966 | ... T30: =('Original Data'!T30-'Original Data'!$U$30)/('Original Data'!$V$30-'Original Data'!$U$30) -> 0.16613924 | U30: =MIN(D30:T30) -> 0 | V30: =MAX(D30:T30) -> 1
B31: Logistic performance index quality of trade and transport related infrastructure | C31: Higher | D31: =('Original Data'!D31-'Original Data'!$U$31)/('Original Data'!$V$31-'Original Data'!$U$31) -> 0.47058824 | E31: =('Original Data'!E31-'Original Data'!$U$31)/('Original Data'!$V$31-'Original Data'!$U$31) -> 0.70588235 | F31: =('Original Data'!F31-'Original Data'!$U$31)/('Original Data'!$V$31-'Original Data'!$U$31) -> 0.64705882 | G31: =('Original Data'!G31-'Original Data'!$U$31)/('Original Data'!$V$31-'Original Data'!$U$31) -> 0.64705882 | H31: =('Original Data'!H31-'Original Data'!$U$31)/('Original Data'!$V$31-'Original Data'!$U$31) -> 0.94117647 | I31: =('Original Data'!I31-'Original Data'!$U$31)/('Original Data'!$V$31-'Original Data'!$U$31) -> 0.23529412 | J31: =('Original Data'!J31-'Original Data'!$U$31)/('Original Data'!$V$31-'Original Data'!$U$31) -> 0.70588235 | K31: =('Original Data'!K31-'Original Data'!$U$31)/('Original Data'!$V$31-'Original Data'!$U$31) -> 0.82352941 | ... T31: =('Original Data'!T31-'Original Data'!$U$31)/('Original Data'!$V$31-'Original Data'!$U$31) -> 0.29411765 | U31: =MIN(D31:T31) -> 0 | V31: =MAX(D31:T31) -> 1
B32: Competence and quality of logistic services 2022 | C32: Higher | D32: =('Original Data'!D32-'Original Data'!$U$32)/('Original Data'!$V$32-'Original Data'!$U$32) -> 0 | E32: =('Original Data'!E32-'Original Data'!$U$32)/('Original Data'!$V$32-'Original Data'!$U$32) -> 0.71428571 | F32: =('Original Data'!F32-'Original Data'!$U$32)/('Original Data'!$V$32-'Original Data'!$U$32) -> 0.78571429 | G32: =('Original Data'!G32-'Original Data'!$U$32)/('Original Data'!$V$32-'Original Data'!$U$32) -> 0.92857143 | H32: =('Original Data'!H32-'Original Data'!$U$32)/('Original Data'!$V$32-'Original Data'!$U$32) -> 1 | I32: =('Original Data'!I32-'Original Data'!$U$32)/('Original Data'!$V$32-'Original Data'!$U$32) -> 0.21428571 | J32: =('Original Data'!J32-'Original Data'!$U$32)/('Original Data'!$V$32-'Original Data'!$U$32) -> 0.57142857 | K32: =('Original Data'!K32-'Original Data'!$U$32)/('Original Data'!$V$32-'Original Data'!$U$32) -> 1 | ... T32: =('Original Data'!T32-'Original Data'!$U$32)/('Original Data'!$V$32-'Original Data'!$U$32) -> 0.21428571 | U32: =MIN(D32:T32) -> 0 | V32: =MAX(D32:T32) -> 1
A33: Logistic & infrastructure | B33: Efficiency of customs clearance process 2022 | C33: Higher | D33: =('Original Data'!D33-'Original Data'!$U$33)/('Original Data'!$V$33-'Original Data'!$U$33) -> 0.33333333 | E33: =('Original Data'!E33-'Original Data'!$U$33)/('Original Data'!$V$33-'Original Data'!$U$33) -> 0.8 | F33: =('Original Data'!F33-'Original Data'!$U$33)/('Original Data'!$V$33-'Original Data'!$U$33) -> 0.73333333 | G33: =('Original Data'!G33-'Original Data'!$U$33)/('Original Data'!$V$33-'Original Data'!$U$33) -> 0.73333333 | H33: =('Original Data'!H33-'Original Data'!$U$33)/('Original Data'!$V$33-'Original Data'!$U$33) -> 0.86666667 | I33: =('Original Data'!I33-'Original Data'!$U$33)/('Original Data'!$V$33-'Original Data'!$U$33) -> 0.46666667 | J33: =('Original Data'!J33-'Original Data'!$U$33)/('Original Data'!$V$33-'Original Data'!$U$33) -> 0.53333333 | K33: =('Original Data'!K33-'Original Data'!$U$33)/('Original Data'!$V$33-'Original Data'!$U$33) -> 0.93333333 | ... T33: =('Original Data'!T33-'Original Data'!$U$33)/('Original Data'!$V$33-'Original Data'!$U$33) -> 0.33333333 | U33: =MIN(D33:T33) -> 0 | V33: =MAX(D33:T33) -> 1
B34: Quality of railroad infrastructure 2019 | C34: Higher | D34: =('Original Data'!D34-'Original Data'!$U$34)/('Original Data'!$V$34-'Original Data'!$U$34) -> 0 | E34: =('Original Data'!E34-'Original Data'!$U$34)/('Original Data'!$V$34-'Original Data'!$U$34) -> 0.55882353 | F34: =('Original Data'!F34-'Original Data'!$U$34)/('Original Data'!$V$34-'Original Data'!$U$34) -> 0.35294118 | G34: =('Original Data'!G34-'Original Data'!$U$34)/('Original Data'!$V$34-'Original Data'!$U$34) -> 0.97058824 | H34: =('Original Data'!H34-'Original Data'!$U$34)/('Original Data'!$V$34-'Original Data'!$U$34) -> 0.55882353 | I34: =('Original Data'!I34-'Original Data'!$U$34)/('Original Data'!$V$34-'Original Data'!$U$34) -> 0.79411765 | J34: =('Original Data'!J34-'Original Data'!$U$34)/('Original Data'!$V$34-'Original Data'!$U$34) -> 0.76470588 | K34: =('Original Data'!K34-'Original Data'!$U$34)/('Original Data'!$V$34-'Original Data'!$U$34) -> 1 | ... T34: =('Original Data'!T34-'Original Data'!$U$34)/('Original Data'!$V$34-'Original Data'!$U$34) -> 0.88235294 | U34: =MIN(D34:T34) -> 0 | V34: =MAX(D34:T34) -> 1
B35: Quality of road infrastructure 2019 | C35: Higher | D35: =('Original Data'!D35-'Original Data'!$U$35)/('Original Data'!$V$35-'Original Data'!$U$35) -> 0.43333333 | E35: =('Original Data'!E35-'Original Data'!$U$35)/('Original Data'!$V$35-'Original Data'!$U$35) -> 0.26666667 | F35: =('Original Data'!F35-'Original Data'!$U$35)/('Original Data'!$V$35-'Original Data'!$U$35) -> 1 | G35: =('Original Data'!G35-'Original Data'!$U$35)/('Original Data'!$V$35-'Original Data'!$U$35) -> 0.43333333 | H35: =('Original Data'!H35-'Original Data'!$U$35)/('Original Data'!$V$35-'Original Data'!$U$35) -> 0.7 | I35: =('Original Data'!I35-'Original Data'!$U$35)/('Original Data'!$V$35-'Original Data'!$U$35) -> 0.4 | J35: =('Original Data'!J35-'Original Data'!$U$35)/('Original Data'!$V$35-'Original Data'!$U$35) -> 0.46666667 | K35: =('Original Data'!K35-'Original Data'!$U$35)/('Original Data'!$V$35-'Original Data'!$U$35) -> 0.33333333 | ... T35: =('Original Data'!T35-'Original Data'!$U$35)/('Original Data'!$V$35-'Original Data'!$U$35) -> 0.13333333 | U35: =MIN(D35:T35) -> 0 | V35: =MAX(D35:T35) -> 1
B36: Quallity of port infrastructure 2019 For landlocked countries, access to port facilities and inland waterways | C36: Higher | D36: =('Original Data'!D36-'Original Data'!$U$36)/('Original Data'!$V$36-'Original Data'!$U$36) -> 0.60606061 | E36: =('Original Data'!E36-'Original Data'!$U$36)/('Original Data'!$V$36-'Original Data'!$U$36) -> 0.60606061 | F36: =('Original Data'!F36-'Original Data'!$U$36)/('Original Data'!$V$36-'Original Data'!$U$36) -> 0.72727273 | G36: =('Original Data'!G36-'Original Data'!$U$36)/('Original Data'!$V$36-'Original Data'!$U$36) -> 0.27272727 | H36: =('Original Data'!H36-'Original Data'!$U$36)/('Original Data'!$V$36-'Original Data'!$U$36) -> 1 | I36: =('Original Data'!I36-'Original Data'!$U$36)/('Original Data'!$V$36-'Original Data'!$U$36) -> 0.45454545 | J36: =('Original Data'!J36-'Original Data'!$U$36)/('Original Data'!$V$36-'Original Data'!$U$36) -> 0.27272727 | K36: =('Original Data'!K36-'Original Data'!$U$36)/('Original Data'!$V$36-'Original Data'!$U$36) -> 0.78787879 | ... T36: =('Original Data'!T36-'Original Data'!$U$36)/('Original Data'!$V$36-'Original Data'!$U$36) -> 0.48484848 | U36: =MIN(D36:T36) -> 0 | V36: =MAX(D36:T36) -> 1
B37: Quality air transport infrastructure 2019 | C37: Higher | D37: =('Original Data'!D37-'Original Data'!$U$37)/('Original Data'!$V$37-'Original Data'!$U$37) -> 0.15789474 | E37: =('Original Data'!E37-'Original Data'!$U$37)/('Original Data'!$V$37-'Original Data'!$U$37) -> 0.36842105 | F37: =('Original Data'!F37-'Original Data'!$U$37)/('Original Data'!$V$37-'Original Data'!$U$37) -> 0.52631579 | G37: =('Original Data'!G37-'Original Data'!$U$37)/('Original Data'!$V$37-'Original Data'!$U$37) -> 0.63157895 | H37: =('Original Data'!H37-'Original Data'!$U$37)/('Original Data'!$V$37-'Original Data'!$U$37) -> 0.42105263 | I37: =('Original Data'!I37-'Original Data'!$U$37)/('Original Data'!$V$37-'Original Data'!$U$37) -> 0.31578947 | J37: =('Original Data'!J37-'Original Data'!$U$37)/('Original Data'!$V$37-'Original Data'!$U$37) -> 0.42105263 | K37: =('Original Data'!K37-'Original Data'!$U$37)/('Original Data'!$V$37-'Original Data'!$U$37) -> 1 | ... T37: =('Original Data'!T37-'Original Data'!$U$37)/('Original Data'!$V$37-'Original Data'!$U$37) -> 0.10526316 | U37: =MIN(D37:T37) -> 0 | V37: =MAX(D37:T37) -> 1
B38: Banking system z score | C38: higher | D38: =('Original Data'!D38-'Original Data'!$U$38)/('Original Data'!$V$38-'Original Data'!$U$38) -> 1 | E38: =('Original Data'!E38-'Original Data'!$U$38)/('Original Data'!$V$38-'Original Data'!$U$38) -> 0.23198353 | F38: =('Original Data'!F38-'Original Data'!$U$38)/('Original Data'!$V$38-'Original Data'!$U$38) -> 0.19903912 | G38: =('Original Data'!G38-'Original Data'!$U$38)/('Original Data'!$V$38-'Original Data'!$U$38) -> 0.40150995 | H38: =('Original Data'!H38-'Original Data'!$U$38)/('Original Data'!$V$38-'Original Data'!$U$38) -> 0.26973233 | I38: =('Original Data'!I38-'Original Data'!$U$38)/('Original Data'!$V$38-'Original Data'!$U$38) -> 0.23472889 | J38: =('Original Data'!J38-'Original Data'!$U$38)/('Original Data'!$V$38-'Original Data'!$U$38) -> 0.17707618 | K38: =('Original Data'!K38-'Original Data'!$U$38)/('Original Data'!$V$38-'Original Data'!$U$38) -> 0.17982155 | ... T38: =('Original Data'!T38-'Original Data'!$U$38)/('Original Data'!$V$38-'Original Data'!$U$38) -> 0.047357584 | U38: =MIN(D38:T38) -> 0 | V38: =MAX(D38:T38) -> 1
B39: Bank liquid assets to deposits and short-term funding, 2021 | C39: higher | D39: =('Original Data'!D39-'Original Data'!$U$39)/('Original Data'!$V$39-'Original Data'!$U$39) -> 0.85630499 | E39: =('Original Data'!E39-'Original Data'!$U$39)/('Original Data'!$V$39-'Original Data'!$U$39) -> 0.58876607 | F39: =('Original Data'!F39-'Original Data'!$U$39)/('Original Data'!$V$39-'Original Data'!$U$39) -> 0.75885405 | G39: =('Original Data'!G39-'Original Data'!$U$39)/('Original Data'!$V$39-'Original Data'!$U$39) -> 0.55064291 | H39: =('Original Data'!H39-'Original Data'!$U$39)/('Original Data'!$V$39-'Original Data'!$U$39) -> 0.33273178 | I39: =('Original Data'!I39-'Original Data'!$U$39)/('Original Data'!$V$39-'Original Data'!$U$39) -> 0.23144597 | J39: =('Original Data'!J39-'Original Data'!$U$39)/('Original Data'!$V$39-'Original Data'!$U$39) -> 0.6568915 | K39: =('Original Data'!K39-'Original Data'!$U$39)/('Original Data'!$V$39-'Original Data'!$U$39) -> 0.82043763 | ... T39: =('Original Data'!T39-'Original Data'!$U$39)/('Original Data'!$V$39-'Original Data'!$U$39) -> 0.68215655 | U39: =MIN(D39:T39) -> 0 | V39: =MAX(D39:T39) -> 1
A40: Financial stability | B40: Non-performing loans as percent of all bank loans, 2021 | C40: lower | D40: =('Original Data'!$V$40-'Original Data'!D40)/('Original Data'!$V$40-'Original Data'!$U$40) -> 0.84363986 | E40: =('Original Data'!$V$40-'Original Data'!E40)/('Original Data'!$V$40-'Original Data'!$U$40) -> 0.83050304 | F40: =('Original Data'!$V$40-'Original Data'!F40)/('Original Data'!$V$40-'Original Data'!$U$40) -> 0.83370715 | G40: =('Original Data'!$V$40-'Original Data'!G40)/('Original Data'!$V$40-'Original Data'!$U$40) -> 0.96123037 | H40: =('Original Data'!$V$40-'Original Data'!H40)/('Original Data'!$V$40-'Original Data'!$U$40) -> 0.98141621 | I40: =('Original Data'!$V$40-'Original Data'!I40)/('Original Data'!$V$40-'Original Data'!$U$40) -> 0.95610381 | J40: =('Original Data'!$V$40-'Original Data'!J40)/('Original Data'!$V$40-'Original Data'!$U$40) -> 0.89907081 | K40: =('Original Data'!$V$40-'Original Data'!K40)/('Original Data'!$V$40-'Original Data'!$U$40) -> 0.93719962 | ... T40: =('Original Data'!$V$40-'Original Data'!T40)/('Original Data'!$V$40-'Original Data'!$U$40) -> 0 | U40: =MIN(D40:T40) -> 0 | V40: =MAX(D40:T40) -> 1
B41: Banking system concentration % of bank assets held by top three banks, 2021 | C41: lower | D41: =('Original Data'!$V$41-'Original Data'!D41)/('Original Data'!$V$41-'Original Data'!$U$41) -> 0.50624616 | E41: =('Original Data'!$V$41-'Original Data'!E41)/('Original Data'!$V$41-'Original Data'!$U$41) -> 0.71144788 | F41: =('Original Data'!$V$41-'Original Data'!F41)/('Original Data'!$V$41-'Original Data'!$U$41) -> 0.65308212 | G41: =('Original Data'!$V$41-'Original Data'!G41)/('Original Data'!$V$41-'Original Data'!$U$41) -> 0.72721687 | H41: =('Original Data'!$V$41-'Original Data'!H41)/('Original Data'!$V$41-'Original Data'!$U$41) -> 0.15072701 | I41: =('Original Data'!$V$41-'Original Data'!I41)/('Original Data'!$V$41-'Original Data'!$U$41) -> 0.29653901 | J41: =('Original Data'!$V$41-'Original Data'!J41)/('Original Data'!$V$41-'Original Data'!$U$41) -> 0.77431907 | K41: =('Original Data'!$V$41-'Original Data'!K41)/('Original Data'!$V$41-'Original Data'!$U$41) -> 0.49498259 | ... T41: =('Original Data'!$V$41-'Original Data'!T41)/('Original Data'!$V$41-'Original Data'!$U$41) -> 0.72004915 | U41: =MIN(D41:T41) -> 0 | V41: =MAX(D41:T41) -> 1
B42: Foreign exchange reserves including gold, as % of GDP | C42: higher | D42: =('Original Data'!D42-'Original Data'!$U$42)/('Original Data'!$V$42-'Original Data'!$U$42) -> 0.46870246 | E42: =('Original Data'!E42-'Original Data'!$U$42)/('Original Data'!$V$42-'Original Data'!$U$42) -> 0.74121234 | F42: =('Original Data'!F42-'Original Data'!$U$42)/('Original Data'!$V$42-'Original Data'!$U$42) -> 0.64510014 | G42: =('Original Data'!G42-'Original Data'!$U$42)/('Original Data'!$V$42-'Original Data'!$U$42) -> 1 | H42: =('Original Data'!H42-'Original Data'!$U$42)/('Original Data'!$V$42-'Original Data'!$U$42) -> 0.046541225 | I42: =('Original Data'!I42-'Original Data'!$U$42)/('Original Data'!$V$42-'Original Data'!$U$42) -> 0.33795639 | J42: =('Original Data'!J42-'Original Data'!$U$42)/('Original Data'!$V$42-'Original Data'!$U$42) -> 0.34922223 | K42: =('Original Data'!K42-'Original Data'!$U$42)/('Original Data'!$V$42-'Original Data'!$U$42) -> 0.17432975 | ... T42: =('Original Data'!T42-'Original Data'!$U$42)/('Original Data'!$V$42-'Original Data'!$U$42) -> 0.20369447 | U42: =MIN(D42:T42) -> 0 | V42: =MAX(D42:T42) -> 1
B43: Domestic credit to private sector (% of GDP) | C43: lower | D43: =('Original Data'!$V$43-'Original Data'!D43)/('Original Data'!$V$43-'Original Data'!$U$43) -> 0.73958047 | E43: =('Original Data'!$V$43-'Original Data'!E43)/('Original Data'!$V$43-'Original Data'!$U$43) -> 0.50682156 | F43: =('Original Data'!$V$43-'Original Data'!F43)/('Original Data'!$V$43-'Original Data'!$U$43) -> 0.39941617 | G43: =('Original Data'!$V$43-'Original Data'!G43)/('Original Data'!$V$43-'Original Data'!$U$43) -> 0.28838923 | H43: =('Original Data'!$V$43-'Original Data'!H43)/('Original Data'!$V$43-'Original Data'!$U$43) -> 0.00064007843 | I43: =('Original Data'!$V$43-'Original Data'!I43)/('Original Data'!$V$43-'Original Data'!$U$43) -> 0 | J43: =('Original Data'!$V$43-'Original Data'!J43)/('Original Data'!$V$43-'Original Data'!$U$43) -> 0.70008167 | K43: =('Original Data'!$V$43-'Original Data'!K43)/('Original Data'!$V$43-'Original Data'!$U$43) -> 0.72146121 | ... T43: =('Original Data'!$V$43-'Original Data'!T43)/('Original Data'!$V$43-'Original Data'!$U$43) -> 1 | U43: =MIN(D43:T43) -> 0 | V43: =MAX(D43:T43) -> 1
B44: Gross domestic savings (% of GDP) | C44: higher | D44: =('Original Data'!D44-'Original Data'!$U$44)/('Original Data'!$V$44-'Original Data'!$U$44) -> 0.49216436 | E44: =('Original Data'!E44-'Original Data'!$U$44)/('Original Data'!$V$44-'Original Data'!$U$44) -> 0.69391745 | F44: =('Original Data'!F44-'Original Data'!$U$44)/('Original Data'!$V$44-'Original Data'!$U$44) -> 1 | G44: =('Original Data'!G44-'Original Data'!$U$44)/('Original Data'!$V$44-'Original Data'!$U$44) -> 0.93943142 | H44: =('Original Data'!H44-'Original Data'!$U$44)/('Original Data'!$V$44-'Original Data'!$U$44) -> 0.39816678 | I44: =('Original Data'!I44-'Original Data'!$U$44)/('Original Data'!$V$44-'Original Data'!$U$44) -> 0.69987885 | J44: =('Original Data'!J44-'Original Data'!$U$44)/('Original Data'!$V$44-'Original Data'!$U$44) -> 0.91948984 | K44: =('Original Data'!K44-'Original Data'!$U$44)/('Original Data'!$V$44-'Original Data'!$U$44) -> 0.7805213 | ... T44: =('Original Data'!T44-'Original Data'!$U$44)/('Original Data'!$V$44-'Original Data'!$U$44) -> 0 | U44: =MIN(D44:T44) -> 0 | V44: =MAX(D44:T44) -> 1
B45: Household debt, loans and debt securities % GDP | C45: low | D45: =('Original Data'!$V$45-'Original Data'!D45)/('Original Data'!$V$45-'Original Data'!$U$45) -> 0.82626539 | E45: =('Original Data'!$V$45-'Original Data'!E45)/('Original Data'!$V$45-'Original Data'!$U$45) -> 0.5376197 | F45: =('Original Data'!$V$45-'Original Data'!F45)/('Original Data'!$V$45-'Original Data'!$U$45) -> 0.31440948 | G45: =('Original Data'!$V$45-'Original Data'!G45)/('Original Data'!$V$45-'Original Data'!$U$45) -> 0.32261742 | H45: =('Original Data'!$V$45-'Original Data'!H45)/('Original Data'!$V$45-'Original Data'!$U$45) -> 0.24350205 | I45: =('Original Data'!$V$45-'Original Data'!I45)/('Original Data'!$V$45-'Original Data'!$U$45) -> 0.15344277 | J45: =('Original Data'!$V$45-'Original Data'!J45)/('Original Data'!$V$45-'Original Data'!$U$45) -> 0.63474692 | K45: =('Original Data'!$V$45-'Original Data'!K45)/('Original Data'!$V$45-'Original Data'!$U$45) -> 0.65458276 | ... T45: =('Original Data'!$V$45-'Original Data'!T45)/('Original Data'!$V$45-'Original Data'!$U$45) -> 1 | U45: =MIN(D45:T45) -> 0 | V45: =MAX(D45:T45) -> 1
B46: Mortgage credit as % of GDP | C46: low | D46: =('Original Data'!$V$46-'Original Data'!D46)/('Original Data'!$V$46-'Original Data'!$U$46) -> 0.85468911 | E46: =('Original Data'!$V$46-'Original Data'!E46)/('Original Data'!$V$46-'Original Data'!$U$46) -> 0.84713157 | F46: =('Original Data'!$V$46-'Original Data'!F46)/('Original Data'!$V$46-'Original Data'!$U$46) -> 0.73857781 | G46: =('Original Data'!$V$46-'Original Data'!G46)/('Original Data'!$V$46-'Original Data'!$U$46) -> 0.58055651 | H46: =('Original Data'!$V$46-'Original Data'!H46)/('Original Data'!$V$46-'Original Data'!$U$46) -> 0.26794916 | I46: =('Original Data'!$V$46-'Original Data'!I46)/('Original Data'!$V$46-'Original Data'!$U$46) -> 0.56681553 | J46: =('Original Data'!$V$46-'Original Data'!J46)/('Original Data'!$V$46-'Original Data'!$U$46) -> 0.87530058 | K46: =('Original Data'!$V$46-'Original Data'!K46)/('Original Data'!$V$46-'Original Data'!$U$46) -> 0.74201305 | ... T46: =('Original Data'!$V$46-'Original Data'!T46)/('Original Data'!$V$46-'Original Data'!$U$46) -> 1 | U46: =MIN(D46:T46) -> 0 | V46: =MAX(D46:T46) -> 1
A47: Sustainable economic development | B47: Economic freedom, overall index (0-100) 2021 | C47: higher | D47: =('Original Data'!D47-'Original Data'!$U$47)/('Original Data'!$V$47-'Original Data'!$U$47) -> 0.40366972 | E47: =('Original Data'!E47-'Original Data'!$U$47)/('Original Data'!$V$47-'Original Data'!$U$47) -> 0.63302752 | F47: =('Original Data'!F47-'Original Data'!$U$47)/('Original Data'!$V$47-'Original Data'!$U$47) -> 0.35779817 | G47: =('Original Data'!G47-'Original Data'!$U$47)/('Original Data'!$V$47-'Original Data'!$U$47) -> 0.81651376 | H47: =('Original Data'!H47-'Original Data'!$U$47)/('Original Data'!$V$47-'Original Data'!$U$47) -> 1 | I47: =('Original Data'!I47-'Original Data'!$U$47)/('Original Data'!$V$47-'Original Data'!$U$47) -> 0.58715596 | J47: =('Original Data'!J47-'Original Data'!$U$47)/('Original Data'!$V$47-'Original Data'!$U$47) -> 0.49541284 | K47: =('Original Data'!K47-'Original Data'!$U$47)/('Original Data'!$V$47-'Original Data'!$U$47) -> 0.72477064 | ... T47: =('Original Data'!T47-'Original Data'!$U$47)/('Original Data'!$V$47-'Original Data'!$U$47) -> 0 | U47: =MIN(D47:T47) -> 0 | V47: =MAX(D47:T47) -> 1
B48: Remitances as % GDP | C48: low | D48: =('Original Data'!$V$48-'Original Data'!D48)/('Original Data'!$V$48-'Original Data'!$U$48) -> 0.42778919 | E48: =('Original Data'!$V$48-'Original Data'!E48)/('Original Data'!$V$48-'Original Data'!$U$48) -> 0.91101985 | F48: =('Original Data'!$V$48-'Original Data'!F48)/('Original Data'!$V$48-'Original Data'!$U$48) -> 0.57289528 | G48: =('Original Data'!$V$48-'Original Data'!G48)/('Original Data'!$V$48-'Original Data'!$U$48) -> 0.9650924 | H48: =('Original Data'!$V$48-'Original Data'!H48)/('Original Data'!$V$48-'Original Data'!$U$48) -> 0.9650924 | I48: =('Original Data'!$V$48-'Original Data'!I48)/('Original Data'!$V$48-'Original Data'!$U$48) -> 0 | J48: =('Original Data'!$V$48-'Original Data'!J48)/('Original Data'!$V$48-'Original Data'!$U$48) -> 0.93566051 | K48: =('Original Data'!$V$48-'Original Data'!K48)/('Original Data'!$V$48-'Original Data'!$U$48) -> 0.84531143 | ... T48: =('Original Data'!$V$48-'Original Data'!T48)/('Original Data'!$V$48-'Original Data'!$U$48) -> 0.35934292 | U48: =MIN(D48:T48) -> 0 | V48: =MAX(D48:T48) -> 1
B49: Unequal economic development index | C49: lower | D49: =('Original Data'!$V$49-'Original Data'!D49)/('Original Data'!$V$49-'Original Data'!$U$49) -> 0.76666667 | E49: =('Original Data'!$V$49-'Original Data'!E49)/('Original Data'!$V$49-'Original Data'!$U$49) -> 0.2 | F49: =('Original Data'!$V$49-'Original Data'!F49)/('Original Data'!$V$49-'Original Data'!$U$49) -> 0.73333333 | G49: =('Original Data'!$V$49-'Original Data'!G49)/('Original Data'!$V$49-'Original Data'!$U$49) -> 1 | H49: =('Original Data'!$V$49-'Original Data'!H49)/('Original Data'!$V$49-'Original Data'!$U$49) -> 0.73333333 | I49: =('Original Data'!$V$49-'Original Data'!I49)/('Original Data'!$V$49-'Original Data'!$U$49) -> 0.16666667 | J49: =('Original Data'!$V$49-'Original Data'!J49)/('Original Data'!$V$49-'Original Data'!$U$49) -> 0.76666667 | K49: =('Original Data'!$V$49-'Original Data'!K49)/('Original Data'!$V$49-'Original Data'!$U$49) -> 0.43333333 | ... T49: =('Original Data'!$V$49-'Original Data'!T49)/('Original Data'!$V$49-'Original Data'!$U$49) -> 0 | U49: =MIN(D49:T49) -> 0 | V49: =MAX(D49:T49) -> 1
B50: Shadow economy as % of GDP | C50: lower | D50: =('Original Data'!$V$50-'Original Data'!D50)/('Original Data'!$V$50-'Original Data'!$U$50) -> 0.63051643 | E50: =('Original Data'!$V$50-'Original Data'!E50)/('Original Data'!$V$50-'Original Data'!$U$50) -> 0.75680751 | F50: =('Original Data'!$V$50-'Original Data'!F50)/('Original Data'!$V$50-'Original Data'!$U$50) -> 0.70680751 | G50: =('Original Data'!$V$50-'Original Data'!G50)/('Original Data'!$V$50-'Original Data'!$U$50) -> 1 | H50: =('Original Data'!$V$50-'Original Data'!H50)/('Original Data'!$V$50-'Original Data'!$U$50) -> 0.81173709 | I50: =('Original Data'!$V$50-'Original Data'!I50)/('Original Data'!$V$50-'Original Data'!$U$50) -> 0 | J50: =('Original Data'!$V$50-'Original Data'!J50)/('Original Data'!$V$50-'Original Data'!$U$50) -> 0.76478873 | K50: =('Original Data'!$V$50-'Original Data'!K50)/('Original Data'!$V$50-'Original Data'!$U$50) -> 0.8556338 | ... T50: =('Original Data'!$V$50-'Original Data'!T50)/('Original Data'!$V$50-'Original Data'!$U$50) -> 0.23873239 | U50: =MIN(D50:T50) -> 0 | V50: =MAX(D50:T50) -> 1
B51: Cost of starting business | C51: lower | D51: =('Original Data'!$V$51-'Original Data'!D51)/('Original Data'!$V$51-'Original Data'!$U$51) -> 0.068965517 | E51: =('Original Data'!$V$51-'Original Data'!E51)/('Original Data'!$V$51-'Original Data'!$U$51) -> 0.9137931 | F51: =('Original Data'!$V$51-'Original Data'!F51)/('Original Data'!$V$51-'Original Data'!$U$51) -> 0.46551724 | G51: =('Original Data'!$V$51-'Original Data'!G51)/('Original Data'!$V$51-'Original Data'!$U$51) -> 0.90517241 | H51: =('Original Data'!$V$51-'Original Data'!H51)/('Original Data'!$V$51-'Original Data'!$U$51) -> 0.9137931 | I51: =('Original Data'!$V$51-'Original Data'!I51)/('Original Data'!$V$51-'Original Data'!$U$51) -> 0.81896552 | J51: =('Original Data'!$V$51-'Original Data'!J51)/('Original Data'!$V$51-'Original Data'!$U$51) -> 0.61206897 | K51: =('Original Data'!$V$51-'Original Data'!K51)/('Original Data'!$V$51-'Original Data'!$U$51) -> 0.87068966 | ... T51: =('Original Data'!$V$51-'Original Data'!T51)/('Original Data'!$V$51-'Original Data'!$U$51) -> 0.95689655 | U51: =MIN(D51:T51) -> 0 | V51: =MAX(D51:T51) -> 1
B52: Economic decline 2007-2023 | C52: lower | D52: =('Original Data'!$V$52-'Original Data'!D52)/('Original Data'!$V$52-'Original Data'!$U$52) -> 0.45283019 | E52: =('Original Data'!$V$52-'Original Data'!E52)/('Original Data'!$V$52-'Original Data'!$U$52) -> 0.77358491 | F52: =('Original Data'!$V$52-'Original Data'!F52)/('Original Data'!$V$52-'Original Data'!$U$52) -> 0.52830189 | G52: =('Original Data'!$V$52-'Original Data'!G52)/('Original Data'!$V$52-'Original Data'!$U$52) -> 0.77358491 | H52: =('Original Data'!$V$52-'Original Data'!H52)/('Original Data'!$V$52-'Original Data'!$U$52) -> 1 | I52: =('Original Data'!$V$52-'Original Data'!I52)/('Original Data'!$V$52-'Original Data'!$U$52) -> 0.60377358 | J52: =('Original Data'!$V$52-'Original Data'!J52)/('Original Data'!$V$52-'Original Data'!$U$52) -> 0.77358491 | K52: =('Original Data'!$V$52-'Original Data'!K52)/('Original Data'!$V$52-'Original Data'!$U$52) -> 0.86792453 | ... T52: =('Original Data'!$V$52-'Original Data'!T52)/('Original Data'!$V$52-'Original Data'!$U$52) -> 0 | U52: =MIN(D52:T52) -> 0 | V52: =MAX(D52:T52) -> 1
B53: Tax revenue as % of GDP 2021 | C53: higher | D53: =('Original Data'!D53-'Original Data'!$U$53)/('Original Data'!$V$53-'Original Data'!$U$53) -> 0.1464891 | E53: =('Original Data'!E53-'Original Data'!$U$53)/('Original Data'!$V$53-'Original Data'!$U$53) -> 0.21973366 | F53: =('Original Data'!F53-'Original Data'!$U$53)/('Original Data'!$V$53-'Original Data'!$U$53) -> 1 | G53: =('Original Data'!G53-'Original Data'!$U$53)/('Original Data'!$V$53-'Original Data'!$U$53) -> 0 | H53: =('Original Data'!H53-'Original Data'!$U$53)/('Original Data'!$V$53-'Original Data'!$U$53) -> 0.24394673 | I53: =('Original Data'!I53-'Original Data'!$U$53)/('Original Data'!$V$53-'Original Data'!$U$53) -> 0.2533293 | J53: =('Original Data'!J53-'Original Data'!$U$53)/('Original Data'!$V$53-'Original Data'!$U$53) -> 0.24515738 | K53: =('Original Data'!K53-'Original Data'!$U$53)/('Original Data'!$V$53-'Original Data'!$U$53) -> 0.25453995 | ... T53: =('Original Data'!T53-'Original Data'!$U$53)/('Original Data'!$V$53-'Original Data'!$U$53) -> 0.17312349 | U53: =MIN(D53:T53) -> 0 | V53: =MAX(D53:T53) -> 1
B54: Competitiveness | C54: higher | D54: =('Original Data'!D54-'Original Data'!$U$54)/('Original Data'!$V$54-'Original Data'!$U$54) -> 0.070422535 | E54: =('Original Data'!E54-'Original Data'!$U$54)/('Original Data'!$V$54-'Original Data'!$U$54) -> 0.57746479 | F54: =('Original Data'!F54-'Original Data'!$U$54)/('Original Data'!$V$54-'Original Data'!$U$54) -> 0.36619718 | G54: =('Original Data'!G54-'Original Data'!$U$54)/('Original Data'!$V$54-'Original Data'!$U$54) -> 1 | H54: =('Original Data'!H54-'Original Data'!$U$54)/('Original Data'!$V$54-'Original Data'!$U$54) -> 1 | I54: =('Original Data'!I54-'Original Data'!$U$54)/('Original Data'!$V$54-'Original Data'!$U$54) -> 0.27464789 | J54: =('Original Data'!J54-'Original Data'!$U$54)/('Original Data'!$V$54-'Original Data'!$U$54) -> 0.5915493 | K54: =('Original Data'!K54-'Original Data'!$U$54)/('Original Data'!$V$54-'Original Data'!$U$54) -> 0.72535211 | ... T54: =('Original Data'!T54-'Original Data'!$U$54)/('Original Data'!$V$54-'Original Data'!$U$54) -> 0.021126761 | U54: =MIN(D54:T54) -> 0 | V54: =MAX(D54:T54) -> 1
B55: Fiscal balance-to-GDP ratio | C55: High | D55: =('Original Data'!D55-'Original Data'!$U$55)/('Original Data'!$V$55-'Original Data'!$U$55) -> 0.75409836 | E55: =('Original Data'!E55-'Original Data'!$U$55)/('Original Data'!$V$55-'Original Data'!$U$55) -> 0.81264637 | F55: =('Original Data'!F55-'Original Data'!$U$55)/('Original Data'!$V$55-'Original Data'!$U$55) -> 1 | G55: =('Original Data'!G55-'Original Data'!$U$55)/('Original Data'!$V$55-'Original Data'!$U$55) -> 0.76346604 | H55: =('Original Data'!H55-'Original Data'!$U$55)/('Original Data'!$V$55-'Original Data'!$U$55) -> 0.92388759 | I55: =('Original Data'!I55-'Original Data'!$U$55)/('Original Data'!$V$55-'Original Data'!$U$55) -> 0.80093677 | J55: =('Original Data'!J55-'Original Data'!$U$55)/('Original Data'!$V$55-'Original Data'!$U$55) -> 0.61358314 | K55: =('Original Data'!K55-'Original Data'!$U$55)/('Original Data'!$V$55-'Original Data'!$U$55) -> 0.71896956 | ... T55: =('Original Data'!T55-'Original Data'!$U$55)/('Original Data'!$V$55-'Original Data'!$U$55) -> 0 | U55: =MIN(D55:T55) -> 0 | V55: =MAX(D55:T55) -> 1
B56: Unemployment, total (% of total labor force) | C56: lower | D56: =('Original Data'!$V$56-'Original Data'!D56)/('Original Data'!$V$56-'Original Data'!$U$56) -> 0.29779516 | E56: =('Original Data'!$V$56-'Original Data'!E56)/('Original Data'!$V$56-'Original Data'!$U$56) -> 0.82503556 | F56: =('Original Data'!$V$56-'Original Data'!F56)/('Original Data'!$V$56-'Original Data'!$U$56) -> 1 | G56: =('Original Data'!$V$56-'Original Data'!G56)/('Original Data'!$V$56-'Original Data'!$U$56) -> 0.65860597 | H56: =('Original Data'!$V$56-'Original Data'!H56)/('Original Data'!$V$56-'Original Data'!$U$56) -> 0.76031294 | I56: =('Original Data'!$V$56-'Original Data'!I56)/('Original Data'!$V$56-'Original Data'!$U$56) -> 0.33157895 | J56: =('Original Data'!$V$56-'Original Data'!J56)/('Original Data'!$V$56-'Original Data'!$U$56) -> 0.91180654 | K56: =('Original Data'!$V$56-'Original Data'!K56)/('Original Data'!$V$56-'Original Data'!$U$56) -> 0.66571835 | ... T56: =('Original Data'!$V$56-'Original Data'!T56)/('Original Data'!$V$56-'Original Data'!$U$56) -> 0.50071124 | U56: =MIN(D56:T56) -> 0 | V56: =MAX(D56:T56) -> 1
B57: Inflation rate | C57: lower | D57: =('Original Data'!$V$57-'Original Data'!D57)/('Original Data'!$V$57-'Original Data'!$U$57) -> 1 | E57: =('Original Data'!$V$57-'Original Data'!E57)/('Original Data'!$V$57-'Original Data'!$U$57) -> 0.60930315 | F57: =('Original Data'!$V$57-'Original Data'!F57)/('Original Data'!$V$57-'Original Data'!$U$57) -> 0.61952906 | G57: =('Original Data'!$V$57-'Original Data'!G57)/('Original Data'!$V$57-'Original Data'!$U$57) -> 0.81576592 | H57: =('Original Data'!$V$57-'Original Data'!H57)/('Original Data'!$V$57-'Original Data'!$U$57) -> 0.42426831 | I57: =('Original Data'!$V$57-'Original Data'!I57)/('Original Data'!$V$57-'Original Data'!$U$57) -> 0.76499453 | J57: =('Original Data'!$V$57-'Original Data'!J57)/('Original Data'!$V$57-'Original Data'!$U$57) -> 0.64188137 | K57: =('Original Data'!$V$57-'Original Data'!K57)/('Original Data'!$V$57-'Original Data'!$U$57) -> 0.51912436 | ... T57: =('Original Data'!$V$57-'Original Data'!T57)/('Original Data'!$V$57-'Original Data'!$U$57) -> 0.38858914 | U57: =MIN(D57:T57) -> 0 | V57: =MAX(D57:T57) -> 1
B58: External debt-to-GDP ratio | C58: lower | D58: =('Original Data'!$V$58-'Original Data'!D58)/('Original Data'!$V$58-'Original Data'!$U$58) -> 0.14448728 | E58: =('Original Data'!$V$58-'Original Data'!E58)/('Original Data'!$V$58-'Original Data'!$U$58) -> 0.76622976 | F58: =('Original Data'!$V$58-'Original Data'!F58)/('Original Data'!$V$58-'Original Data'!$U$58) -> 0.074016962 | G58: =('Original Data'!$V$58-'Original Data'!G58)/('Original Data'!$V$58-'Original Data'!$U$58) -> 0.60107941 | H58: =('Original Data'!$V$58-'Original Data'!H58)/('Original Data'!$V$58-'Original Data'!$U$58) -> 1 | I58: =('Original Data'!$V$58-'Original Data'!I58)/('Original Data'!$V$58-'Original Data'!$U$58) -> 0.66060139 | J58: =('Original Data'!$V$58-'Original Data'!J58)/('Original Data'!$V$58-'Original Data'!$U$58) -> 0.11318427 | K58: =('Original Data'!$V$58-'Original Data'!K58)/('Original Data'!$V$58-'Original Data'!$U$58) -> 0.55682344 | ... T58: =('Original Data'!$V$58-'Original Data'!T58)/('Original Data'!$V$58-'Original Data'!$U$58) -> 0.51811874 | U58: =MIN(D58:T58) -> 0 | V58: =MAX(D58:T58) -> 1
B59: Government debt as percent of GDP | C59: lower | D59: =('Original Data'!$V$59-'Original Data'!D59)/('Original Data'!$V$59-'Original Data'!$U$59) -> 0.19913545 | E59: =('Original Data'!$V$59-'Original Data'!E59)/('Original Data'!$V$59-'Original Data'!$U$59) -> 0.9092219 | F59: =('Original Data'!$V$59-'Original Data'!F59)/('Original Data'!$V$59-'Original Data'!$U$59) -> 0 | G59: =('Original Data'!$V$59-'Original Data'!G59)/('Original Data'!$V$59-'Original Data'!$U$59) -> 0.6481268 | H59: =('Original Data'!$V$59-'Original Data'!H59)/('Original Data'!$V$59-'Original Data'!$U$59) -> 1 | I59: =('Original Data'!$V$59-'Original Data'!I59)/('Original Data'!$V$59-'Original Data'!$U$59) -> 0.35158501 | J59: =('Original Data'!$V$59-'Original Data'!J59)/('Original Data'!$V$59-'Original Data'!$U$59) -> 0.14985591 | K59: =('Original Data'!$V$59-'Original Data'!K59)/('Original Data'!$V$59-'Original Data'!$U$59) -> 0.62391931 | ... T59: =('Original Data'!$V$59-'Original Data'!T59)/('Original Data'!$V$59-'Original Data'!$U$59) -> 0.54899135 | U59: =MIN(D59:T59) -> 0 | V59: =MAX(D59:T59) -> 1
A60: Macroecononomic stability | B60: Capital investment as percent of GDP | C60: higher | D60: =('Original Data'!D60-'Original Data'!$U$60)/('Original Data'!$V$60-'Original Data'!$U$60) -> 0.55645597 | E60: =('Original Data'!E60-'Original Data'!$U$60)/('Original Data'!$V$60-'Original Data'!$U$60) -> 0.39168017 | F60: =('Original Data'!F60-'Original Data'!$U$60)/('Original Data'!$V$60-'Original Data'!$U$60) -> 0.55591572 | G60: =('Original Data'!G60-'Original Data'!$U$60)/('Original Data'!$V$60-'Original Data'!$U$60) -> 0.88384657 | H60: =('Original Data'!H60-'Original Data'!$U$60)/('Original Data'!$V$60-'Original Data'!$U$60) -> 0.89303079 | I60: =('Original Data'!I60-'Original Data'!$U$60)/('Original Data'!$V$60-'Original Data'!$U$60) -> 0.54240951 | J60: =('Original Data'!J60-'Original Data'!$U$60)/('Original Data'!$V$60-'Original Data'!$U$60) -> 0.90113452 | K60: =('Original Data'!K60-'Original Data'!$U$60)/('Original Data'!$V$60-'Original Data'!$U$60) -> 0.64613722 | ... T60: =('Original Data'!T60-'Original Data'!$U$60)/('Original Data'!$V$60-'Original Data'!$U$60) -> 0 | U60: =MIN(D60:T60) -> 0 | V60: =MAX(D60:T60) -> 1
B61: Household consumption as percent of GDP | C61: lower | D61: =('Original Data'!$V$61-'Original Data'!D61)/('Original Data'!$V$61-'Original Data'!$U$61) -> 0.20457641 | E61: =('Original Data'!$V$61-'Original Data'!E61)/('Original Data'!$V$61-'Original Data'!$U$61) -> 0.64750749 | F61: =('Original Data'!$V$61-'Original Data'!F61)/('Original Data'!$V$61-'Original Data'!$U$61) -> 0.63143558 | G61: =('Original Data'!$V$61-'Original Data'!G61)/('Original Data'!$V$61-'Original Data'!$U$61) -> 1 | H61: =('Original Data'!$V$61-'Original Data'!H61)/('Original Data'!$V$61-'Original Data'!$U$61) -> 0.92399891 | I61: =('Original Data'!$V$61-'Original Data'!I61)/('Original Data'!$V$61-'Original Data'!$U$61) -> 0.036774721 | J61: =('Original Data'!$V$61-'Original Data'!J61)/('Original Data'!$V$61-'Original Data'!$U$61) -> 0.91936802 | K61: =('Original Data'!$V$61-'Original Data'!K61)/('Original Data'!$V$61-'Original Data'!$U$61) -> 0.68183056 | ... T61: =('Original Data'!$V$61-'Original Data'!T61)/('Original Data'!$V$61-'Original Data'!$U$61) -> 0.34895124 | U61: =MIN(D61:T61) -> 0 | V61: =MAX(D61:T61) -> 1
B62: Tax revenue, percent of GDP | C62: higher | D62: =('Original Data'!D62-'Original Data'!$U$62)/('Original Data'!$V$62-'Original Data'!$U$62) -> 0.51601831 | E62: =('Original Data'!E62-'Original Data'!$U$62)/('Original Data'!$V$62-'Original Data'!$U$62) -> 0.83066362 | F62: =('Original Data'!F62-'Original Data'!$U$62)/('Original Data'!$V$62-'Original Data'!$U$62) -> 0.77231121 | G62: =('Original Data'!G62-'Original Data'!$U$62)/('Original Data'!$V$62-'Original Data'!$U$62) -> 0 | H62: =('Original Data'!H62-'Original Data'!$U$62)/('Original Data'!$V$62-'Original Data'!$U$62) -> 0.9221968 | I62: =('Original Data'!I62-'Original Data'!$U$62)/('Original Data'!$V$62-'Original Data'!$U$62) -> 0.92105263 | J62: =('Original Data'!J62-'Original Data'!$U$62)/('Original Data'!$V$62-'Original Data'!$U$62) -> 0.93249428 | K62: =('Original Data'!K62-'Original Data'!$U$62)/('Original Data'!$V$62-'Original Data'!$U$62) -> 0.95423341 | ... T62: =('Original Data'!T62-'Original Data'!$U$62)/('Original Data'!$V$62-'Original Data'!$U$62) -> 0.65102975 | U62: =MIN(D62:T62) -> 0 | V62: =MAX(D62:T62) -> 1
B63: Value added by industry as percent of GDP 2021 | C63: higher | D63: =('Original Data'!D63-'Original Data'!$U$63)/('Original Data'!$V$63-'Original Data'!$U$63) -> 0.1975099 | E63: =('Original Data'!E63-'Original Data'!$U$63)/('Original Data'!$V$63-'Original Data'!$U$63) -> 0.17006225 | F63: =('Original Data'!F63-'Original Data'!$U$63)/('Original Data'!$V$63-'Original Data'!$U$63) -> 0.14006791 | G63: =('Original Data'!G63-'Original Data'!$U$63)/('Original Data'!$V$63-'Original Data'!$U$63) -> 0.43661573 | H63: =('Original Data'!H63-'Original Data'!$U$63)/('Original Data'!$V$63-'Original Data'!$U$63) -> 0.23401245 | I63: =('Original Data'!I63-'Original Data'!$U$63)/('Original Data'!$V$63-'Original Data'!$U$63) -> 0.18477646 | J63: =('Original Data'!J63-'Original Data'!$U$63)/('Original Data'!$V$63-'Original Data'!$U$63) -> 0.26627051 | K63: =('Original Data'!K63-'Original Data'!$U$63)/('Original Data'!$V$63-'Original Data'!$U$63) -> 0.1426146 | ... T63: =('Original Data'!T63-'Original Data'!$U$63)/('Original Data'!$V$63-'Original Data'!$U$63) -> 0.24391624 | U63: =MIN(D63:T63) -> 0 | V63: =MAX(D63:T63) -> 1
B64: Value added by the manufacturing sector as percent of GDP 2021 | C64: higher | D64: =('Original Data'!D64-'Original Data'!$U$64)/('Original Data'!$V$64-'Original Data'!$U$64) -> 0.10892449 | E64: =('Original Data'!E64-'Original Data'!$U$64)/('Original Data'!$V$64-'Original Data'!$U$64) -> 0.48146453 | F64: =('Original Data'!F64-'Original Data'!$U$64)/('Original Data'!$V$64-'Original Data'!$U$64) -> 0.34553776 | G64: =('Original Data'!G64-'Original Data'!$U$64)/('Original Data'!$V$64-'Original Data'!$U$64) -> 0.78855835 | H64: =('Original Data'!H64-'Original Data'!$U$64)/('Original Data'!$V$64-'Original Data'!$U$64) -> 0.40594966 | I64: =('Original Data'!I64-'Original Data'!$U$64)/('Original Data'!$V$64-'Original Data'!$U$64) -> 0.27551487 | J64: =('Original Data'!J64-'Original Data'!$U$64)/('Original Data'!$V$64-'Original Data'!$U$64) -> 0.59954233 | K64: =('Original Data'!K64-'Original Data'!$U$64)/('Original Data'!$V$64-'Original Data'!$U$64) -> 0.37162471 | ... T64: =('Original Data'!T64-'Original Data'!$U$64)/('Original Data'!$V$64-'Original Data'!$U$64) -> 0.29519451 | U64: =MIN(D64:T64) -> 0 | V64: =MAX(D64:T64) -> 1
B65: Value added in the services sector as percent of GDP 2021 | C65: higher | D65: =('Original Data'!D65-'Original Data'!$U$65)/('Original Data'!$V$65-'Original Data'!$U$65) -> 0.59239408 | E65: =('Original Data'!E65-'Original Data'!$U$65)/('Original Data'!$V$65-'Original Data'!$U$65) -> 0.96401225 | F65: =('Original Data'!F65-'Original Data'!$U$65)/('Original Data'!$V$65-'Original Data'!$U$65) -> 0.91628382 | G65: =('Original Data'!G65-'Original Data'!$U$65)/('Original Data'!$V$65-'Original Data'!$U$65) -> 0.8741705 | H65: =('Original Data'!H65-'Original Data'!$U$65)/('Original Data'!$V$65-'Original Data'!$U$65) -> 0.97090352 | I65: =('Original Data'!I65-'Original Data'!$U$65)/('Original Data'!$V$65-'Original Data'!$U$65) -> 0.89356815 | J65: =('Original Data'!J65-'Original Data'!$U$65)/('Original Data'!$V$65-'Original Data'!$U$65) -> 0.82976008 | K65: =('Original Data'!K65-'Original Data'!$U$65)/('Original Data'!$V$65-'Original Data'!$U$65) -> 1 | ... T65: =('Original Data'!T65-'Original Data'!$U$65)/('Original Data'!$V$65-'Original Data'!$U$65) -> 0.697805 | U65: =MIN(D65:T65) -> 0 | V65: =MAX(D65:T65) -> 1
B66: EU membership | C66: yes | D66: =('Original Data'!D66-'Original Data'!$U$66)/('Original Data'!$V$66-'Original Data'!$U$66) -> 0 | E66: =('Original Data'!E66-'Original Data'!$U$66)/('Original Data'!$V$66-'Original Data'!$U$66) -> 1 | F66: =('Original Data'!F66-'Original Data'!$U$66)/('Original Data'!$V$66-'Original Data'!$U$66) -> 1 | G66: =('Original Data'!G66-'Original Data'!$U$66)/('Original Data'!$V$66-'Original Data'!$U$66) -> 1 | H66: =('Original Data'!H66-'Original Data'!$U$66)/('Original Data'!$V$66-'Original Data'!$U$66) -> 1 | I66: =('Original Data'!I66-'Original Data'!$U$66)/('Original Data'!$V$66-'Original Data'!$U$66) -> 0 | J66: =('Original Data'!J66-'Original Data'!$U$66)/('Original Data'!$V$66-'Original Data'!$U$66) -> 1 | K66: =('Original Data'!K66-'Original Data'!$U$66)/('Original Data'!$V$66-'Original Data'!$U$66) -> 1 | ... T66: =('Original Data'!T66-'Original Data'!$U$66)/('Original Data'!$V$66-'Original Data'!$U$66) -> 0 | U66: =MIN(D66:T66) -> 0 | V66: =MAX(D66:T66) -> 1
B67: Expenditure on R&D as % GDP 2021 | C67: higher | D67: =('Original Data'!D67-'Original Data'!$U$67)/('Original Data'!$V$67-'Original Data'!$U$67) -> 0 | E67: =('Original Data'!E67-'Original Data'!$U$67)/('Original Data'!$V$67-'Original Data'!$U$67) -> 0.35088274 | F67: =('Original Data'!F67-'Original Data'!$U$67)/('Original Data'!$V$67-'Original Data'!$U$67) -> 0.54901842 | G67: =('Original Data'!G67-'Original Data'!$U$67)/('Original Data'!$V$67-'Original Data'!$U$67) -> 0.92157951 | H67: =('Original Data'!H67-'Original Data'!$U$67)/('Original Data'!$V$67-'Original Data'!$U$67) -> 0.82195728 | I67: =('Original Data'!I67-'Original Data'!$U$67)/('Original Data'!$V$67-'Original Data'!$U$67) -> 0.073589095 | J67: =('Original Data'!J67-'Original Data'!$U$67)/('Original Data'!$V$67-'Original Data'!$U$67) -> 0.72923847 | K67: =('Original Data'!K67-'Original Data'!$U$67)/('Original Data'!$V$67-'Original Data'!$U$67) -> 0.27662637 | ... T67: =('Original Data'!T67-'Original Data'!$U$67)/('Original Data'!$V$67-'Original Data'!$U$67) -> 0.12640789 | U67: =MIN(D67:T67) -> 0 | V67: =MAX(D67:T67) -> 1
B68: Information technology exports, percent of total goods exports, 2021 | C68: higher | D68: =('Original Data'!D68-'Original Data'!$U$68)/('Original Data'!$V$68-'Original Data'!$U$68) -> 0 | E68: =('Original Data'!E68-'Original Data'!$U$68)/('Original Data'!$V$68-'Original Data'!$U$68) -> 0.21202327 | F68: =('Original Data'!F68-'Original Data'!$U$68)/('Original Data'!$V$68-'Original Data'!$U$68) -> 0.12928248 | G68: =('Original Data'!G68-'Original Data'!$U$68)/('Original Data'!$V$68-'Original Data'!$U$68) -> 1 | H68: =('Original Data'!H68-'Original Data'!$U$68)/('Original Data'!$V$68-'Original Data'!$U$68) -> 0.63089851 | I68: =('Original Data'!I68-'Original Data'!$U$68)/('Original Data'!$V$68-'Original Data'!$U$68) -> 0.094376212 | J68: =('Original Data'!J68-'Original Data'!$U$68)/('Original Data'!$V$68-'Original Data'!$U$68) -> 0.7918552 | K68: =('Original Data'!K68-'Original Data'!$U$68)/('Original Data'!$V$68-'Original Data'!$U$68) -> 0.57207498 | ... T68: =('Original Data'!T68-'Original Data'!$U$68)/('Original Data'!$V$68-'Original Data'!$U$68) -> 0.041370394 | U68: =MIN(D68:T68) -> 0 | V68: =MAX(D68:T68) -> 1
B69: ICT sector share in GDP | C69: higher | D69: =('Original Data'!D69-'Original Data'!$U$69)/('Original Data'!$V$69-'Original Data'!$U$69) -> 0.013793103 | E69: =('Original Data'!E69-'Original Data'!$U$69)/('Original Data'!$V$69-'Original Data'!$U$69) -> 1 | F69: =('Original Data'!F69-'Original Data'!$U$69)/('Original Data'!$V$69-'Original Data'!$U$69) -> 0.41034483 | G69: =('Original Data'!G69-'Original Data'!$U$69)/('Original Data'!$V$69-'Original Data'!$U$69) -> 0.43448276 | H69: =('Original Data'!H69-'Original Data'!$U$69)/('Original Data'!$V$69-'Original Data'!$U$69) -> 0.62068966 | I69: =('Original Data'!I69-'Original Data'!$U$69)/('Original Data'!$V$69-'Original Data'!$U$69) -> 0.42758621 | J69: =('Original Data'!J69-'Original Data'!$U$69)/('Original Data'!$V$69-'Original Data'!$U$69) -> 0.48275862 | K69: =('Original Data'!K69-'Original Data'!$U$69)/('Original Data'!$V$69-'Original Data'!$U$69) -> 0.58275862 | ... T69: =('Original Data'!T69-'Original Data'!$U$69)/('Original Data'!$V$69-'Original Data'!$U$69) -> 0.39310345 | U69: =MIN(D69:T69) -> 0 | V69: =MAX(D69:T69) -> 1
B70: Government support to digital development | C70: higher | D70: =('Original Data'!D70-'Original Data'!$U$70)/('Original Data'!$V$70-'Original Data'!$U$70) -> 0.21153846 | E70: =('Original Data'!E70-'Original Data'!$U$70)/('Original Data'!$V$70-'Original Data'!$U$70) -> 0.23076923 | F70: =('Original Data'!F70-'Original Data'!$U$70)/('Original Data'!$V$70-'Original Data'!$U$70) -> 0.038461538 | G70: =('Original Data'!G70-'Original Data'!$U$70)/('Original Data'!$V$70-'Original Data'!$U$70) -> 0.057692308 | H70: =('Original Data'!H70-'Original Data'!$U$70)/('Original Data'!$V$70-'Original Data'!$U$70) -> 1 | I70: =('Original Data'!I70-'Original Data'!$U$70)/('Original Data'!$V$70-'Original Data'!$U$70) -> 0.26923077 | J70: =('Original Data'!J70-'Original Data'!$U$70)/('Original Data'!$V$70-'Original Data'!$U$70) -> 0.076923077 | K70: =('Original Data'!K70-'Original Data'!$U$70)/('Original Data'!$V$70-'Original Data'!$U$70) -> 0.25 | ... T70: =('Original Data'!T70-'Original Data'!$U$70)/('Original Data'!$V$70-'Original Data'!$U$70) -> 0.038461538 | U70: =MIN(D70:T70) -> 0 | V70: =MAX(D70:T70) -> 1
B71: Innovations index (0-100) 2021 | C71: higher | D71: =('Original Data'!D71-'Original Data'!$U$71)/('Original Data'!$V$71-'Original Data'!$U$71) -> 0 | E71: =('Original Data'!E71-'Original Data'!$U$71)/('Original Data'!$V$71-'Original Data'!$U$71) -> 0.65753425 | F71: =('Original Data'!F71-'Original Data'!$U$71)/('Original Data'!$V$71-'Original Data'!$U$71) -> 0.42465753 | G71: =('Original Data'!G71-'Original Data'!$U$71)/('Original Data'!$V$71-'Original Data'!$U$71) -> 0.95890411 | H71: =('Original Data'!H71-'Original Data'!$U$71)/('Original Data'!$V$71-'Original Data'!$U$71) -> 1 | I71: =('Original Data'!I71-'Original Data'!$U$71)/('Original Data'!$V$71-'Original Data'!$U$71) -> 0.20091324 | J71: =('Original Data'!J71-'Original Data'!$U$71)/('Original Data'!$V$71-'Original Data'!$U$71) -> 0.67123288 | K71: =('Original Data'!K71-'Original Data'!$U$71)/('Original Data'!$V$71-'Original Data'!$U$71) -> 0.54794521 | ... T71: =('Original Data'!T71-'Original Data'!$U$71)/('Original Data'!$V$71-'Original Data'!$U$71) -> 0.34703196 | U71: =MIN(D71:T71) -> 0 | V71: =MAX(D71:T71) -> 1
B72: Financial literacy in adults % | C72: higher | D72: =('Original Data'!D72-'Original Data'!$U$72)/('Original Data'!$V$72-'Original Data'!$U$72) -> 0 | E72: =('Original Data'!E72-'Original Data'!$U$72)/('Original Data'!$V$72-'Original Data'!$U$72) -> 0.47727273 | F72: =('Original Data'!F72-'Original Data'!$U$72)/('Original Data'!$V$72-'Original Data'!$U$72) -> 0.68181818 | G72: =('Original Data'!G72-'Original Data'!$U$72)/('Original Data'!$V$72-'Original Data'!$U$72) -> 1 | H72: =('Original Data'!H72-'Original Data'!$U$72)/('Original Data'!$V$72-'Original Data'!$U$72) -> 0.90909091 | I72: =('Original Data'!I72-'Original Data'!$U$72)/('Original Data'!$V$72-'Original Data'!$U$72) -> 0.36363636 | J72: =('Original Data'!J72-'Original Data'!$U$72)/('Original Data'!$V$72-'Original Data'!$U$72) -> 0.90909091 | K72: =('Original Data'!K72-'Original Data'!$U$72)/('Original Data'!$V$72-'Original Data'!$U$72) -> 0.77272727 | ... T72: =('Original Data'!T72-'Original Data'!$U$72)/('Original Data'!$V$72-'Original Data'!$U$72) -> 0.59090909 | U72: =MIN(D72:T72) -> 0 | V72: =MAX(D72:T72) -> 1
A73: Innovation and IT | B73: Digital skills among population | C73: higher | D73: =('Original Data'!D73-'Original Data'!$U$73)/('Original Data'!$V$73-'Original Data'!$U$73) -> 0.18644068 | E73: =('Original Data'!E73-'Original Data'!$U$73)/('Original Data'!$V$73-'Original Data'!$U$73) -> 0.55932203 | F73: =('Original Data'!F73-'Original Data'!$U$73)/('Original Data'!$V$73-'Original Data'!$U$73) -> 0.033898305 | G73: =('Original Data'!G73-'Original Data'!$U$73)/('Original Data'!$V$73-'Original Data'!$U$73) -> 0.63276836 | H73: =('Original Data'!H73-'Original Data'!$U$73)/('Original Data'!$V$73-'Original Data'!$U$73) -> 1 | I73: =('Original Data'!I73-'Original Data'!$U$73)/('Original Data'!$V$73-'Original Data'!$U$73) -> 0 | J73: =('Original Data'!J73-'Original Data'!$U$73)/('Original Data'!$V$73-'Original Data'!$U$73) -> 0.17514124 | K73: =('Original Data'!K73-'Original Data'!$U$73)/('Original Data'!$V$73-'Original Data'!$U$73) -> 0.63841808 | ... T73: =('Original Data'!T73-'Original Data'!$U$73)/('Original Data'!$V$73-'Original Data'!$U$73) -> 0.44632768 | U73: =MIN(D73:T73) -> 0 | V73: =MAX(D73:T73) -> 1
B74: Adult participation rate in life long learning % population age 25 to 64 | C74: higher | D74: =('Original Data'!D74-'Original Data'!$U$74)/('Original Data'!$V$74-'Original Data'!$U$74) -> 0.10582011 | E74: =('Original Data'!E74-'Original Data'!$U$74)/('Original Data'!$V$74-'Original Data'!$U$74) -> 0.095238095 | F74: =('Original Data'!F74-'Original Data'!$U$74)/('Original Data'!$V$74-'Original Data'!$U$74) -> 0.26984127 | G74: =('Original Data'!G74-'Original Data'!$U$74)/('Original Data'!$V$74-'Original Data'!$U$74) -> 0.30687831 | H74: =('Original Data'!H74-'Original Data'!$U$74)/('Original Data'!$V$74-'Original Data'!$U$74) -> 0.97354497 | I74: =('Original Data'!I74-'Original Data'!$U$74)/('Original Data'!$V$74-'Original Data'!$U$74) -> 0 | J74: =('Original Data'!J74-'Original Data'!$U$74)/('Original Data'!$V$74-'Original Data'!$U$74) -> 0.31216931 | K74: =('Original Data'!K74-'Original Data'!$U$74)/('Original Data'!$V$74-'Original Data'!$U$74) -> 0.45502646 | ... T74: =('Original Data'!T74-'Original Data'!$U$74)/('Original Data'!$V$74-'Original Data'!$U$74) -> 0 | U74: =MIN(D74:T74) -> 0 | V74: =MAX(D74:T74) -> 1
B75: Government expenditure on education, total (% of GDP) 2020 | C75: higher | D75: =('Original Data'!D75-'Original Data'!$U$75)/('Original Data'!$V$75-'Original Data'!$U$75) -> 0 | E75: =('Original Data'!E75-'Original Data'!$U$75)/('Original Data'!$V$75-'Original Data'!$U$75) -> 0.27011496 | F75: =('Original Data'!F75-'Original Data'!$U$75)/('Original Data'!$V$75-'Original Data'!$U$75) -> 0.56896552 | G75: =('Original Data'!G75-'Original Data'!$U$75)/('Original Data'!$V$75-'Original Data'!$U$75) -> 1 | H75: =('Original Data'!H75-'Original Data'!$U$75)/('Original Data'!$V$75-'Original Data'!$U$75) -> 0.21554026 | I75: =('Original Data'!I75-'Original Data'!$U$75)/('Original Data'!$V$75-'Original Data'!$U$75) -> 0.70114944 | J75: =('Original Data'!J75-'Original Data'!$U$75)/('Original Data'!$V$75-'Original Data'!$U$75) -> 0.47701158 | K75: =('Original Data'!K75-'Original Data'!$U$75)/('Original Data'!$V$75-'Original Data'!$U$75) -> 0.25061787 | ... T75: =('Original Data'!T75-'Original Data'!$U$75)/('Original Data'!$V$75-'Original Data'!$U$75) -> 0.65583908 | U75: =MIN(D75:T75) -> 0 | V75: =MAX(D75:T75) -> 1
B76: Human Capital Index (HCI), Upper Bound (scale 0-1) | C76: higher | D76: =('Original Data'!D76-'Original Data'!$U$76)/('Original Data'!$V$76-'Original Data'!$U$76) -> 0.35672016 | E76: =('Original Data'!E76-'Original Data'!$U$76)/('Original Data'!$V$76-'Original Data'!$U$76) -> 0.27433141 | F76: =('Original Data'!F76-'Original Data'!$U$76)/('Original Data'!$V$76-'Original Data'!$U$76) -> 0.87973898 | G76: =('Original Data'!G76-'Original Data'!$U$76)/('Original Data'!$V$76-'Original Data'!$U$76) -> 0.69055878 | H76: =('Original Data'!H76-'Original Data'!$U$76)/('Original Data'!$V$76-'Original Data'!$U$76) -> 1 | I76: =('Original Data'!I76-'Original Data'!$U$76)/('Original Data'!$V$76-'Original Data'!$U$76) -> 0.057209663 | J76: =('Original Data'!J76-'Original Data'!$U$76)/('Original Data'!$V$76-'Original Data'!$U$76) -> 0.5695364 | K76: =('Original Data'!K76-'Original Data'!$U$76)/('Original Data'!$V$76-'Original Data'!$U$76) -> 0.69184761 | ... T76: =('Original Data'!T76-'Original Data'!$U$76)/('Original Data'!$V$76-'Original Data'!$U$76) -> 0.35263378 | U76: =MIN(D76:T76) -> 0 | V76: =MAX(D76:T76) -> 1
B77: Human flight and brain drain index | C77: lower | D77: =('Original Data'!$V$77-'Original Data'!D77)/('Original Data'!$V$77-'Original Data'!$U$77) -> 0 | E77: =('Original Data'!$V$77-'Original Data'!E77)/('Original Data'!$V$77-'Original Data'!$U$77) -> 0.48484848 | F77: =('Original Data'!$V$77-'Original Data'!F77)/('Original Data'!$V$77-'Original Data'!$U$77) -> 0.37878788 | G77: =('Original Data'!$V$77-'Original Data'!G77)/('Original Data'!$V$77-'Original Data'!$U$77) -> 0.74242424 | H77: =('Original Data'!$V$77-'Original Data'!H77)/('Original Data'!$V$77-'Original Data'!$U$77) -> 0.59090909 | I77: =('Original Data'!$V$77-'Original Data'!I77)/('Original Data'!$V$77-'Original Data'!$U$77) -> 0.37878788 | J77: =('Original Data'!$V$77-'Original Data'!J77)/('Original Data'!$V$77-'Original Data'!$U$77) -> 1 | K77: =('Original Data'!$V$77-'Original Data'!K77)/('Original Data'!$V$77-'Original Data'!$U$77) -> 0.42424242 | ... T77: =('Original Data'!$V$77-'Original Data'!T77)/('Original Data'!$V$77-'Original Data'!$U$77) -> 0.36363636 | U77: =MIN(D77:T77) -> 0 | V77: =MAX(D77:T77) -> 1
B78: GINI index degree of inequality in the distribution of income/wealth | C78: Lower | D78: =('Original Data'!$V$78-'Original Data'!D78)/('Original Data'!$V$78-'Original Data'!$U$78) -> 0.6416185 | E78: =('Original Data'!$V$78-'Original Data'!E78)/('Original Data'!$V$78-'Original Data'!$U$78) -> 0 | F78: =('Original Data'!$V$78-'Original Data'!F78)/('Original Data'!$V$78-'Original Data'!$U$78) -> 0.63583815 | G78: =('Original Data'!$V$78-'Original Data'!G78)/('Original Data'!$V$78-'Original Data'!$U$78) -> 0.8265896 | H78: =('Original Data'!$V$78-'Original Data'!H78)/('Original Data'!$V$78-'Original Data'!$U$78) -> 0.56647399 | I78: =('Original Data'!$V$78-'Original Data'!I78)/('Original Data'!$V$78-'Original Data'!$U$78) -> 0.34682081 | J78: =('Original Data'!$V$78-'Original Data'!J78)/('Original Data'!$V$78-'Original Data'!$U$78) -> 0.62427746 | K78: =('Original Data'!$V$78-'Original Data'!K78)/('Original Data'!$V$78-'Original Data'!$U$78) -> 0.26011561 | ... T78: =('Original Data'!$V$78-'Original Data'!T78)/('Original Data'!$V$78-'Original Data'!$U$78) -> 0.86127168 | U78: =MIN(D78:T78) -> 0 | V78: =MAX(D78:T78) -> 1
B79: Dependent people as percent of the working age population 2021 | C79: lower | D79: =('Original Data'!$V$79-'Original Data'!D79)/('Original Data'!$V$79-'Original Data'!$U$79) -> 0.75609756 | E79: =('Original Data'!$V$79-'Original Data'!E79)/('Original Data'!$V$79-'Original Data'!$U$79) -> 0.1402439 | F79: =('Original Data'!$V$79-'Original Data'!F79)/('Original Data'!$V$79-'Original Data'!$U$79) -> 0.19105691 | G79: =('Original Data'!$V$79-'Original Data'!G79)/('Original Data'!$V$79-'Original Data'!$U$79) -> 0.13346883 | H79: =('Original Data'!$V$79-'Original Data'!H79)/('Original Data'!$V$79-'Original Data'!$U$79) -> 0.068428184 | I79: =('Original Data'!$V$79-'Original Data'!I79)/('Original Data'!$V$79-'Original Data'!$U$79) -> 0.26693767 | J79: =('Original Data'!$V$79-'Original Data'!J79)/('Original Data'!$V$79-'Original Data'!$U$79) -> 0.37669377 | K79: =('Original Data'!$V$79-'Original Data'!K79)/('Original Data'!$V$79-'Original Data'!$U$79) -> 0 | ... T79: =('Original Data'!$V$79-'Original Data'!T79)/('Original Data'!$V$79-'Original Data'!$U$79) -> 0.7398374 | U79: =MIN(D79:T79) -> 0 | V79: =MAX(D79:T79) -> 1
B80: Poverty - share of population below 6.85$ per day % | C80: lower | D80: =('Original Data'!$V$80-'Original Data'!D80)/('Original Data'!$V$80-'Original Data'!$U$80) -> 0.81417756 | E80: =('Original Data'!$V$80-'Original Data'!E80)/('Original Data'!$V$80-'Original Data'!$U$80) -> 0.87869924 | F80: =('Original Data'!$V$80-'Original Data'!F80)/('Original Data'!$V$80-'Original Data'!$U$80) -> 0.96145905 | G80: =('Original Data'!$V$80-'Original Data'!G80)/('Original Data'!$V$80-'Original Data'!$U$80) -> 0.99776325 | H80: =('Original Data'!$V$80-'Original Data'!H80)/('Original Data'!$V$80-'Original Data'!$U$80) -> 0.97814866 | I80: =('Original Data'!$V$80-'Original Data'!I80)/('Original Data'!$V$80-'Original Data'!$U$80) -> 0 | J80: =('Original Data'!$V$80-'Original Data'!J80)/('Original Data'!$V$80-'Original Data'!$U$80) -> 0.95870613 | K80: =('Original Data'!$V$80-'Original Data'!K80)/('Original Data'!$V$80-'Original Data'!$U$80) -> 0.9571576 | ... T80: =('Original Data'!$V$80-'Original Data'!T80)/('Original Data'!$V$80-'Original Data'!$U$80) -> 0.88093599 | U80: =MIN(D80:T80) -> 0 | V80: =MAX(D80:T80) -> 1
B81: Gender employment gap (difference between male and female labor force participation rate) | C81: lower | D81: =('Original Data'!$V$81-'Original Data'!D81)/('Original Data'!$V$81-'Original Data'!$U$81) -> 0.59406657 | E81: =('Original Data'!$V$81-'Original Data'!E81)/('Original Data'!$V$81-'Original Data'!$U$81) -> 0.69898698 | F81: =('Original Data'!$V$81-'Original Data'!F81)/('Original Data'!$V$81-'Original Data'!$U$81) -> 0.67800289 | G81: =('Original Data'!$V$81-'Original Data'!G81)/('Original Data'!$V$81-'Original Data'!$U$81) -> 0.47105644 | H81: =('Original Data'!$V$81-'Original Data'!H81)/('Original Data'!$V$81-'Original Data'!$U$81) -> 0.79811867 | I81: =('Original Data'!$V$81-'Original Data'!I81)/('Original Data'!$V$81-'Original Data'!$U$81) -> 0.329233 | J81: =('Original Data'!$V$81-'Original Data'!J81)/('Original Data'!$V$81-'Original Data'!$U$81) -> 0.58321274 | K81: =('Original Data'!$V$81-'Original Data'!K81)/('Original Data'!$V$81-'Original Data'!$U$81) -> 0.6975398 | ... T81: =('Original Data'!$V$81-'Original Data'!T81)/('Original Data'!$V$81-'Original Data'!$U$81) -> 0.54413893 | U81: =MIN(D81:T81) -> 0 | V81: =MAX(D81:T81) -> 1
B82: People at risk of social exclusion 2022 | C82: lower | D82: =('Original Data'!$V$82-'Original Data'!D82)/('Original Data'!$V$82-'Original Data'!$U$82) -> 0 | E82: =('Original Data'!$V$82-'Original Data'!E82)/('Original Data'!$V$82-'Original Data'!$U$82) -> 0.31052632 | F82: =('Original Data'!$V$82-'Original Data'!F82)/('Original Data'!$V$82-'Original Data'!$U$82) -> 0.63421053 | G82: =('Original Data'!$V$82-'Original Data'!G82)/('Original Data'!$V$82-'Original Data'!$U$82) -> 0.84736842 | H82: =('Original Data'!$V$82-'Original Data'!H82)/('Original Data'!$V$82-'Original Data'!$U$82) -> 0.49473684 | I82: =('Original Data'!$V$82-'Original Data'!I82)/('Original Data'!$V$82-'Original Data'!$U$82) -> 0.59736842 | J82: =('Original Data'!$V$82-'Original Data'!J82)/('Original Data'!$V$82-'Original Data'!$U$82) -> 0.67368421 | K82: =('Original Data'!$V$82-'Original Data'!K82)/('Original Data'!$V$82-'Original Data'!$U$82) -> 0.47368421 | ... T82: =('Original Data'!$V$82-'Original Data'!T82)/('Original Data'!$V$82-'Original Data'!$U$82) -> 1 | U82: =MIN(D82:T82) -> 0 | V82: =MAX(D82:T82) -> 1
B83: Unequal economic development index | C83: lower | D83: =('Original Data'!$V$83-'Original Data'!D83)/('Original Data'!$V$83-'Original Data'!$U$83) -> 0.72 | E83: =('Original Data'!$V$83-'Original Data'!E83)/('Original Data'!$V$83-'Original Data'!$U$83) -> 0.04 | F83: =('Original Data'!$V$83-'Original Data'!F83)/('Original Data'!$V$83-'Original Data'!$U$83) -> 0.68 | G83: =('Original Data'!$V$83-'Original Data'!G83)/('Original Data'!$V$83-'Original Data'!$U$83) -> 1 | H83: =('Original Data'!$V$83-'Original Data'!H83)/('Original Data'!$V$83-'Original Data'!$U$83) -> 0.68 | I83: =('Original Data'!$V$83-'Original Data'!I83)/('Original Data'!$V$83-'Original Data'!$U$83) -> 0.04 | J83: =('Original Data'!$V$83-'Original Data'!J83)/('Original Data'!$V$83-'Original Data'!$U$83) -> 0.72 | K83: =('Original Data'!$V$83-'Original Data'!K83)/('Original Data'!$V$83-'Original Data'!$U$83) -> 0.32 | ... T83: =('Original Data'!$V$83-'Original Data'!T83)/('Original Data'!$V$83-'Original Data'!$U$83) -> 0.6 | U83: =MIN(D83:T83) -> 0 | V83: =MAX(D83:T83) -> 1
A84: Governance effectiveness | B84: State legitimacy index | C84: lower | D84: =('Original Data'!$V$84-'Original Data'!D84)/('Original Data'!$V$84-'Original Data'!$U$84) -> 0.43661972 | E84: =('Original Data'!$V$84-'Original Data'!E84)/('Original Data'!$V$84-'Original Data'!$U$84) -> 0.69014085 | F84: =('Original Data'!$V$84-'Original Data'!F84)/('Original Data'!$V$84-'Original Data'!$U$84) -> 0.83098592 | G84: =('Original Data'!$V$84-'Original Data'!G84)/('Original Data'!$V$84-'Original Data'!$U$84) -> 0.57746479 | H84: =('Original Data'!$V$84-'Original Data'!H84)/('Original Data'!$V$84-'Original Data'!$U$84) -> 1 | I84: =('Original Data'!$V$84-'Original Data'!I84)/('Original Data'!$V$84-'Original Data'!$U$84) -> 0 | J84: =('Original Data'!$V$84-'Original Data'!J84)/('Original Data'!$V$84-'Original Data'!$U$84) -> 0.25352113 | K84: =('Original Data'!$V$84-'Original Data'!K84)/('Original Data'!$V$84-'Original Data'!$U$84) -> 0.87323944 | ... T84: =('Original Data'!$V$84-'Original Data'!T84)/('Original Data'!$V$84-'Original Data'!$U$84) -> 0.25352113 | U84: =MIN(D84:T84) -> 0 | V84: =MAX(D84:T84) -> 1
B85: Public services index | C85: lower | D85: =('Original Data'!$V$85-'Original Data'!D85)/('Original Data'!$V$85-'Original Data'!$U$85) -> 0.38709677 | E85: =('Original Data'!$V$85-'Original Data'!E85)/('Original Data'!$V$85-'Original Data'!$U$85) -> 0.35483871 | F85: =('Original Data'!$V$85-'Original Data'!F85)/('Original Data'!$V$85-'Original Data'!$U$85) -> 0.61290323 | G85: =('Original Data'!$V$85-'Original Data'!G85)/('Original Data'!$V$85-'Original Data'!$U$85) -> 0.67741935 | H85: =('Original Data'!$V$85-'Original Data'!H85)/('Original Data'!$V$85-'Original Data'!$U$85) -> 1 | I85: =('Original Data'!$V$85-'Original Data'!I85)/('Original Data'!$V$85-'Original Data'!$U$85) -> 0.38709677 | J85: =('Original Data'!$V$85-'Original Data'!J85)/('Original Data'!$V$85-'Original Data'!$U$85) -> 0.70967742 | K85: =('Original Data'!$V$85-'Original Data'!K85)/('Original Data'!$V$85-'Original Data'!$U$85) -> 0.5483871 | ... T85: =('Original Data'!$V$85-'Original Data'!T85)/('Original Data'!$V$85-'Original Data'!$U$85) -> 0.32258065 | U85: =MIN(D85:T85) -> 0 | V85: =MAX(D85:T85) -> 1
B86: Factionalized elites index | C86: lower | D86: =('Original Data'!$V$86-'Original Data'!D86)/('Original Data'!$V$86-'Original Data'!$U$86) -> 0.4084507 | E86: =('Original Data'!$V$86-'Original Data'!E86)/('Original Data'!$V$86-'Original Data'!$U$86) -> 0.53521127 | F86: =('Original Data'!$V$86-'Original Data'!F86)/('Original Data'!$V$86-'Original Data'!$U$86) -> 0.66197183 | G86: =('Original Data'!$V$86-'Original Data'!G86)/('Original Data'!$V$86-'Original Data'!$U$86) -> 0.53521127 | H86: =('Original Data'!$V$86-'Original Data'!H86)/('Original Data'!$V$86-'Original Data'!$U$86) -> 0.45070423 | I86: =('Original Data'!$V$86-'Original Data'!I86)/('Original Data'!$V$86-'Original Data'!$U$86) -> 0 | J86: =('Original Data'!$V$86-'Original Data'!J86)/('Original Data'!$V$86-'Original Data'!$U$86) -> 0.53521127 | K86: =('Original Data'!$V$86-'Original Data'!K86)/('Original Data'!$V$86-'Original Data'!$U$86) -> 0.67605634 | ... T86: =('Original Data'!$V$86-'Original Data'!T86)/('Original Data'!$V$86-'Original Data'!$U$86) -> 0.15492958 | U86: =MIN(D86:T86) -> 0 | V86: =MAX(D86:T86) -> 1
B87: Rule of law index | C87: higher | D87: =('Original Data'!D87-'Original Data'!$U$87)/('Original Data'!$V$87-'Original Data'!$U$87) -> 0.19138756 | E87: =('Original Data'!E87-'Original Data'!$U$87)/('Original Data'!$V$87-'Original Data'!$U$87) -> 0.29665072 | F87: =('Original Data'!F87-'Original Data'!$U$87)/('Original Data'!$V$87-'Original Data'!$U$87) -> 0.44019139 | G87: =('Original Data'!G87-'Original Data'!$U$87)/('Original Data'!$V$87-'Original Data'!$U$87) -> 0.85645933 | H87: =('Original Data'!H87-'Original Data'!$U$87)/('Original Data'!$V$87-'Original Data'!$U$87) -> 1 | I87: =('Original Data'!I87-'Original Data'!$U$87)/('Original Data'!$V$87-'Original Data'!$U$87) -> 0.43062201 | J87: =('Original Data'!J87-'Original Data'!$U$87)/('Original Data'!$V$87-'Original Data'!$U$87) -> 0.56937799 | K87: =('Original Data'!K87-'Original Data'!$U$87)/('Original Data'!$V$87-'Original Data'!$U$87) -> 0.784689 | ... T87: =('Original Data'!T87-'Original Data'!$U$87)/('Original Data'!$V$87-'Original Data'!$U$87) -> 0 | U87: =MIN(D87:T87) -> 0 | V87: =MAX(D87:T87) -> 1
B88: Government effectiveness index | C88: higher | D88: =('Original Data'!D88-'Original Data'!$U$88)/('Original Data'!$V$88-'Original Data'!$U$88) -> 0.22905028 | E88: =('Original Data'!E88-'Original Data'!$U$88)/('Original Data'!$V$88-'Original Data'!$U$88) -> 0.15083799 | F88: =('Original Data'!F88-'Original Data'!$U$88)/('Original Data'!$V$88-'Original Data'!$U$88) -> 0.48603352 | G88: =('Original Data'!G88-'Original Data'!$U$88)/('Original Data'!$V$88-'Original Data'!$U$88) -> 0.84916201 | H88: =('Original Data'!H88-'Original Data'!$U$88)/('Original Data'!$V$88-'Original Data'!$U$88) -> 1 | I88: =('Original Data'!I88-'Original Data'!$U$88)/('Original Data'!$V$88-'Original Data'!$U$88) -> 0.64804469 | J88: =('Original Data'!J88-'Original Data'!$U$88)/('Original Data'!$V$88-'Original Data'!$U$88) -> 0.58100559 | K88: =('Original Data'!K88-'Original Data'!$U$88)/('Original Data'!$V$88-'Original Data'!$U$88) -> 0.7150838 | ... T88: =('Original Data'!T88-'Original Data'!$U$88)/('Original Data'!$V$88-'Original Data'!$U$88) -> 0 | U88: =MIN(D88:T88) -> 0 | V88: =MAX(D88:T88) -> 1
B89: Control of corruption | C89: higher | D89: =('Original Data'!D89-'Original Data'!$U$89)/('Original Data'!$V$89-'Original Data'!$U$89) -> 0.090909091 | E89: =('Original Data'!E89-'Original Data'!$U$89)/('Original Data'!$V$89-'Original Data'!$U$89) -> 0.22943723 | F89: =('Original Data'!F89-'Original Data'!$U$89)/('Original Data'!$V$89-'Original Data'!$U$89) -> 0.41991342 | G89: =('Original Data'!G89-'Original Data'!$U$89)/('Original Data'!$V$89-'Original Data'!$U$89) -> 0.61038961 | H89: =('Original Data'!H89-'Original Data'!$U$89)/('Original Data'!$V$89-'Original Data'!$U$89) -> 1 | I89: =('Original Data'!I89-'Original Data'!$U$89)/('Original Data'!$V$89-'Original Data'!$U$89) -> 0.60606061 | J89: =('Original Data'!J89-'Original Data'!$U$89)/('Original Data'!$V$89-'Original Data'!$U$89) -> 0.35064935 | K89: =('Original Data'!K89-'Original Data'!$U$89)/('Original Data'!$V$89-'Original Data'!$U$89) -> 0.65800866 | ... T89: =('Original Data'!T89-'Original Data'!$U$89)/('Original Data'!$V$89-'Original Data'!$U$89) -> 0 | U89: =MIN(D89:T89) -> 0 | V89: =MAX(D89:T89) -> 1
B90: Political stability index | C90: higher | D90: =('Original Data'!D90-'Original Data'!$U$90)/('Original Data'!$V$90-'Original Data'!$U$90) -> 0.58737864 | E90: =('Original Data'!E90-'Original Data'!$U$90)/('Original Data'!$V$90-'Original Data'!$U$90) -> 0.75728155 | F90: =('Original Data'!F90-'Original Data'!$U$90)/('Original Data'!$V$90-'Original Data'!$U$90) -> 0.83009709 | G90: =('Original Data'!G90-'Original Data'!$U$90)/('Original Data'!$V$90-'Original Data'!$U$90) -> 1 | H90: =('Original Data'!H90-'Original Data'!$U$90)/('Original Data'!$V$90-'Original Data'!$U$90) -> 0.90291262 | I90: =('Original Data'!I90-'Original Data'!$U$90)/('Original Data'!$V$90-'Original Data'!$U$90) -> 0.33009709 | J90: =('Original Data'!J90-'Original Data'!$U$90)/('Original Data'!$V$90-'Original Data'!$U$90) -> 0.95145631 | K90: =('Original Data'!K90-'Original Data'!$U$90)/('Original Data'!$V$90-'Original Data'!$U$90) -> 0.86893204 | ... T90: =('Original Data'!T90-'Original Data'!$U$90)/('Original Data'!$V$90-'Original Data'!$U$90) -> 0 | U90: =MIN(D90:T90) -> 0 | V90: =MAX(D90:T90) -> 1
B91: Corruption Perceptions Index, 100 = no corruption | C91: higher | D91: =('Original Data'!D91-'Original Data'!$U$91)/('Original Data'!$V$91-'Original Data'!$U$91) -> 0.071428571 | E91: =('Original Data'!E91-'Original Data'!$U$91)/('Original Data'!$V$91-'Original Data'!$U$91) -> 0.23809524 | F91: =('Original Data'!F91-'Original Data'!$U$91)/('Original Data'!$V$91-'Original Data'!$U$91) -> 0.35714286 | G91: =('Original Data'!G91-'Original Data'!$U$91)/('Original Data'!$V$91-'Original Data'!$U$91) -> 0.52380952 | H91: =('Original Data'!H91-'Original Data'!$U$91)/('Original Data'!$V$91-'Original Data'!$U$91) -> 1 | I91: =('Original Data'!I91-'Original Data'!$U$91)/('Original Data'!$V$91-'Original Data'!$U$91) -> 0.57142857 | J91: =('Original Data'!J91-'Original Data'!$U$91)/('Original Data'!$V$91-'Original Data'!$U$91) -> 0.26190476 | K91: =('Original Data'!K91-'Original Data'!$U$91)/('Original Data'!$V$91-'Original Data'!$U$91) -> 0.64285714 | ... T91: =('Original Data'!T91-'Original Data'!$U$91)/('Original Data'!$V$91-'Original Data'!$U$91) -> 0 | U91: =MIN(D91:T91) -> 0 | V91: =MAX(D91:T91) -> 1
B92: Defense expenditures per capita current USD | C92: higher | D92: =('Original Data'!D92-'Original Data'!$U$92)/('Original Data'!$V$92-'Original Data'!$U$92) -> 0.1390681 | E92: =('Original Data'!E92-'Original Data'!$U$92)/('Original Data'!$V$92-'Original Data'!$U$92) -> 0.28688646 | F92: =('Original Data'!F92-'Original Data'!$U$92)/('Original Data'!$V$92-'Original Data'!$U$92) -> 0.48599942 | G92: =('Original Data'!G92-'Original Data'!$U$92)/('Original Data'!$V$92-'Original Data'!$U$92) -> 0.56532118 | H92: =('Original Data'!H92-'Original Data'!$U$92)/('Original Data'!$V$92-'Original Data'!$U$92) -> 0.94155287 | I92: =('Original Data'!I92-'Original Data'!$U$92)/('Original Data'!$V$92-'Original Data'!$U$92) -> 0.12349064 | J92: =('Original Data'!J92-'Original Data'!$U$92)/('Original Data'!$V$92-'Original Data'!$U$92) -> 0.4005319 | K92: =('Original Data'!K92-'Original Data'!$U$92)/('Original Data'!$V$92-'Original Data'!$U$92) -> 0.69993875 | ... T92: =('Original Data'!T92-'Original Data'!$U$92)/('Original Data'!$V$92-'Original Data'!$U$92) -> 0.19535569 | U92: =MIN(D92:T92) -> 0 | V92: =MAX(D92:T92) -> 1
B93: Defene expenditures as share of government expenditures | C93: higher | D93: =('Original Data'!D93-'Original Data'!$U$93)/('Original Data'!$V$93-'Original Data'!$U$93) -> 0.005803194 | E93: =('Original Data'!E93-'Original Data'!$U$93)/('Original Data'!$V$93-'Original Data'!$U$93) -> 0.0043556228 | F93: =('Original Data'!F93-'Original Data'!$U$93)/('Original Data'!$V$93-'Original Data'!$U$93) -> 0.0041783355 | G93: =('Original Data'!G93-'Original Data'!$U$93)/('Original Data'!$V$93-'Original Data'!$U$93) -> 0.0031428919 | H93: =('Original Data'!H93-'Original Data'!$U$93)/('Original Data'!$V$93-'Original Data'!$U$93) -> 0.0061090144 | I93: =('Original Data'!I93-'Original Data'!$U$93)/('Original Data'!$V$93-'Original Data'!$U$93) -> 0.0060030012 | J93: =('Original Data'!J93-'Original Data'!$U$93)/('Original Data'!$V$93-'Original Data'!$U$93) -> 0.0033217315 | K93: =('Original Data'!K93-'Original Data'!$U$93)/('Original Data'!$V$93-'Original Data'!$U$93) -> 0.0058577204 | ... T93: =('Original Data'!T93-'Original Data'!$U$93)/('Original Data'!$V$93-'Original Data'!$U$93) -> 1 | U93: =MIN(D93:T93) -> 0 | V93: =MAX(D93:T93) -> 1
A94: Military | B94: Defense Industry Capacity Arms exports, million constant U.S. dollars, 2022 | C94: higher | D94: =('Original Data'!D94-'Original Data'!$U$94)/('Original Data'!$V$94-'Original Data'!$U$94) -> 0.0011283186 | E94: =('Original Data'!E94-'Original Data'!$U$94)/('Original Data'!$V$94-'Original Data'!$U$94) -> 0.039823009 | F94: =('Original Data'!F94-'Original Data'!$U$94)/('Original Data'!$V$94-'Original Data'!$U$94) -> 0.0088495575 | G94: =('Original Data'!G94-'Original Data'!$U$94)/('Original Data'!$V$94-'Original Data'!$U$94) -> 0.25663717 | H94: =('Original Data'!H94-'Original Data'!$U$94)/('Original Data'!$V$94-'Original Data'!$U$94) -> 0.013274336 | I94: =('Original Data'!I94-'Original Data'!$U$94)/('Original Data'!$V$94-'Original Data'!$U$94) -> 8.8495575e-06 | J94: =('Original Data'!J94-'Original Data'!$U$94)/('Original Data'!$V$94-'Original Data'!$U$94) -> 0.0010840708 | K94: =('Original Data'!K94-'Original Data'!$U$94)/('Original Data'!$V$94-'Original Data'!$U$94) -> 0.022123894 | ... T94: =('Original Data'!T94-'Original Data'!$U$94)/('Original Data'!$V$94-'Original Data'!$U$94) -> 0.11061947 | U94: =MIN(D94:T94) -> 0 | V94: =MAX(D94:T94) -> 1
B95: Arms imports, total 2020-2022, millions USD | C95: higher | D95: =('Original Data'!D95-'Original Data'!$U$95)/('Original Data'!$V$95-'Original Data'!$U$95) -> 0.0053619303 | E95: =('Original Data'!E95-'Original Data'!$U$95)/('Original Data'!$V$95-'Original Data'!$U$95) -> 0.045576408 | F95: =('Original Data'!F95-'Original Data'!$U$95)/('Original Data'!$V$95-'Original Data'!$U$95) -> 0.030384272 | G95: =('Original Data'!G95-'Original Data'!$U$95)/('Original Data'!$V$95-'Original Data'!$U$95) -> 0.10008937 | H95: =('Original Data'!H95-'Original Data'!$U$95)/('Original Data'!$V$95-'Original Data'!$U$95) -> 0.069705094 | I95: =('Original Data'!I95-'Original Data'!$U$95)/('Original Data'!$V$95-'Original Data'!$U$95) -> 0.0080428954 | J95: =('Original Data'!J95-'Original Data'!$U$95)/('Original Data'!$V$95-'Original Data'!$U$95) -> 0.1331546 | K95: =('Original Data'!K95-'Original Data'!$U$95)/('Original Data'!$V$95-'Original Data'!$U$95) -> 0.067917784 | ... T95: =('Original Data'!T95-'Original Data'!$U$95)/('Original Data'!$V$95-'Original Data'!$U$95) -> 0.071492404 | U95: =MIN(D95:T95) -> 0 | V95: =MAX(D95:T95) -> 1
B96: NATO membership | C96: higher | D96: =('Original Data'!D96-'Original Data'!$U$96)/('Original Data'!$V$96-'Original Data'!$U$96) -> 1 | E96: =('Original Data'!E96-'Original Data'!$U$96)/('Original Data'!$V$96-'Original Data'!$U$96) -> 1 | F96: =('Original Data'!F96-'Original Data'!$U$96)/('Original Data'!$V$96-'Original Data'!$U$96) -> 1 | G96: =('Original Data'!G96-'Original Data'!$U$96)/('Original Data'!$V$96-'Original Data'!$U$96) -> 1 | H96: =('Original Data'!H96-'Original Data'!$U$96)/('Original Data'!$V$96-'Original Data'!$U$96) -> 1 | I96: =('Original Data'!I96-'Original Data'!$U$96)/('Original Data'!$V$96-'Original Data'!$U$96) -> 0 | J96: =('Original Data'!J96-'Original Data'!$U$96)/('Original Data'!$V$96-'Original Data'!$U$96) -> 1 | K96: =('Original Data'!K96-'Original Data'!$U$96)/('Original Data'!$V$96-'Original Data'!$U$96) -> 1 | ... T96: =('Original Data'!T96-'Original Data'!$U$96)/('Original Data'!$V$96-'Original Data'!$U$96) -> 0 | U96: =MIN(D96:T96) -> 0 | V96: =MAX(D96:T96) -> 1
B97: Diversification of Defense Suppliers no. suppliers (countries) total 2019-2022 | C97: higher | D97: =('Original Data'!D97-'Original Data'!$U$97)/('Original Data'!$V$97-'Original Data'!$U$97) -> 0.1 | E97: =('Original Data'!E97-'Original Data'!$U$97)/('Original Data'!$V$97-'Original Data'!$U$97) -> 0.6 | F97: =('Original Data'!F97-'Original Data'!$U$97)/('Original Data'!$V$97-'Original Data'!$U$97) -> 0.2 | G97: =('Original Data'!G97-'Original Data'!$U$97)/('Original Data'!$V$97-'Original Data'!$U$97) -> 0.8 | H97: =('Original Data'!H97-'Original Data'!$U$97)/('Original Data'!$V$97-'Original Data'!$U$97) -> 0.5 | I97: =('Original Data'!I97-'Original Data'!$U$97)/('Original Data'!$V$97-'Original Data'!$U$97) -> 0.1 | J97: =('Original Data'!J97-'Original Data'!$U$97)/('Original Data'!$V$97-'Original Data'!$U$97) -> 0.4 | K97: =('Original Data'!K97-'Original Data'!$U$97)/('Original Data'!$V$97-'Original Data'!$U$97) -> 0.5 | ... T97: =('Original Data'!T97-'Original Data'!$U$97)/('Original Data'!$V$97-'Original Data'!$U$97) -> 0.6 | U97: =MIN(D97:T97) -> 0 | V97: =MAX(D97:T97) -> 1
B98: Active armed forces (thousands) | C98: higher | D98: =('Original Data'!D98-'Original Data'!$U$98)/('Original Data'!$V$98-'Original Data'!$U$98) -> 0.025906736 | E98: =('Original Data'!E98-'Original Data'!$U$98)/('Original Data'!$V$98-'Original Data'!$U$98) -> 0.1761658 | F98: =('Original Data'!F98-'Original Data'!$U$98)/('Original Data'!$V$98-'Original Data'!$U$98) -> 0.07253886 | G98: =('Original Data'!G98-'Original Data'!$U$98)/('Original Data'!$V$98-'Original Data'!$U$98) -> 0.12435233 | H98: =('Original Data'!H98-'Original Data'!$U$98)/('Original Data'!$V$98-'Original Data'!$U$98) -> 0.020725389 | I98: =('Original Data'!I98-'Original Data'!$U$98)/('Original Data'!$V$98-'Original Data'!$U$98) -> 0.093264249 | J98: =('Original Data'!J98-'Original Data'!$U$98)/('Original Data'!$V$98-'Original Data'!$U$98) -> 0.16062176 | K98: =('Original Data'!K98-'Original Data'!$U$98)/('Original Data'!$V$98-'Original Data'!$U$98) -> 0.031088083 | ... T98: =('Original Data'!T98-'Original Data'!$U$98)/('Original Data'!$V$98-'Original Data'!$U$98) -> 1 | U98: =MIN(D98:T98) -> 0 | V98: =MAX(D98:T98) -> 1
B99: Defence Investments | C99: higher | D99: =('Original Data'!D99-'Original Data'!$U$99)/('Original Data'!$V$99-'Original Data'!$U$99) -> 0.091443766 | E99: =('Original Data'!E99-'Original Data'!$U$99)/('Original Data'!$V$99-'Original Data'!$U$99) -> 0.050341872 | F99: =('Original Data'!F99-'Original Data'!$U$99)/('Original Data'!$V$99-'Original Data'!$U$99) -> 0.078078628 | G99: =('Original Data'!G99-'Original Data'!$U$99)/('Original Data'!$V$99-'Original Data'!$U$99) -> 0.15112705 | H99: =('Original Data'!H99-'Original Data'!$U$99)/('Original Data'!$V$99-'Original Data'!$U$99) -> 0.041778599 | I99: =('Original Data'!I99-'Original Data'!$U$99)/('Original Data'!$V$99-'Original Data'!$U$99) -> 0.075979463 | J99: =('Original Data'!J99-'Original Data'!$U$99)/('Original Data'!$V$99-'Original Data'!$U$99) -> 0.21833054 | K99: =('Original Data'!K99-'Original Data'!$U$99)/('Original Data'!$V$99-'Original Data'!$U$99) -> 0.046004601 | ... T99: =('Original Data'!T99-'Original Data'!$U$99)/('Original Data'!$V$99-'Original Data'!$U$99) -> 0.25392796 | U99: =MIN(D99:T99) -> 0 | V99: =MAX(D99:T99) -> 1
C101: Georgia https://www.ceicdata.com/en/indicator/georgia/household-debt--of-nominal-gdp anul 2021 | D101: Moldova aprox https://books.google.ro/books?id=KK8YEAAAQBAJ&pg=PA90&lpg=PA90&dq=Household+debt+%25+GDP+moldova&source=bl&ots=hGYKMZ_Pw1&sig=ACfU3U3RmmJfMiHJ7IVH6lcdNI9K1D8Kvg&hl=ro&sa=X&ved=2ahUKEwjc7ae604OAAxVogf0HHekuDKk4HhDoAXoECBoQAw#v=onepage&q=Household%20debt%20%25%20GDP%20moldova&f=false | E101: Muntenegru https://www.ceicdata.com/en/indicator/montenegro/household-debt--of-nominal-gdp 2022
...

Sheet Correlation
B1: ERICDA | C1: Economic complexity | D1: Foreign trade vulnerabilities and dependence | E1: Energy dependence | F1: Economic openess | G1: Logistics & infrastructure | H1: Economic stability and development | I1: Innovation and IT | J1: Human capital | K1: Governance effectiveness | L1: Military
A2: ERICDA | B2: 1
A3: Economic complexity | B3: 0.82142398 | C3: 1
A4: Foreign trade vulnerabilities and dependence | B4: 0.79411826 | C4: 0.57449181 | D4: 1
A5: Energy dependence | B5: 0.255243 | C5: 0.084567989 | D5: 0.39163374 | E5: 1
A6: Economic openess | B6: -0.35250503 | C6: -0.52319354 | D6: -0.20589201 | E6: 0.49248818 | F6: 1
A7: Logistics & infrastructure | B7: 0.84486342 | C7: 0.67050558 | D7: 0.6513781 | E7: -0.10303866 | F7: -0.53916422 | G7: 1
A8: Economic stability and development | B8: 0.77807885 | C8: 0.65824131 | D8: 0.68263676 | E8: -0.10925186 | F8: -0.51994024 | G8: 0.73818665 | H8: 1
A9: Innovation and IT | B9: 0.69323703 | C9: 0.63632441 | D9: 0.39520497 | E9: -0.30492841 | F9: -0.57165059 | G9: 0.63748248 | H9: 0.68321666 | I9: 1
A10: Human capital | B10: 0.72132729 | C10: 0.67197423 | D10: 0.46555684 | E10: -0.0061012427 | F10: -0.50184044 | G10: 0.53893812 | H10: 0.48119398 | I10: 0.62810127 | J10: 1
A11: Governance effectiveness | B11: 0.76081411 | C11: 0.62282325 | D11: 0.47106947 | E11: -0.33719093 | F11: -0.63576564 | G11: 0.89825513 | H11: 0.76723975 | I11: 0.74464942 | J11: 0.63543073 | K11: 1
A12: Military | B12: 0.72891661 | C12: 0.46541375 | D12: 0.6400533 | E12: 0.60968481 | F12: -0.1249793 | G12: 0.55852656 | H12: 0.46139145 | I12: 0.23631326 | J12: 0.38682173 | K12: 0.31804832 | L12: 1

Sheet Index calculation
B1: Economic complexity | D1: Foreign trade vulnerabilities | J1: Foreign trade dependence | R1: Energy dependance | AA1: Economic openess | AE1: Logistics & infrastructure | AL1: Financial stability | AU1: Sustainable economic development | BC1: Macroeconomic stability | BO1: Innovation and IT | BT1: Human capital | CF1: Governance effectiveness | CN1: Military
B2: 0.5 | C2: 0.5 | D2: =1/6 -> 0.16666667 | E2: =1/6 -> 0.16666667 | F2: =1/6 -> 0.16666667 | G2: =1/6 -> 0.16666667 | H2: =1/6 -> 0.16666667 | I2: =1/6 -> 0.16666667 | J2: =1/8 -> 0.125 | K2: =1/8 -> 0.125 | L2: =1/8 -> 0.125 | M2: =1/8 -> 0.125 | N2: =1/8 -> 0.125 | O2: =1/8 -> 0.125 | P2: =1/8 -> 0.125 | Q2: =1/8 -> 0.125 | R2: =1/9 -> 0.11111111 | S2: =1/9 -> 0.11111111 | T2: =1/9 -> 0.11111111 | U2: =1/9 -> 0.11111111 | V2: =1/9 -> 0.11111111 | W2: =1/9 -> 0.11111111 | X2: =1/9 -> 0.11111111 | Y2: =1/9 -> 0.11111111 | Z2: =1/9 -> 0.11111111 | AA2: =1/4 -> 0.25 | AB2: =1/4 -> 0.25 | AC2: =1/4 -> 0.25 | AD2: =1/4 -> 0.25 | AE2: =1/7 -> 0.14285714 | AF2: =1/7 -> 0.14285714 | AG2: =1/7 -> 0.14285714 | AH2: =1/7 -> 0.14285714 | AI2: =1/7 -> 0.14285714 | AJ2: =1/7 -> 0.14285714 | AK2: =1/7 -> 0.14285714 | AL2: =1/9 -> 0.11111111 | AM2: =1/9 -> 0.11111111 | AN2: =1/9 -> 0.11111111 | AO2: =1/9 -> 0.11111111 | AP2: =1/9 -> 0.11111111 | AQ2: =1/9 -> 0.11111111 | AR2: =1/9 -> 0.11111111 | AS2: =1/9 -> 0.11111111 | AT2: =1/9 -> 0.11111111 | AU2: =1/8 -> 0.125 | AV2: =1/8 -> 0.125 | AW2: =1/8 -> 0.125 | AX2: =1/8 -> 0.125 | AY2: =1/8 -> 0.125 | AZ2: =1/8 -> 0.125 | BA2: =1/8 -> 0.125 | BB2: =1/8 -> 0.125 | BC2: =1/13 -> 0.076923077 | BD2: =1/13 -> 0.076923077 | BE2: =1/13 -> 0.076923077 | BF2: =1/13 -> 0.076923077 | BG2: =1/13 -> 0.076923077 | BH2: =1/13 -> 0.076923077 | BI2: =1/13 -> 0.076923077 | BJ2: =1/13 -> 0.076923077 | ... BN2: =1/13 -> 0.076923077 | BO2: =1/5 -> 0.2 | BP2: =1/5 -> 0.2 | BQ2: =1/5 -> 0.2 | BR2: =1/5 -> 0.2 | BS2: =1/5 -> 0.2 | BT2: =1/12 -> 0.083333333 | BU2: =1/12 -> 0.083333333 | BV2: =1/12 -> 0.083333333 | BW2: =1/12 -> 0.083333333 | BX2: =1/12 -> 0.083333333 | BY2: =1/12 -> 0.083333333 | BZ2: =1/12 -> 0.083333333 | CA2: =1/12 -> 0.083333333 | ... CE2: =1/12 -> 0.083333333 | CF2: =1/8 -> 0.125 | CG2: =1/8 -> 0.125 | CH2: =1/8 -> 0.125 | CI2: =1/8 -> 0.125 | CJ2: =1/8 -> 0.125 | CK2: =1/8 -> 0.125 | CL2: =1/8 -> 0.125 | CM2: =1/8 -> 0.125 | ... CU2: =1/8 -> 0.125
B3: Economic Complexity Index | C3: Market concentration HH Market concentration index | D3: Export partner concentration - main three leading destination markets for commodity exports as share of commodity exports (percentage) | E3: Import partner concentration main three trading partners for commodity imports as share of commodity imports | F3: Exports to Russian federation as % of total exports 2021 | G3: Imports from Russian federation 2021 | H3: Trade balance as % of GDP | I3: Trade balance, as % of imports | J3: Export of high-tech goods, compared to overall exports, %, 2021 | K3: Food imports as % of total imports | L3: Fuel imports as % of total imports | M3: Manufactures goods imports as % of total imports | N3: Electronic excluding parts and components imports as % of total imports | O3: Parts and components for electrical and electronic goods imports as % of total imports | P3: Iron and steel imports as % of total imports | Q3: Trade balance in basic food as a ratio to total imports, 2017-2021, percentage | R3: Energy dependency as net energy imports as % of energy use | S3: Oil reserves billion barrels, 2021 | T3: Oil production/oil consumption, percentage | U3: Fossil fuels electricity capacity, million kilowatts, 2021 | V3: Wind electricity capacity, million kilowatts, 2021 | W3: Solar electricity capacity, million kilowatts, 2021 | X3: Hydroelectricity capacity, million kilowatts, 2021 | Y3: Nuclear electricity capacity, million kilowatts, 2021 | Z3: Geothermal electricity capacity, million kilowatts, 2021 | AA3: Ratio of international trade to GDP | AB3: Exports as % to GDP | AC3: Imports as % GDP | AD3: FDI % of GDP | AE3: Logistic performance index quality of trade and transport related infrastructure | AF3: Competence and quality of logistic services 2022 | AG3: Efficiency of customs clearance process 2022 | AH3: Quality of railroad infrastructure 2019 | AI3: Quality of road infrastructure 2019 | AJ3: Quallity of port infrastructure 2019 For landlocked countries, access to port facilities and inland waterways | AK3: Quality air transport infrastructure 2019 | AL3: Banking system z score | AM3: Bank liquid assets to deposits and short-term funding, 2021 | AN3: Non-performing loans as percent of all bank loans, 2021 | AO3: Banking system concentration % of bank assets held by top three banks, 2021 | AP3: Foreign exchange reserves including gold, as % of GDP | AQ3: Domestic credit to private sector (% of GDP) | AR3: Gross domestic savings (% of GDP) | AS3: Household debt, loans and debt securities % GDP | AT3: Mortgage credit as % of GDP | AU3: Economic freedom, overall index (0-100) 2021 | AV3: Remitances as % GDP | AW3: Unequal economic development index | AX3: Shadow economy as % of GDP | AY3: Cost of starting business | AZ3: Economic decline 2007-2023 | BA3: Tax revenue as % of GDP 2021 | BB3: Competitiveness | BC3: Fiscal balance-to-GDP ratio | BD3: Unemployment, total (% of total labor force) | BE3: Inflation rate | BF3: External debt-to-GDP ratio | BG3: Government debt as percent of GDP | BH3: Capital investment as percent of GDP | BI3: Household consumption as percent of GDP | BJ3: Tax revenue, percent of GDP | BK3: Value added by industry as percent of GDP 2021 | BL3: Value added by the manufacturing sector as percent of GDP 2021 | BM3: Value added in the services sector as percent of GDP 2021 | BN3: EU membership | BO3: Expenditure on R&D as % GDP 2021 | BP3: Information technology exports, percent of total goods exports, 2021 | BQ3: ICT sector share in GDP | BR3: Government support to digital development | BS3: Innovations index (0-100) 2021 | BT3: Financial literacy in adults % | BU3: Digital skills among population | BV3: Adult participation rate in life long learning % population age 25 to 64 | BW3: Government expenditure on education, total (% of GDP) 2020 | BX3: Human Capital Index (HCI), Upper Bound (scale 0-1) | BY3: Human flight and brain drain index | BZ3: GINI index degree of inequality in the distribution of income/wealth | CA3: Dependent people as percent of the working age population 2021 | CB3: Poverty - share of population below 6.85$ per day % | CC3: Gender employment gap (difference between male and female labor force participation rate) | CD3: People at risk of social exclusion 2022 | CE3: Unequal economic development index | CF3: State legitimacy index | CG3: Public services index | CH3: Factionalized elites index | CI3: Rule of law index | CJ3: Government effectiveness index | CK3: Control of corruption | CL3: Political stability index | CM3: Corruption Perceptions Index, 100 = no corruption | CN3: Defense expenditures per capita current USD | CO3: Defene expenditures as share of government expenditures | CP3: Defense Industry Capacity Arms exports, million constant U.S. dollars, 2022 | CQ3: Arms imports, total 2020-2022, millions USD | CR3: NATO membership | CS3: Diversification of Defense Suppliers no. suppliers (countries) total 2019-2022 | CT3: Active armed forces (thousands) | CU3: Defence Investments
A4: Albania | B4: 0 | C4: 0 | D4: 0.17383947 | E4: 0.76631871 | F4: 1 | G4: 0.89802199 | H4: 0.42428697 | I4: 0.30591866 | J4: 0 | K4: 0.331633 | L4: 0.57590158 | M4: 0.73077609 | N4: 0.85218847 | O4: 1 | P4: 0.90366201 | Q4: 0.24498886 | R4: 0.95969773 | S4: 0.25 | T4: 1 | U4: 0 | V4: 0 | W4: 0.0037220844 | X4: 0.38424437 | Y4: 0 | Z4: 0 | AA4: 0.96845015 | AB4: 1 | AC4: 0.96088957 | AD4: 0.3085443 | AE4: 0.47058824 | AF4: 0 | AG4: 0.33333333 | AH4: 0 | AI4: 0.43333333 | AJ4: 0.60606061 | AK4: 0.15789474 | AL4: 1 | AM4: 0.85630499 | AN4: 0.84363986 | AO4: 0.50624616 | AP4: 0.46870246 | AQ4: 0.73958047 | AR4: 0.49216436 | AS4: 0.82626539 | AT4: 0.85468911 | AU4: 0.40366972 | AV4: 0.42778919 | AW4: 0.76666667 | AX4: 0.63051643 | AY4: 0.068965517 | AZ4: 0.45283019 | BA4: 0.1464891 | BB4: 0.070422535 | BC4: 0.75409836 | BD4: 0.29779516 | BE4: 1 | BF4: 0.14448728 | BG4: 0.19913545 | BH4: 0.55645597 | BI4: 0.20457641 | BJ4: 0.51601831 | BK4: 0.1975099 | BL4: 0.10892449 | BM4: 0.59239408 | BN4: 0 | BO4: 0 | BP4: 0 | BQ4: 0.013793103 | BR4: 0.21153846 | BS4: 0 | BT4: 0 | BU4: 0.18644068 | BV4: 0.10582011 | BW4: 0 | BX4: 0.35672016 | BY4: 0 | BZ4: 0.6416185 | CA4: 0.75609756 | CB4: 0.81417756 | CC4: 0.59406657 | CD4: 0 | CE4: 0.72 | CF4: 0.43661972 | CG4: 0.38709677 | CH4: 0.4084507 | CI4: 0.19138756 | CJ4: 0.22905028 | CK4: 0.090909091 | CL4: 0.58737864 | CM4: 0.071428571 | CN4: 0.1390681 | CO4: 0.005803194 | CP4: 0.0011283186 | CQ4: 0.0053619303 | CR4: 1 | CS4: 0.1 | CT4: 0.025906736 | CU4: 0.091443766
A5: Bulgaria | B5: 0.42817392 | C5: 0.94117647 | D5: 0.88774798 | E5: 0.85676332 | F5: 0.913412 | G5: 0.4971228 | H5: 0.88326963 | I5: 0.90613653 | J5: 0.49383061 | K5: 0.72001472 | L5: 0.52703738 | M5: 0.94957536 | N5: 0.8267161 | O5: 0.70038286 | P5: 0.33994739 | Q5: 0.46325167 | R5: 0.65617128 | S5: 0.033333333 | T5: 0.021428571 | U5: 0.098849945 | V5: 0.10201149 | W5: 0.14764268 | X5: 0.27813505 | Y5: 0.15331808 | Z5: 0 | AA5: 0.47982994 | AB5: 0.51392846 | AC5: 0.65912577 | AD5: 0.089662447 | AE5: 0.70588235 | AF5: 0.71428571 | AG5: 0.8 | AH5: 0.55882353 | AI5: 0.26666667 | AJ5: 0.60606061 | AK5: 0.36842105 | AL5: 0.23198353 | AM5: 0.58876607 | AN5: 0.83050304 | AO5: 0.71144788 | AP5: 0.74121234 | AQ5: 0.50682156 | AR5: 0.69391745 | AS5: 0.5376197 | AT5: 0.84713157 | AU5: 0.63302752 | AV5: 0.91101985 | AW5: 0.2 | AX5: 0.75680751 | AY5: 0.9137931 | AZ5: 0.77358491 | BA5: 0.21973366 | BB5: 0.57746479 | BC5: 0.81264637 | BD5: 0.82503556 | BE5: 0.60930315 | BF5: 0.76622976 | BG5: 0.9092219 | BH5: 0.39168017 | BI5: 0.64750749 | BJ5: 0.83066362 | BK5: 0.17006225 | BL5: 0.48146453 | BM5: 0.96401225 | BN5: 1 | BO5: 0.35088274 | BP5: 0.21202327 | BQ5: 1 | BR5: 0.23076923 | BS5: 0.65753425 | BT5: 0.47727273 | BU5: 0.55932203 | BV5: 0.095238095 | BW5: 0.27011496 | BX5: 0.27433141 | BY5: 0.48484848 | BZ5: 0 | CA5: 0.1402439 | CB5: 0.87869924 | CC5: 0.69898698 | CD5: 0.31052632 | CE5: 0.04 | CF5: 0.69014085 | CG5: 0.35483871 | CH5: 0.53521127 | CI5: 0.29665072 | CJ5: 0.15083799 | CK5: 0.22943723 | CL5: 0.75728155 | CM5: 0.23809524 | CN5: 0.28688646 | CO5: 0.0043556228 | CP5: 0.039823009 | CQ5: 0.045576408 | CR5: 1 | CS5: 0.6 | CT5: 0.1761658 | CU5: 0.050341872
A6: Croatia | B6: 0.5058364 | C6: 0.88235294 | D6: 1 | E6: 0.92972646 | F6: 0.9230778 | G6: 0.9152234 | H6: 0.79800059 | I6: 0.81771968 | J6: 0.42138716 | K6: 0.57774797 | L6: 0.34952198 | M6: 0.69202971 | N6: 0.78817093 | O6: 0.87858845 | P6: 0.63144005 | Q6: 0.29621381 | R6: 0.45843829 | S6: 0.11666667 | T6: 0.28234286 | U6: 0.036692223 | V6: 0.14224138 | W6: 0.013647643 | X6: 0.30064309 | Y6: 0 | Z6: 1 | AA6: 0.60396552 | AB6: 0.67299778 | AC6: 0.79141104 | AD6: 0.31276371 | AE6: 0.64705882 | AF6: 0.78571429 | AG6: 0.73333333 | AH6: 0.35294118 | AI6: 1 | AJ6: 0.72727273 | AK6: 0.52631579 | AL6: 0.19903912 | AM6: 0.75885405 | AN6: 0.83370715 | AO6: 0.65308212 | AP6: 0.64510014 | AQ6: 0.39941617 | AR6: 1 | AS6: 0.31440948 | AT6: 0.73857781 | AU6: 0.35779817 | AV6: 0.57289528 | AW6: 0.73333333 | AX6: 0.70680751 | AY6: 0.46551724 | AZ6: 0.52830189 | BA6: 1 | BB6: 0.36619718 | BC6: 1 | BD6: 1 | BE6: 0.61952906 | BF6: 0.074016962 | BG6: 0 | BH6: 0.55591572 | BI6: 0.63143558 | BJ6: 0.77231121 | BK6: 0.14006791 | BL6: 0.34553776 | BM6: 0.91628382 | BN6: 1 | BO6: 0.54901842 | BP6: 0.12928248 | BQ6: 0.41034483 | BR6: 0.038461538 | BS6: 0.42465753 | BT6: 0.68181818 | BU6: 0.033898305 | BV6: 0.26984127 | BW6: 0.56896552 | BX6: 0.87973898 | BY6: 0.37878788 | BZ6: 0.63583815 | CA6: 0.19105691 | CB6: 0.96145905 | CC6: 0.67800289 | CD6: 0.63421053 | CE6: 0.68 | CF6: 0.83098592 | CG6: 0.61290323 | CH6: 0.66197183 | CI6: 0.44019139 | CJ6: 0.48603352 | CK6: 0.41991342 | CL6: 0.83009709 | CM6: 0.35714286 | CN6: 0.48599942 | CO6: 0.0041783355 | CP6: 0.0088495575 | CQ6: 0.030384272 | CR6: 1 | CS6: 0.2 | CT6: 0.07253886 | CU6: 0.078078628
A7: Czech Republic | B7: 1 | C7: 0.58823529 | D7: 0.69772234 | E7: 0.72321877 | F7: 0.86791569 | G7: 0.79873311 | H7: 0.91767127 | I7: 0.93209877 | J7: 1 | K7: 1 | L7: 1 | M7: 0 | N7: 0 | O7: 0.017436426 | P7: 0.36210541 | Q7: 0.34966592 | R7: 0.64357683 | S7: 0.033333333 | T7: 0.01377 | U7: 0.33351588 | V7: 0.048850575 | W7: 0.2630273 | X7: 0.17845659 | Y7: 0.29977117 | Z7: 0 | AA7: 0.38085168 | AB7: 0.33349161 | AC7: 0.46510736 | AD7: 0.098628692 | AE7: 0.64705882 | AF7: 0.92857143 | AG7: 0.73333333 | AH7: 0.97058824 | AI7: 0.43333333 | AJ7: 0.27272727 | AK7: 0.63157895 | AL7: 0.40150995 | AM7: 0.55064291 | AN7: 0.96123037 | AO7: 0.72721687 | AP7: 1 | AQ7: 0.28838923 | AR7: 0.93943142 | AS7: 0.32261742 | AT7: 0.58055651 | AU7: 0.81651376 | AV7: 0.9650924 | AW7: 1 | AX7: 1 | AY7: 0.90517241 | AZ7: 0.77358491 | BA7: 0 | BB7: 1 | BC7: 0.76346604 | BD7: 0.65860597 | BE7: 0.81576592 | BF7: 0.60107941 | BG7: 0.6481268 | BH7: 0.88384657 | BI7: 1 | BJ7: 0 | BK7: 0.43661573 | BL7: 0.78855835 | BM7: 0.8741705 | BN7: 1 | BO7: 0.92157951 | BP7: 1 | BQ7: 0.43448276 | BR7: 0.057692308 | BS7: 0.95890411 | BT7: 1 | BU7: 0.63276836 | BV7: 0.30687831 | BW7: 1 | BX7: 0.69055878 | BY7: 0.74242424 | BZ7: 0.8265896 | CA7: 0.13346883 | CB7: 0.99776325 | CC7: 0.47105644 | CD7: 0.84736842 | CE7: 1 | CF7: 0.57746479 | CG7: 0.67741935 | CH7: 0.53521127 | CI7: 0.85645933 | CJ7: 0.84916201 | CK7: 0.61038961 | CL7: 1 | CM7: 0.52380952 | CN7: 0.56532118 | CO7: 0.0031428919 | CP7: 0.25663717 | CQ7: 0.10008937 | CR7: 1 | CS7: 0.8 | CT7: 0.12435233 | CU7: 0.15112705
A8: Estonia | B8: 0.61660557 | C8: 0.88235294 | D8: 0.76285667 | E8: 0.69533393 | F8: 0.55549733 | G8: 0.226275 | H8: 0.84063511 | I8: 0.86220044 | J8: 0.84100793 | K8: 0.74841132 | L8: 0.40751052 | M8: 0.85532442 | N8: 0.85076236 | O8: 0.56883703 | P8: 0.55758631 | Q8: 0.34966592 | R8: 1 | S8: 0 | T8: 0 | U8: 0.055038335 | V8: 0.045977011 | W8: 0.050868486 | X8: 0 | Y8: 0 | Z8: 0 | AA8: 0.2132223 | AB8: 0.2453308 | AC8: 0.29467025 | AD8: 1 | AE8: 0.94117647 | AF8: 1 | AG8: 0.86666667 | AH8: 0.55882353 | AI8: 0.7 | AJ8: 1 | AK8: 0.42105263 | AL8: 0.26973233 | AM8: 0.33273178 | AN8: 0.98141621 | AO8: 0.15072701 | AP8: 0.046541225 | AQ8: 0.00064007843 | AR8: 0.39816678 | AS8: 0.24350205 | AT8: 0.26794916 | AU8: 1 | AV8: 0.9650924 | AW8: 0.73333333 | AX8: 0.81173709 | AY8: 0.9137931 | AZ8: 1 | BA8: 0.24394673 | BB8: 1 | BC8: 0.92388759 | BD8: 0.76031294 | BE8: 0.42426831 | BF8: 1 | BG8: 1 | BH8: 0.89303079 | BI8: 0.92399891 | BJ8: 0.9221968 | BK8: 0.23401245 | BL8: 0.40594966 | BM8: 0.97090352 | BN8: 1 | BO8: 0.82195728 | BP8: 0.63089851 | BQ8: 0.62068966 | BR8: 1 | BS8: 1 | BT8: 0.90909091 | BU8: 1 | BV8: 0.97354497 | BW8: 0.21554026 | BX8: 1 | BY8: 0.59090909 | BZ8: 0.56647399 | CA8: 0.068428184 | CB8: 0.97814866 | CC8: 0.79811867 | CD8: 0.49473684 | CE8: 0.68 | CF8: 1 | CG8: 1 | CH8: 0.45070423 | CI8: 1 | CJ8: 1 | CK8: 1 | CL8: 0.90291262 | CM8: 1 | CN8: 0.94155287 | CO8: 0.0061090144 | CP8: 0.013274336 | CQ8: 0.069705094 | CR8: 1 | CS8: 0.5 | CT8: 0.020725389 | CU8: 0.041778599
A9: Georgia | B9: 0.14446479 | C9: 0.70588235 | D9: 0.078765717 | E9: 0.39769069 | F9: 0 | G9: 0.31934982 | H9: 0.32931491 | I9: 0.34513435 | J9: 0.088096827 | K9: 0.60351538 | L9: 0.39048373 | M9: 0.87762866 | N9: 0.76669743 | O9: 0.95765551 | P9: 0.5592208 | Q9: 0.22494432 | R9: 0.26760644 | S9: 0 | T9: 0.0252 | U9: 0.021631982 | V9: 0.0028735632 | W9: 0 | X9: 0.5562701 | Y9: 0 | Z9: 0 | AA9: 0.72579501 | AB9: 0.80104463 | AC9: 0.6595092 | AD9: 0.31487342 | AE9: 0.23529412 | AF9: 0.21428571 | AG9: 0.46666667 | AH9: 0.79411765 | AI9: 0.4 | AJ9: 0.45454545 | AK9: 0.31578947 | AL9: 0.23472889 | AM9: 0.23144597 | AN9: 0.95610381 | AO9: 0.29653901 | AP9: 0.33795639 | AQ9: 0 | AR9: 0.69987885 | AS9: 0.15344277 | AT9: 0.56681553 | AU9: 0.58715596 | AV9: 0 | AW9: 0.16666667 | AX9: 0 | AY9: 0.81896552 | AZ9: 0.60377358 | BA9: 0.2533293 | BB9: 0.27464789 | BC9: 0.80093677 | BD9: 0.33157895 | BE9: 0.76499453 | BF9: 0.66060139 | BG9: 0.35158501 | BH9: 0.54240951 | BI9: 0.036774721 | BJ9: 0.92105263 | BK9: 0.18477646 | BL9: 0.27551487 | BM9: 0.89356815 | BN9: 0 | BO9: 0.073589095 | BP9: 0.094376212 | BQ9: 0.42758621 | BR9: 0.26923077 | BS9: 0.20091324 | BT9: 0.36363636 | BU9: 0 | BV9: 0 | BW9: 0.70114944 | BX9: 0.057209663 | BY9: 0.37878788 | BZ9: 0.34682081 | CA9: 0.26693767 | CB9: 0 | CC9: 0.329233 | CD9: 0.59736842 | CE9: 0.04 | CF9: 0 | CG9: 0.38709677 | CH9: 0 | CI9: 0.43062201 | CJ9: 0.64804469 | CK9: 0.60606061 | CL9: 0.33009709 | CM9: 0.57142857 | CN9: 0.12349064 | CO9: 0.0060030012 | CP9: 8.8495575e-06 | CQ9: 0.0080428954 | CR9: 0 | CS9: 0.1 | CT9: 0.093264249 | CU9: 0.075979463
A10: Hungary | B10: 0.88585497 | C10: 0.70588235 | D10: 0.78406616 | E10: 0.78121259 | F10: 0.89833333 | G10: 0.81453068 | H10: 0.85327845 | I10: 0.8718228 | J10: 0.76882975 | K10: 0.98037557 | L10: 0.72749004 | M10: 0.22101243 | N10: 0.64954623 | O10: 0 | P10: 0.78219078 | Q10: 0.43652561 | R10: 0.42065491 | S10: 0.016666667 | T10: 0.22183448 | U10: 0.16292442 | V10: 0.0045977011 | W10: 0.26426799 | X10: 0.0096463023 | Y10: 0.14645309 | Z10: 0 | AA10: 0.1365648 | AB10: 0.19389047 | AC10: 0.24520706 | AD10: 0.80748945 | AE10: 0.70588235 | AF10: 0.57142857 | AG10: 0.53333333 | AH10: 0.76470588 | AI10: 0.46666667 | AJ10: 0.27272727 | AK10: 0.42105263 | AL10: 0.17707618 | AM10: 0.6568915 | AN10: 0.89907081 | AO10: 0.77431907 | AP10: 0.34922223 | AQ10: 0.70008167 | AR10: 0.91948984 | AS10: 0.63474692 | AT10: 0.87530058 | AU10: 0.49541284 | AV10: 0.93566051 | AW10: 0.76666667 | AX10: 0.76478873 | AY10: 0.61206897 | AZ10: 0.77358491 | BA10: 0.24515738 | BB10: 0.5915493 | BC10: 0.61358314 | BD10: 0.91180654 | BE10: 0.64188137 | BF10: 0.11318427 | BG10: 0.14985591 | BH10: 0.90113452 | BI10: 0.91936802 | BJ10: 0.93249428 | BK10: 0.26627051 | BL10: 0.59954233 | BM10: 0.82976008 | BN10: 1 | BO10: 0.72923847 | BP10: 0.7918552 | BQ10: 0.48275862 | BR10: 0.076923077 | BS10: 0.67123288 | BT10: 0.90909091 | BU10: 0.17514124 | BV10: 0.31216931 | BW10: 0.47701158 | BX10: 0.5695364 | BY10: 1 | BZ10: 0.62427746 | CA10: 0.37669377 | CB10: 0.95870613 | CC10: 0.58321274 | CD10: 0.67368421 | CE10: 0.72 | CF10: 0.25352113 | CG10: 0.70967742 | CH10: 0.53521127 | CI10: 0.56937799 | CJ10: 0.58100559 | CK10: 0.35064935 | CL10: 0.95145631 | CM10: 0.26190476 | CN10: 0.4005319 | CO10: 0.0033217315 | CP10: 0.0010840708 | CQ10: 0.1331546 | CR10: 1 | CS10: 0.4 | CT10: 0.16062176 | CU10: 0.21833054
A11: Latvia | B11: 0.48595396 | C11: 0.88235294 | D11: 0.8687605 | E11: 0.72501307 | F11: 0.49406609 | G11: 0.39316007 | H11: 0.7697736 | I11: 0.79774873 | J11: 0.88591194 | K11: 0.54475299 | L11: 0.61999824 | M11: 1 | N11: 0.64273813 | O11: 0.69797741 | P11: 0.40007704 | Q11: 0.38752784 | R11: 0.5604534 | S11: 0 | T11: 0 | U11: 0.029299014 | V11: 0.011494253 | W11: 0.0012406948 | X11: 0.25562701 | Y11: 0 | Z11: 0 | AA11: 0.45156747 | AB11: 0.48005698 | AC11: 0.52013037 | AD11: 0.44883966 | AE11: 0.82352941 | AF11: 1 | AG11: 0.93333333 | AH11: 1 | AI11: 0.33333333 | AJ11: 0.78787879 | AK11: 1 | AL11: 0.17982155 | AM11: 0.82043763 | AN11: 0.93719962 | AO11: 0.49498259 | AP11: 0.17432975 | AQ11: 0.72146121 | AR11: 0.7805213 | AS11: 0.65458276 | AT11: 0.74201305 | AU11: 0.72477064 | AV11: 0.84531143 | AW11: 0.43333333 | AX11: 0.8556338 | AY11: 0.87068966 | AZ11: 0.86792453 | BA11: 0.25453995 | BB11: 0.72535211 | BC11: 0.71896956 | BD11: 0.66571835 | BE11: 0.51912436 | BF11: 0.55682344 | BG11: 0.62391931 | BH11: 0.64613722 | BI11: 0.68183056 | BJ11: 0.95423341 | BK11: 0.1426146 | BL11: 0.37162471 | BM11: 1 | BN11: 1 | BO11: 0.27662637 | BP11: 0.57207498 | BQ11: 0.58275862 | BR11: 0.25 | BS11: 0.54794521 | BT11: 0.77272727 | BU11: 0.63841808 | BV11: 0.45502646 | BW11: 0.25061787 | BX11: 0.69184761 | BY11: 0.42424242 | BZ11: 0.26011561 | CA11: 0 | CB11: 0.9571576 | CC11: 0.6975398 | CD11: 0.47368421 | CE11: 0.32 | CF11: 0.87323944 | CG11: 0.5483871 | CH11: 0.67605634 | CI11: 0.784689 | CJ11: 0.7150838 | CK11: 0.65800866 | CL11: 0.86893204 | CM11: 0.64285714 | CN11: 0.69993875 | CO11: 0.0058577204 | CP11: 0.022123894 | CQ11: 0.067917784 | CR11: 1 | CS11: 0.5 | CT11: 0.031088083 | CU11: 0.046004601
A12: Lithuania | B12: 0.56622453 | C12: 1 | D12: 0.84867287 | E12: 0.701628 | F12: 0.24546227 | G12: 0.19280273 | H12: 0.95501323 | I12: 0.95479303 | J12: 0.52584504 | K12: 0.72067791 | L12: 0.11097367 | M12: 0.88873548 | N12: 0.78355782 | O12: 0.84813046 | P12: 0.69539426 | Q12: 0.43652561 | R12: 0.19017632 | S12: 0.016666667 | T12: 0.023333333 | U12: 0.046276013 | V12: 0.096264368 | W12: 0.03101737 | X12: 0.020900322 | Y12: 0 | Z12: 0 | AA12: 0.18084723 | AB12: 0.21066793 | AC12: 0.34624233 | AD12: 0.18987342 | AE12: 0.94117647 | AF12: 0.92857143 | AG12: 0.86666667 | AH12: 1 | AI12: 0.73333333 | AJ12: 0.75757576 | AK12: 0.57894737 | AL12: 0.043239533 | AM12: 1 | AN12: 1 | AO12: 0 | AP12: 0.081484852 | AQ12: 0.84799426 | AR12: 0.65097362 | AS12: 0.56178751 | AT12: 0 | AU12: 0.95412844 | AV12: 0.99178645 | AW12: 0.3 | AX12: 0.80798122 | AY12: 0.95689655 | AZ12: 0.90566038 | BA12: 0.24303874 | BB12: 0.82394366 | BC12: 0.94145199 | BD12: 0.69416785 | BE12: 0.4103313 | BF12: 0.60370085 | BG12: 0.73054755 | BH12: 0.31604538 | BI12: 0.6480523 | BJ12: 0.91762014 | BK12: 0.29598189 | BL12: 0.56155606 | BM12: 0.92496172 | BN12: 1 | BO12: 0.5022802 | BP12: 0.21913381 | BQ12: 0.072413793 | BR12: 0.5 | BS12: 0.543379 | BT12: 0.56818182 | BU12: 0.67231638 | BV12: 0.44973545 | BW12: 0.82471261 | BX12: 0.67417232 | BY12: 0.45454545 | BZ12: 0.27745665 | CA12: 0.24661247 | CB12: 0.97419133 | CC12: 0.86324168 | CD12: 0.51052632 | CE12: 0.16 | CF12: 0.98591549 | CG12: 0.41935484 | CH12: 0.85915493 | CI12: 0.84688995 | CJ12: 0.82122905 | CK12: 0.7012987 | CL12: 0.93203883 | CM12: 0.69047619 | CN12: 1 | CO12: 0.0075713236 | CP12: 0.064159292 | CQ12: 0.32529044 | CR12: 1 | CS12: 0.5 | CT12: 0.10362694 | CU12: 0.055916743
A13: Moldova | B13: 0.12721962 | C13: 0.64705882 | D13: 0.38552902 | E13: 0.69529954 | F13: 0.38952743 | G13: 0 | H13: 0 | I13: 0 | J13: 0.08761453 | K13: 0.55672255 | L13: 0.23847337 | M13: 0.68294486 | N13: 0.76925261 | O13: 0.89922795 | P13: 0.97078239 | Q13: 0.49888641 | R13: 0 | S13: 0 | T13: 0 | U13: 0.013143483 | V13: 0.007183908 | W13: 0.0012406948 | X13: 0.012861736 | Y13: 0 | Z13: 0 | AA13: 0.91470055 | AB13: 1 | AC13: 0.69095092 | AD13: 0.10706751 | AE13: 0 | AF13: 0.35714286 | AG13: 0 | AH13: 0.52941176 | AI13: 0 | AJ13: 0 | AK13: 0.31578947 | AL13: 0.29032258 | AM13: 0.53530341 | AN13: 0.81992951 | AO13: 0.57526111 | AP13: 0.4285976 | AQ13: 0.9009782 | AR13: 0.030548284 | AS13: 0.83287734 | AT13: 0.97389213 | AU13: 0.12844037 | AV13: 0.10472279 | AW13: 0.43333333 | AX13: 0.31431925 | AY13: 0.65517241 | AZ13: 0.39622642 | BA13: 0.15223971 | BB13: 0 | BC13: 0.82318501 | BD13: 0.97012802 | BE13: 0 | BF13: 0.7770239 | BG13: 0.78962536 | BH13: 0.80226904 | BI13: 0 | BJ13: 0.57665904 | BK13: 1 | BL13: 1 | BM13: 0 | BN13: 0 | BO13: 0.036834686 | BP13: 0.0090497738 | BQ13: 0.77241379 | BR13: 0.19230769 | BS13: 0.19634703 | BT13: 0.29545455 | BU13: 0.44632768 | BV13: 0 | BW13: 0.94503452 | BX13: 0.13271263 | BY13: 0.075757576 | BZ13: 0.85549133 | CA13: 0.62059621 | CB13: 0.74948383 | CC13: 0.90303907 | CD13: 0.36842105 | CE13: 0.2 | CF13: 0.43661972 | CG13: 0.12903226 | CH13: 0.18309859 | CI13: 0.15789474 | CJ13: 0.0055865922 | CK13: 0.13852814 | CL13: 0.43203883 | CM13: 0.095238095 | CN13: 0 | CO13: 0 | CP13: 0 | CQ13: 0 | CR13: 0 | CS13: 0 | CT13: 0.010362694 | CU13: 0
A14: Montenegro | B14: 0 | C14: 0.88235294 | D14: 0.14538398 | E14: 0.7604458 | F14: 0.9629163 | G14: 1 | H14: 0.19700088 | I14: 0.24491649 | J14: 0.32687481 | K14: 0 | L14: 0.53217764 | M14: 0.98050176 | N14: 0.8325501 | O14: 0.98875671 | P14: 0.79129699 | Q14: 0 | R14: 0.78085642 | S14: 0 | T14: 0 | U14: 0.00082146769 | V14: 0.017241379 | W14: 0.0012406948 | X14: 0.10450161 | Y14: 0 | Z14: 0 | AA14: 0.72920628 | AB14: 0.80674264 | AC14: 0.61023773 | AD14: 0.5806962 | AE14: 0.35294118 | AF14: 0.35714286 | AG14: 0.46666667 | AH14: 0.55882353 | AI14: 0.43333333 | AJ14: 0.57575758 | AK14: 0.42105263 | AL14: 0.30473576 | AM14: 0.57951726 | AN14: 0.7975008 | AO14: 0.31824698 | AP14: 0.51972092 | AQ14: 0.35035199 | AR14: 0.49064839 | AS14: 0.42704058 | AT14: 0.83819993 | AU14: 0.31192661 | AV14: 0.14647502 | AW14: 0.86666667 | AX14: 0.59366197 | AY14: 0.89655172 | AZ14: 0.50943396 | BA14: 0.26452785 | BB14: 0.28873239 | BC14: 0.8764637 | BD14: 0 | BE14: 0.71310768 | BF14: 0 | BG14: 0.032420749 | BH14: 0.69313884 | BI14: 0.24707164 | BJ14: 1 | BK14: 0 | BL14: 0 | BM14: 0.90250128 | BN14: 0 | BO14: 0.1049352 | BP14: 0.073044602 | BQ14: 0.39310345 | BR14: 0.42307692 | BS14: 0.33789954 | BT14: 0.77272727 | BU14: 0.37288136 | BV14: 0.14814815 | BW14: 0.31609198 | BX14: 0.34440926 | BY14: 0.51515152 | BZ14: 0.40462428 | CA14: 0.46138211 | CB14: 0.68479009 | CC14: 0.58827786 | CD14: 0.56315789 | CE14: 0.84 | CF14: 0.63380282 | CG14: 0.38709677 | CH14: 0.36619718 | CI14: 0.28708134 | CJ14: 0.23463687 | CK14: 0.32467532 | CL14: 0.46116505 | CM14: 0.33333333 | CN14: 0.15059024 | CO14: 0.0050873647 | CP14: 0.012942478 | CQ14: 0.0071492404 | CR14: 1 | CS14: 0.1 | CT14: 0 | CU14: 0.011828716
A15: North Macedonia | B15: 0.18334166 | C15: 0.11764706 | D15: 0 | E15: 0.34588299 | F15: 0.95166837 | G15: 0.92111837 | H15: 0.35989415 | I15: 0.49455338 | J15: 0.17472338 | K15: 0.75488664 | L15: 0.59816397 | M15: 0.90411795 | N15: 0.99852417 | O15: 0.75934249 | P15: 0 | Q15: 0.27394209 | R15: 0.47858942 | S15: 0 | T15: 0 | U15: 0.024917853 | V15: 0.0057471264 | W15: 0.011166253 | X15: 0.10289389 | Y15: 0 | Z15: 0 | AA15: 0.37998249 | AB15: 0.43668883 | AC15: 0.22584356 | AD15: 0.22204641 | AE15: 0.64705882 | AF15: 0.64285714 | AG15: 0.8 | AH15: 0.26470588 | AI15: 0.26666667 | AJ15: 0.03030303 | AK15: 0.26315789 | AL15: 0.34522992 | AM15: 0.44980826 | AN15: 0.91605255 | AO15: 0.027442146 | AP15: 0.45196421 | AQ15: 0.4284863 | AR15: 0.2733968 | AS15: 0.41472868 | AT15: 0.74201305 | AU15: 0.44954128 | AV15: 0.82956879 | AW15: 0.16666667 | AX15: 0.59366197 | AY15: 0.73275862 | AZ15: 0.41509434 | BA15: 0.12863196 | BB15: 0.042253521 | BC15: 0.67564403 | BD15: 0.077524893 | BE15: 0.66020887 | BF15: 0.47632999 | BG15: 0.50417867 | BH15: 1 | BI15: 0.39117407 | BJ15: 0.48627002 | BK15: 0.84153933 | BL15: 0.46453089 | BM15: 0.82695253 | BN15: 0 | BO15: 0.11111613 | BP15: 0.036199095 | BQ15: 0 | BR15: 0.75 | BS15: 0.27853881 | BT15: 0.15909091 | BU15: 0.0056497175 | BV15: 0.14814815 | BW15: 0.1896552 | BX15: 0 | BY15: 0.3030303 | BZ15: 0.21387283 | CA15: 1 | CB15: 0.64452856 | CC15: 0 | CD15: 0.58421053 | CE15: 0 | CF15: 0.49295775 | CG15: 0.25806452 | CH15: 0.25352113 | CI15: 0.27751196 | CJ15: 0.18435754 | CK15: 0.18181818 | CL15: 0.59223301 | CM15: 0.16666667 | CN15: 0.22567512 | CO15: 0.0041987154 | CP15: 0.068584071 | CQ15: 0.0053619303 | CR15: 1 | CS15: 0.1 | CT15: 0.010362694 | CU15: 0.059902037
... A20: Ukraine | B20: 0.28019272 | C20: 1 | D20: 0.42378349 | E20: 0.69760906 | F20: 0.64654767 | G20: 0.44339092 | H20: 0.75477801 | I20: 0.80392157 | J20: 0.24969174 | K20: 0.74379468 | L20: 0 | M20: 0.7070958 | N20: 0.74164803 | O20: 0.82449433 | P20: 1 | Q20: 1 | R20: 0.79345088 | S20: 0.66666667 | T20: 0.046715953 | U20: 0.77929901 | V20: 0.25287356 | W20: 1 | X20: 0.71221865 | Y20: 1 | Z20: 0 | AA20: 1 | AB20: 0.83966445 | AC20: 1 | AD20: 0.16613924 | AE20: 0.29411765 | AF20: 0.21428571 | AG20: 0.33333333 | AH20: 0.88235294 | AI20: 0.13333333 | AJ20: 0.48484848 | AK20: 0.10526316 | AL20: 0.047357584 | AM20: 0.68215655 | AN20: 0 | AO20: 0.72004915 | AP20: 0.20369447 | AQ20: 1 | AR20: 0 | AS20: 1 | AT20: 1 | AU20: 0 | AV20: 0.35934292 | AW20: 0 | AX20: 0.23873239 | AY20: 0.95689655 | AZ20: 0 | BA20: 0.17312349 | BB20: 0.021126761 | BC20: 0 | BD20: 0.50071124 | BE20: 0.38858914 | BF20: 0.51811874 | BG20: 0.54899135 | BH20: 0 | BI20: 0.34895124 | BJ20: 0.65102975 | BK20: 0.24391624 | BL20: 0.29519451 | BM20: 0.697805 | BN20: 0 | BO20: 0.12640789 | BP20: 0.041370394 | BQ20: 0.39310345 | BR20: 0.038461538 | BS20: 0.34703196 | BT20: 0.59090909 | BU20: 0.44632768 | BV20: 0 | BW20: 0.65583908 | BX20: 0.35263378 | BY20: 0.36363636 | BZ20: 0.86127168 | CA20: 0.7398374 | CB20: 0.88093599 | CC20: 0.54413893 | CD20: 1 | CE20: 0.6 | CF20: 0.25352113 | CG20: 0.32258065 | CH20: 0.15492958 | CI20: 0 | CJ20: 0 | CK20: 0 | CL20: 0 | CM20: 0 | CN20: 0.19535569 | CO20: 1 | CP20: 0.11061947 | CQ20: 0.071492404 | CR20: 0 | CS20: 0.6 | CT20: 1 | CU20: 0.25392796
B24: Economic complexity | C24: Foreign trade vulnerabilities | D24: Foreign trade dependence | E24: Energy dependance | F24: Economic openess | G24: Logistics & infrastructure | H24: Financial stability | I24: Sustainable economic development | J24: Macroeconomic stability | K24: Innovation and IT | L24: Human capital | M24: Governance effectiveness | N24: Military
A25: Albania | B25: =B4*0.5+C4*0.5 -> 0 | C25: =D4*$D$2+E4*$D$2+F4*$D$2+G4*$D$2+H4*$D$2+I4*$D$2 -> 0.59473097 | D25: =J4*$J$2+K4*0.125+L4*0.125+M4*0.125+N4*0.125+O4*0.125+P4*0.125+Q4*0.125 -> 0.57989375 | E25: =R4*$R$2+S4*$S$2+T4*$T$2+U4*$U$2+V4*$V$2+W4*$W$2+X4*$X$2+Y4*$Y$2+Z4*$Z$2 -> 0.28862935 | F25: =AA4*0.25+AB4*0.25+AC4*0.25+AD4*0.25 -> 0.80947101 | G25: =AE4*$AE$2+AF4*$AF$2+AG4*$AG$2+AH4*$AH$2+AI4*$AI$2+AJ4*$AJ$2+AK4*$AK$2 -> 0.28588718 | H25: =AL4*$AL$2+AM4*$AM$2+AN4*$AN$2+AO4*$AO$2+AP4*$AP$2+AQ4*$AQ$2+AR4*$AR$2+AS4*$AS$2+AT4*$AT$2 -> 0.73195476 | I25: =AU4*$AU$2+AV4*$AV$2+AW4*$AW$2+AX4*$AX$2+AY4*$AY$2+AZ4*$AZ$2+BA4*$BA$2+BB4*$BB$2 -> 0.37091867 | J25: =BC4*$BC$2+BD4*$BD$2+BE4*$BE$2+BF4*$BF$2+BG4*$BG$2+BH4*$BH$2+BI4*$BI$2+BJ4*$BJ$2+BK4*$BK$2+BL4*$BL$2+BM4*$BM$2+BN4*$BN$2 -> 0.3516458 | K25: =BO4*$BO$2+BP4*$BP$2+BQ4*$BQ$2+BR4*$BR$2+BS4*$BS$2 -> 0.045066313 | L25: =BT4*$BT$2+BU4*$BU$2+BV4*$BV$2+BW4*$BW$2+BX4*$BX$2+BY4*$BY$2+BZ4*$BZ$2+CA4*$CA$2+CB4*$CB$2+CC4*$CC$2+CD4*$CD$2+CE4*$CE$2 -> 0.34791176 | M25: =CF4*$CF$2+CG4*$CG$2+CH4*$CH$2+CI4*$CI$2+CJ4*$CJ$2+CK4*$CK$2+CL4*$CL$2+CM4*$CM$2 -> 0.30029017 | N25: =CN4*$CN$2+CO4*$CO$2+CP4*$CP$2+CQ4*$CQ$2+CR4*$CR$2+CS4*$CS$2+CT4*$CT$2+CU4*$CU$2 -> 0.17108901
A26: Bulgaria | B26: =B5*0.5+C5*0.5 -> 0.6846752 | C26: =D5*$D$2+E5*$D$2+F5*$D$2+G5*$D$2+H5*$D$2+I5*$D$2 -> 0.82407538 | D26: =J5*$J$2+K5*0.125+L5*0.125+M5*0.125+N5*0.125+O5*0.125+P5*0.125+Q5*0.125 -> 0.62759451 | E26: =R5*$R$2+S5*$S$2+T5*$T$2+U5*$U$2+V5*$V$2+W5*$W$2+X5*$X$2+Y5*$Y$2+Z5*$Z$2 -> 0.16565449 | F26: =AA5*0.25+AB5*0.25+AC5*0.25+AD5*0.25 -> 0.43563665 | G26: =AE5*$AE$2+AF5*$AF$2+AG5*$AG$2+AH5*$AH$2+AI5*$AI$2+AJ5*$AJ$2+AK5*$AK$2 -> 0.5743057 | H26: =AL5*$AL$2+AM5*$AM$2+AN5*$AN$2+AO5*$AO$2+AP5*$AP$2+AQ5*$AQ$2+AR5*$AR$2+AS5*$AS$2+AT5*$AT$2 -> 0.63215591 | I26: =AU5*$AU$2+AV5*$AV$2+AW5*$AW$2+AX5*$AX$2+AY5*$AY$2+AZ5*$AZ$2+BA5*$BA$2+BB5*$BB$2 -> 0.62317892 | J26: =BC5*$BC$2+BD5*$BD$2+BE5*$BE$2+BF5*$BF$2+BG5*$BG$2+BH5*$BH$2+BI5*$BI$2+BJ5*$BJ$2+BK5*$BK$2+BL5*$BL$2+BM5*$BM$2+BN5*$BN$2 -> 0.64675593 | K26: =BO5*$BO$2+BP5*$BP$2+BQ5*$BQ$2+BR5*$BR$2+BS5*$BS$2 -> 0.4902419 | L26: =BT5*$BT$2+BU5*$BU$2+BV5*$BV$2+BW5*$BW$2+BX5*$BX$2+BY5*$BY$2+BZ5*$BZ$2+CA5*$CA$2+CB5*$CB$2+CC5*$CC$2+CD5*$CD$2+CE5*$CE$2 -> 0.35246535 | M26: =CF5*$CF$2+CG5*$CG$2+CH5*$CH$2+CI5*$CI$2+CJ5*$CJ$2+CK5*$CK$2+CL5*$CL$2+CM5*$CM$2 -> 0.40656169 | N26: =CN5*$CN$2+CO5*$CO$2+CP5*$CP$2+CQ5*$CQ$2+CR5*$CR$2+CS5*$CS$2+CT5*$CT$2+CU5*$CU$2 -> 0.27539365
A27: Croatia | B27: =B6*0.5+C6*0.5 -> 0.69409467 | C27: =D6*$D$2+E6*$D$2+F6*$D$2+G6*$D$2+H6*$D$2+I6*$D$2 -> 0.89729132 | D27: =J6*$J$2+K6*0.125+L6*0.125+M6*0.125+N6*0.125+O6*0.125+P6*0.125+Q6*0.125 -> 0.57938751 | E27: =R6*$R$2+S6*$S$2+T6*$T$2+U6*$U$2+V6*$V$2+W6*$W$2+X6*$X$2+Y6*$Y$2+Z6*$Z$2 -> 0.26118579 | F27: =AA6*0.25+AB6*0.25+AC6*0.25+AD6*0.25 -> 0.59528452 | G27: =AE6*$AE$2+AF6*$AF$2+AG6*$AG$2+AH6*$AH$2+AI6*$AI$2+AJ6*$AJ$2+AK6*$AK$2 -> 0.68180516 | H27: =AL6*$AL$2+AM6*$AM$2+AN6*$AN$2+AO6*$AO$2+AP6*$AP$2+AQ6*$AQ$2+AR6*$AR$2+AS6*$AS$2+AT6*$AT$2 -> 0.61579845 | I27: =AU6*$AU$2+AV6*$AV$2+AW6*$AW$2+AX6*$AX$2+AY6*$AY$2+AZ6*$AZ$2+BA6*$BA$2+BB6*$BB$2 -> 0.59135632 | J27: =BC6*$BC$2+BD6*$BD$2+BE6*$BE$2+BF6*$BF$2+BG6*$BG$2+BH6*$BH$2+BI6*$BI$2+BJ6*$BJ$2+BK6*$BK$2+BL6*$BL$2+BM6*$BM$2+BN6*$BN$2 -> 0.54269985 | K27: =BO6*$BO$2+BP6*$BP$2+BQ6*$BQ$2+BR6*$BR$2+BS6*$BS$2 -> 0.31035296 | L27: =BT6*$BT$2+BU6*$BU$2+BV6*$BV$2+BW6*$BW$2+BX6*$BX$2+BY6*$BY$2+BZ6*$BZ$2+CA6*$CA$2+CB6*$CB$2+CC6*$CC$2+CD6*$CD$2+CE6*$CE$2 -> 0.54946814 | M27: =CF6*$CF$2+CG6*$CG$2+CH6*$CH$2+CI6*$CI$2+CJ6*$CJ$2+CK6*$CK$2+CL6*$CL$2+CM6*$CM$2 -> 0.57990491 | N27: =CN6*$CN$2+CO6*$CO$2+CP6*$CP$2+CQ6*$CQ$2+CR6*$CR$2+CS6*$CS$2+CT6*$CT$2+CU6*$CU$2 -> 0.23500363
A28: Czech Republic | B28: =B7*0.5+C7*0.5 -> 0.79411765 | C28: =D7*$D$2+E7*$D$2+F7*$D$2+G7*$D$2+H7*$D$2+I7*$D$2 -> 0.82289332 | D28: =J7*$J$2+K7*0.125+L7*0.125+M7*0.125+N7*0.125+O7*0.125+P7*0.125+Q7*0.125 -> 0.46615097 | E28: =R7*$R$2+S7*$S$2+T7*$T$2+U7*$U$2+V7*$V$2+W7*$W$2+X7*$X$2+Y7*$Y$2+Z7*$Z$2 -> 0.20158907 | F28: =AA7*0.25+AB7*0.25+AC7*0.25+AD7*0.25 -> 0.31951984 | G28: =AE7*$AE$2+AF7*$AF$2+AG7*$AG$2+AH7*$AH$2+AI7*$AI$2+AJ7*$AJ$2+AK7*$AK$2 -> 0.65959877 | H28: =AL7*$AL$2+AM7*$AM$2+AN7*$AN$2+AO7*$AO$2+AP7*$AP$2+AQ7*$AQ$2+AR7*$AR$2+AS7*$AS$2+AT7*$AT$2 -> 0.6412883 | I28: =AU7*$AU$2+AV7*$AV$2+AW7*$AW$2+AX7*$AX$2+AY7*$AY$2+AZ7*$AZ$2+BA7*$BA$2+BB7*$BB$2 -> 0.80754544 | J28: =BC7*$BC$2+BD7*$BD$2+BE7*$BE$2+BF7*$BF$2+BG7*$BG$2+BH7*$BH$2+BI7*$BI$2+BJ7*$BJ$2+BK7*$BK$2+BL7*$BL$2+BM7*$BM$2+BN7*$BN$2 -> 0.65155656 | K28: =BO7*$BO$2+BP7*$BP$2+BQ7*$BQ$2+BR7*$BR$2+BS7*$BS$2 -> 0.67453174 | L28: =BT7*$BT$2+BU7*$BU$2+BV7*$BV$2+BW7*$BW$2+BX7*$BX$2+BY7*$BY$2+BZ7*$BZ$2+CA7*$CA$2+CB7*$CB$2+CC7*$CC$2+CD7*$CD$2+CE7*$CE$2 -> 0.72073969 | M28: =CF7*$CF$2+CG7*$CG$2+CH7*$CH$2+CI7*$CI$2+CJ7*$CJ$2+CK7*$CK$2+CL7*$CL$2+CM7*$CM$2 -> 0.70373949 | N28: =CN7*$CN$2+CO7*$CO$2+CP7*$CP$2+CQ7*$CQ$2+CR7*$CR$2+CS7*$CS$2+CT7*$CT$2+CU7*$CU$2 -> 0.37508375
A29: Estonia | B29: =B8*0.5+C8*0.5 -> 0.74947925 | C29: =D8*$D$2+E8*$D$2+F8*$D$2+G8*$D$2+H8*$D$2+I8*$D$2 -> 0.65713308 | D29: =J8*$J$2+K8*0.125+L8*0.125+M8*0.125+N8*0.125+O8*0.125+P8*0.125+Q8*0.125 -> 0.64738823 | E29: =R8*$R$2+S8*$S$2+T8*$T$2+U8*$U$2+V8*$V$2+W8*$W$2+X8*$X$2+Y8*$Y$2+Z8*$Z$2 -> 0.12798709 | F29: =AA8*0.25+AB8*0.25+AC8*0.25+AD8*0.25 -> 0.43830584 | G29: =AE8*$AE$2+AF8*$AF$2+AG8*$AG$2+AH8*$AH$2+AI8*$AI$2+AJ8*$AJ$2+AK8*$AK$2 -> 0.7839599 | H29: =AL8*$AL$2+AM8*$AM$2+AN8*$AN$2+AO8*$AO$2+AP8*$AP$2+AQ8*$AQ$2+AR8*$AR$2+AS8*$AS$2+AT8*$AT$2 -> 0.29904518 | I29: =AU8*$AU$2+AV8*$AV$2+AW8*$AW$2+AX8*$AX$2+AY8*$AY$2+AZ8*$AZ$2+BA8*$BA$2+BB8*$BB$2 -> 0.83348783 | J29: =BC8*$BC$2+BD8*$BD$2+BE8*$BE$2+BF8*$BF$2+BG8*$BG$2+BH8*$BH$2+BI8*$BI$2+BJ8*$BJ$2+BK8*$BK$2+BL8*$BL$2+BM8*$BM$2+BN8*$BN$2 -> 0.72758161 | K29: =BO8*$BO$2+BP8*$BP$2+BQ8*$BQ$2+BR8*$BR$2+BS8*$BS$2 -> 0.81470909 | L29: =BT8*$BT$2+BU8*$BU$2+BV8*$BV$2+BW8*$BW$2+BX8*$BX$2+BY8*$BY$2+BZ8*$BZ$2+CA8*$CA$2+CB8*$CB$2+CC8*$CC$2+CD8*$CD$2+CE8*$CE$2 -> 0.68958263 | M29: =CF8*$CF$2+CG8*$CG$2+CH8*$CH$2+CI8*$CI$2+CJ8*$CJ$2+CK8*$CK$2+CL8*$CL$2+CM8*$CM$2 -> 0.91920211 | N29: =CN8*$CN$2+CO8*$CO$2+CP8*$CP$2+CQ8*$CQ$2+CR8*$CR$2+CS8*$CS$2+CT8*$CT$2+CU8*$CU$2 -> 0.32414316
A30: Georgia | B30: =B9*0.5+C9*0.5 -> 0.42517357 | C30: =D9*$D$2+E9*$D$2+F9*$D$2+G9*$D$2+H9*$D$2+I9*$D$2 -> 0.24504258 | D30: =J9*$J$2+K9*0.125+L9*0.125+M9*0.125+N9*0.125+O9*0.125+P9*0.125+Q9*0.125 -> 0.55853033 | E30: =R9*$R$2+S9*$S$2+T9*$T$2+U9*$U$2+V9*$V$2+W9*$W$2+X9*$X$2+Y9*$Y$2+Z9*$Z$2 -> 0.097064676 | F30: =AA9*0.25+AB9*0.25+AC9*0.25+AD9*0.25 -> 0.62530557 | G30: =AE9*$AE$2+AF9*$AF$2+AG9*$AG$2+AH9*$AH$2+AI9*$AI$2+AJ9*$AJ$2+AK9*$AK$2 -> 0.41152844 | H30: =AL9*$AL$2+AM9*$AM$2+AN9*$AN$2+AO9*$AO$2+AP9*$AP$2+AQ9*$AQ$2+AR9*$AR$2+AS9*$AS$2+AT9*$AT$2 -> 0.38632347 | I30: =AU9*$AU$2+AV9*$AV$2+AW9*$AW$2+AX9*$AX$2+AY9*$AY$2+AZ9*$AZ$2+BA9*$BA$2+BB9*$BB$2 -> 0.33806736 | J30: =BC9*$BC$2+BD9*$BD$2+BE9*$BE$2+BF9*$BF$2+BG9*$BG$2+BH9*$BH$2+BI9*$BI$2+BJ9*$BJ$2+BK9*$BK$2+BL9*$BL$2+BM9*$BM$2+BN9*$BN$2 -> 0.44336869 | K30: =BO9*$BO$2+BP9*$BP$2+BQ9*$BQ$2+BR9*$BR$2+BS9*$BS$2 -> 0.21313911 | L30: =BT9*$BT$2+BU9*$BU$2+BV9*$BV$2+BW9*$BW$2+BX9*$BX$2+BY9*$BY$2+BZ9*$BZ$2+CA9*$CA$2+CB9*$CB$2+CC9*$CC$2+CD9*$CD$2+CE9*$CE$2 -> 0.25676194 | M30: =CF9*$CF$2+CG9*$CG$2+CH9*$CH$2+CI9*$CI$2+CJ9*$CJ$2+CK9*$CK$2+CL9*$CL$2+CM9*$CM$2 -> 0.37166872 | N30: =CN9*$CN$2+CO9*$CO$2+CP9*$CP$2+CQ9*$CQ$2+CR9*$CR$2+CS9*$CS$2+CT9*$CT$2+CU9*$CU$2 -> 0.050848637
A31: Hungary | B31: =B10*0.5+C10*0.5 -> 0.79586866 | C31: =D10*$D$2+E10*$D$2+F10*$D$2+G10*$D$2+H10*$D$2+I10*$D$2 -> 0.833874 | D31: =J10*$J$2+K10*0.125+L10*0.125+M10*0.125+N10*0.125+O10*0.125+P10*0.125+Q10*0.125 -> 0.5707463 | E31: =R10*$R$2+S10*$S$2+T10*$T$2+U10*$U$2+V10*$V$2+W10*$W$2+X10*$X$2+Y10*$Y$2+Z10*$Z$2 -> 0.13856062 | F31: =AA10*0.25+AB10*0.25+AC10*0.25+AD10*0.25 -> 0.34578795 | G31: =AE10*$AE$2+AF10*$AF$2+AG10*$AG$2+AH10*$AH$2+AI10*$AI$2+AJ10*$AJ$2+AK10*$AK$2 -> 0.53368524 | H31: =AL10*$AL$2+AM10*$AM$2+AN10*$AN$2+AO10*$AO$2+AP10*$AP$2+AQ10*$AQ$2+AR10*$AR$2+AS10*$AS$2+AT10*$AT$2 -> 0.6651332 | I31: =AU10*$AU$2+AV10*$AV$2+AW10*$AW$2+AX10*$AX$2+AY10*$AY$2+AZ10*$AZ$2+BA10*$BA$2+BB10*$BB$2 -> 0.64811116 | J31: =BC10*$BC$2+BD10*$BD$2+BE10*$BE$2+BF10*$BF$2+BG10*$BG$2+BH10*$BH$2+BI10*$BI$2+BJ10*$BJ$2+BK10*$BK$2+BL10*$BL$2+BM10*$BM$2+BN10*$BN$2 -> 0.60606777 | K31: =BO10*$BO$2+BP10*$BP$2+BQ10*$BQ$2+BR10*$BR$2+BS10*$BS$2 -> 0.55040165 | L31: =BT10*$BT$2+BU10*$BU$2+BV10*$BV$2+BW10*$BW$2+BX10*$BX$2+BY10*$BY$2+BZ10*$BZ$2+CA10*$CA$2+CB10*$CB$2+CC10*$CC$2+CD10*$CD$2+CE10*$CE$2 -> 0.61496031 | M31: =CF10*$CF$2+CG10*$CG$2+CH10*$CH$2+CI10*$CI$2+CJ10*$CJ$2+CK10*$CK$2+CL10*$CL$2+CM10*$CM$2 -> 0.52660048 | N31: =CN10*$CN$2+CO10*$CO$2+CP10*$CP$2+CQ10*$CQ$2+CR10*$CR$2+CS10*$CS$2+CT10*$CT$2+CU10*$CU$2 -> 0.28963058
A32: Latvia | B32: =B11*0.5+C11*0.5 -> 0.68415345 | C32: =D11*$D$2+E11*$D$2+F11*$D$2+G11*$D$2+H11*$D$2+I11*$D$2 -> 0.67475367 | D32: =J11*$J$2+K11*0.125+L11*0.125+M11*0.125+N11*0.125+O11*0.125+P11*0.125+Q11*0.125 -> 0.64737295 | E32: =R11*$R$2+S11*$S$2+T11*$T$2+U11*$U$2+V11*$V$2+W11*$W$2+X11*$X$2+Y11*$Y$2+Z11*$Z$2 -> 0.095346041 | F32: =AA11*0.25+AB11*0.25+AC11*0.25+AD11*0.25 -> 0.47514862 | G32: =AE11*$AE$2+AF11*$AF$2+AG11*$AG$2+AH11*$AH$2+AI11*$AI$2+AJ11*$AJ$2+AK11*$AK$2 -> 0.83972498 | H32: =AL11*$AL$2+AM11*$AM$2+AN11*$AN$2+AO11*$AO$2+AP11*$AP$2+AQ11*$AQ$2+AR11*$AR$2+AS11*$AS$2+AT11*$AT$2 -> 0.6117055 | I32: =AU11*$AU$2+AV11*$AV$2+AW11*$AW$2+AX11*$AX$2+AY11*$AY$2+AZ11*$AZ$2+BA11*$BA$2+BB11*$BB$2 -> 0.69719443 | J32: =BC11*$BC$2+BD11*$BD$2+BE11*$BE$2+BF11*$BF$2+BG11*$BG$2+BH11*$BH$2+BI11*$BI$2+BJ11*$BJ$2+BK11*$BK$2+BL11*$BL$2+BM11*$BM$2+BN11*$BN$2 -> 0.60623042 | K32: =BO11*$BO$2+BP11*$BP$2+BQ11*$BQ$2+BR11*$BR$2+BS11*$BS$2 -> 0.44588104 | L32: =BT11*$BT$2+BU11*$BU$2+BV11*$BV$2+BW11*$BW$2+BX11*$BX$2+BY11*$BY$2+BZ11*$BZ$2+CA11*$CA$2+CB11*$CB$2+CC11*$CC$2+CD11*$CD$2+CE11*$CE$2 -> 0.49511474 | M32: =CF11*$CF$2+CG11*$CG$2+CH11*$CH$2+CI11*$CI$2+CJ11*$CJ$2+CK11*$CK$2+CL11*$CL$2+CM11*$CM$2 -> 0.72090669 | N32: =CN11*$CN$2+CO11*$CO$2+CP11*$CP$2+CQ11*$CQ$2+CR11*$CR$2+CS11*$CS$2+CT11*$CT$2+CU11*$CU$2 -> 0.29661635
A33: Lithuania | B33: =B12*0.5+C12*0.5 -> 0.78311227 | C33: =D12*$D$2+E12*$D$2+F12*$D$2+G12*$D$2+H12*$D$2+I12*$D$2 -> 0.64972869 | D33: =J12*$J$2+K12*0.125+L12*0.125+M12*0.125+N12*0.125+O12*0.125+P12*0.125+Q12*0.125 -> 0.62623003 | E33: =R12*$R$2+S12*$S$2+T12*$T$2+U12*$U$2+V12*$V$2+W12*$W$2+X12*$X$2+Y12*$Y$2+Z12*$Z$2 -> 0.047181599 | F33: =AA12*0.25+AB12*0.25+AC12*0.25+AD12*0.25 -> 0.23190773 | G33: =AE12*$AE$2+AF12*$AF$2+AG12*$AG$2+AH12*$AH$2+AI12*$AI$2+AJ12*$AJ$2+AK12*$AK$2 -> 0.82946729 | H33: =AL12*$AL$2+AM12*$AM$2+AN12*$AN$2+AO12*$AO$2+AP12*$AP$2+AQ12*$AQ$2+AR12*$AR$2+AS12*$AS$2+AT12*$AT$2 -> 0.46505331 | I33: =AU12*$AU$2+AV12*$AV$2+AW12*$AW$2+AX12*$AX$2+AY12*$AY$2+AZ12*$AZ$2+BA12*$BA$2+BB12*$BB$2 -> 0.74792943 | J33: =BC12*$BC$2+BD12*$BD$2+BE12*$BE$2+BF12*$BF$2+BG12*$BG$2+BH12*$BH$2+BI12*$BI$2+BJ12*$BJ$2+BK12*$BK$2+BL12*$BL$2+BM12*$BM$2+BN12*$BN$2 -> 0.61880131 | K33: =BO12*$BO$2+BP12*$BP$2+BQ12*$BQ$2+BR12*$BR$2+BS12*$BS$2 -> 0.36744136 | L33: =BT12*$BT$2+BU12*$BU$2+BV12*$BV$2+BW12*$BW$2+BX12*$BX$2+BY12*$BY$2+BZ12*$BZ$2+CA12*$CA$2+CB12*$CB$2+CC12*$CC$2+CD12*$CD$2+CE12*$CE$2 -> 0.55630771 | M33: =CF12*$CF$2+CG12*$CG$2+CH12*$CH$2+CI12*$CI$2+CJ12*$CJ$2+CK12*$CK$2+CL12*$CL$2+CM12*$CM$2 -> 0.78204475 | N33: =CN12*$CN$2+CO12*$CO$2+CP12*$CP$2+CQ12*$CQ$2+CR12*$CR$2+CS12*$CS$2+CT12*$CT$2+CU12*$CU$2 -> 0.38207059
A34: Moldova | B34: =B13*0.5+C13*0.5 -> 0.38713922 | C34: =D13*$D$2+E13*$D$2+F13*$D$2+G13*$D$2+H13*$D$2+I13*$D$2 -> 0.24505933 | D34: =J13*$J$2+K13*0.125+L13*0.125+M13*0.125+N13*0.125+O13*0.125+P13*0.125+Q13*0.125 -> 0.58798809 | E34: =R13*$R$2+S13*$S$2+T13*$T$2+U13*$U$2+V13*$V$2+W13*$W$2+X13*$X$2+Y13*$Y$2+Z13*$Z$2 -> 0.0038255358 | F34: =AA13*0.25+AB13*0.25+AC13*0.25+AD13*0.25 -> 0.67817974 | G34: =AE13*$AE$2+AF13*$AF$2+AG13*$AG$2+AH13*$AH$2+AI13*$AI$2+AJ13*$AJ$2+AK13*$AK$2 -> 0.17176344 | H34: =AL13*$AL$2+AM13*$AM$2+AN13*$AN$2+AO13*$AO$2+AP13*$AP$2+AQ13*$AQ$2+AR13*$AR$2+AS13*$AS$2+AT13*$AT$2 -> 0.59863446 | I34: =AU13*$AU$2+AV13*$AV$2+AW13*$AW$2+AX13*$AX$2+AY13*$AY$2+AZ13*$AZ$2+BA13*$BA$2+BB13*$BB$2 -> 0.27305679 | J34: =BC13*$BC$2+BD13*$BD$2+BE13*$BE$2+BF13*$BF$2+BG13*$BG$2+BH13*$BH$2+BI13*$BI$2+BJ13*$BJ$2+BK13*$BK$2+BL13*$BL$2+BM13*$BM$2+BN13*$BN$2 -> 0.51837618 | K34: =BO13*$BO$2+BP13*$BP$2+BQ13*$BQ$2+BR13*$BR$2+BS13*$BS$2 -> 0.2413906 | L34: =BT13*$BT$2+BU13*$BU$2+BV13*$BV$2+BW13*$BW$2+BX13*$BX$2+BY13*$BY$2+BZ13*$BZ$2+CA13*$CA$2+CB13*$CB$2+CC13*$CC$2+CD13*$CD$2+CE13*$CE$2 -> 0.46602654 | M34: =CF13*$CF$2+CG13*$CG$2+CH13*$CH$2+CI13*$CI$2+CJ13*$CJ$2+CK13*$CK$2+CL13*$CL$2+CM13*$CM$2 -> 0.19725462 | N34: =CN13*$CN$2+CO13*$CO$2+CP13*$CP$2+CQ13*$CQ$2+CR13*$CR$2+CS13*$CS$2+CT13*$CT$2+CU13*$CU$2 -> 0.0012953368
A35: Montenegro | B35: =B14*0.5+C14*0.5 -> 0.44117647 | C35: =D14*$D$2+E14*$D$2+F14*$D$2+G14*$D$2+H14*$D$2+I14*$D$2 -> 0.55177724 | D35: =J14*$J$2+K14*0.125+L14*0.125+M14*0.125+N14*0.125+O14*0.125+P14*0.125+Q14*0.125 -> 0.55651975 | E35: =R14*$R$2+S14*$S$2+T14*$T$2+U14*$U$2+V14*$V$2+W14*$W$2+X14*$X$2+Y14*$Y$2+Z14*$Z$2 -> 0.10051795 | F35: =AA14*0.25+AB14*0.25+AC14*0.25+AD14*0.25 -> 0.68172071 | G35: =AE14*$AE$2+AF14*$AF$2+AG14*$AG$2+AH14*$AH$2+AI14*$AI$2+AJ14*$AJ$2+AK14*$AK$2 -> 0.4522454 | H35: =AL14*$AL$2+AM14*$AM$2+AN14*$AN$2+AO14*$AO$2+AP14*$AP$2+AQ14*$AQ$2+AR14*$AR$2+AS14*$AS$2+AT14*$AT$2 -> 0.51399585 | I35: =AU14*$AU$2+AV14*$AV$2+AW14*$AW$2+AX14*$AX$2+AY14*$AY$2+AZ14*$AZ$2+BA14*$BA$2+BB14*$BB$2 -> 0.48474702 | J35: =BC14*$BC$2+BD14*$BD$2+BE14*$BE$2+BF14*$BF$2+BG14*$BG$2+BH14*$BH$2+BI14*$BI$2+BJ14*$BJ$2+BK14*$BK$2+BL14*$BL$2+BM14*$BM$2+BN14*$BN$2 -> 0.34343876 | K35: =BO14*$BO$2+BP14*$BP$2+BQ14*$BQ$2+BR14*$BR$2+BS14*$BS$2 -> 0.26641194 | L35: =BT14*$BT$2+BU14*$BU$2+BV14*$BV$2+BW14*$BW$2+BX14*$BX$2+BY14*$BY$2+BZ14*$BZ$2+CA14*$CA$2+CB14*$CB$2+CC14*$CC$2+CD14*$CD$2+CE14*$CE$2 -> 0.50097015 | M35: =CF14*$CF$2+CG14*$CG$2+CH14*$CH$2+CI14*$CI$2+CJ14*$CJ$2+CK14*$CK$2+CL14*$CL$2+CM14*$CM$2 -> 0.37849859 | N35: =CN14*$CN$2+CO14*$CO$2+CP14*$CP$2+CQ14*$CQ$2+CR14*$CR$2+CS14*$CS$2+CT14*$CT$2+CU14*$CU$2 -> 0.16094975
A36: North Macedonia | B36: =B15*0.5+C15*0.5 -> 0.15049436 | C36: =D15*$D$2+E15*$D$2+F15*$D$2+G15*$D$2+H15*$D$2+I15*$D$2 -> 0.51218621 | D36: =J15*$J$2+K15*0.125+L15*0.125+M15*0.125+N15*0.125+O15*0.125+P15*0.125+Q15*0.125 -> 0.55796259 | E36: =R15*$R$2+S15*$S$2+T15*$T$2+U15*$U$2+V15*$V$2+W15*$W$2+X15*$X$2+Y15*$Y$2+Z15*$Z$2 -> 0.069257172 | F36: =AA15*0.25+AB15*0.25+AC15*0.25+AD15*0.25 -> 0.31614032 | G36: =AE15*$AE$2+AF15*$AF$2+AG15*$AG$2+AH15*$AH$2+AI15*$AI$2+AJ15*$AJ$2+AK15*$AK$2 -> 0.41639278 | H36: =AL15*$AL$2+AM15*$AM$2+AN15*$AN$2+AO15*$AO$2+AP15*$AP$2+AQ15*$AQ$2+AR15*$AR$2+AS15*$AS$2+AT15*$AT$2 -> 0.44990244 | I36: =AU15*$AU$2+AV15*$AV$2+AW15*$AW$2+AX15*$AX$2+AY15*$AY$2+AZ15*$AZ$2+BA15*$BA$2+BB15*$BB$2 -> 0.41977214 | J36: =BC15*$BC$2+BD15*$BD$2+BE15*$BE$2+BF15*$BF$2+BG15*$BG$2+BH15*$BH$2+BI15*$BI$2+BJ15*$BJ$2+BK15*$BK$2+BL15*$BL$2+BM15*$BM$2+BN15*$BN$2 -> 0.49264256 | K36: =BO15*$BO$2+BP15*$BP$2+BQ15*$BQ$2+BR15*$BR$2+BS15*$BS$2 -> 0.23517081 | L36: =BT15*$BT$2+BU15*$BU$2+BV15*$BV$2+BW15*$BW$2+BX15*$BX$2+BY15*$BY$2+BZ15*$BZ$2+CA15*$CA$2+CB15*$CB$2+CC15*$CC$2+CD15*$CD$2+CE15*$CE$2 -> 0.27068218 | M36: =CF15*$CF$2+CG15*$CG$2+CH15*$CH$2+CI15*$CI$2+CJ15*$CJ$2+CK15*$CK$2+CL15*$CL$2+CM15*$CM$2 -> 0.30089134 | N36: =CN15*$CN$2+CO15*$CO$2+CP15*$CP$2+CQ15*$CQ$2+CR15*$CR$2+CS15*$CS$2+CT15*$CT$2+CU15*$CU$2 -> 0.18426057
... A41: Ukraine | B41: =B20*0.5+C20*0.5 -> 0.64009636 | C41: =D20*$D$2+E20*$D$2+F20*$D$2+G20*$D$2+H20*$D$2+I20*$D$2 -> 0.62833845 | D41: =J20*$J$2+K20*0.125+L20*0.125+M20*0.125+N20*0.125+O20*0.125+P20*0.125+Q20*0.125 -> 0.65834057 | E41: =R20*$R$2+S20*$S$2+T20*$T$2+U20*$U$2+V20*$V$2+W20*$W$2+X20*$X$2+Y20*$Y$2+Z20*$Z$2 -> 0.58346941 | F41: =AA20*0.25+AB20*0.25+AC20*0.25+AD20*0.25 -> 0.75145092 | G41: =AE20*$AE$2+AF20*$AF$2+AG20*$AG$2+AH20*$AH$2+AI20*$AI$2+AJ20*$AJ$2+AK20*$AK$2 -> 0.3496478 | H41: =AL20*$AL$2+AM20*$AM$2+AN20*$AN$2+AO20*$AO$2+AP20*$AP$2+AQ20*$AQ$2+AR20*$AR$2+AS20*$AS$2+AT20*$AT$2 -> 0.51702864 | I41: =AU20*$AU$2+AV20*$AV$2+AW20*$AW$2+AX20*$AX$2+AY20*$AY$2+AZ20*$AZ$2+BA20*$BA$2+BB20*$BB$2 -> 0.21865276 | J41: =BC20*$BC$2+BD20*$BD$2+BE20*$BE$2+BF20*$BF$2+BG20*$BG$2+BH20*$BH$2+BI20*$BI$2+BJ20*$BJ$2+BK20*$BK$2+BL20*$BL$2+BM20*$BM$2+BN20*$BN$2 -> 0.32256209 | K41: =BO20*$BO$2+BP20*$BP$2+BQ20*$BQ$2+BR20*$BR$2+BS20*$BS$2 -> 0.18927505 | L41: =BT20*$BT$2+BU20*$BU$2+BV20*$BV$2+BW20*$BW$2+BX20*$BX$2+BY20*$BY$2+BZ20*$BZ$2+CA20*$CA$2+CB20*$CB$2+CC20*$CC$2+CD20*$CD$2+CE20*$CE$2 -> 0.58629417 | M41: =CF20*$CF$2+CG20*$CG$2+CH20*$CH$2+CI20*$CI$2+CJ20*$CJ$2+CK20*$CK$2+CL20*$CL$2+CM20*$CM$2 -> 0.091378919 | N41: =CN20*$CN$2+CO20*$CO$2+CP20*$CP$2+CQ20*$CQ$2+CR20*$CR$2+CS20*$CS$2+CT20*$CT$2+CU20*$CU$2 -> 0.40392444
B44: Economic complexity | C44: Foreign trade vulnerabilities and dependence | D44: Energy dependence | E44: Economic openess | F44: Logistics & infrastructure | G44: Economic stability and development | H44: Innovation and IT | I44: Human capital | J44: Governance effectiveness | K44: Military
A45: Albania | B45: 0 | C45: =C25*0.5+D25*0.5 -> 0.58731236 | D45: 0.28862935 | E45: 0.80947101 | F45: 0.28588718 | G45: =H25*0.33+I25*0.33+J25*0.33 -> 0.47999134 | H45: 0.045066313 | I45: 0.34791176 | J45: 0.30029017 | K45: 0.17108901
A46: Bulgaria | B46: 0.6846752 | C46: =C26*0.5+D26*0.5 -> 0.72583494 | D46: 0.16565449 | E46: 0.43563665 | F46: 0.5743057 | G46: =H26*0.33+I26*0.33+J26*0.33 -> 0.62768995 | H46: 0.4902419 | I46: 0.35246535 | J46: 0.40656169 | K46: 0.27539365
A47: Croatia | B47: 0.69409467 | C47: =C27*0.5+D27*0.5 -> 0.73833942 | D47: 0.26118579 | E47: 0.59528452 | F47: 0.68180516 | G47: =H27*0.33+I27*0.33+J27*0.33 -> 0.57745203 | H47: 0.31035296 | I47: 0.54946814 | J47: 0.57990491 | K47: 0.23500363
A48: Czech Republic | B48: 0.79411765 | C48: =C28*0.5+D28*0.5 -> 0.64452215 | D48: 0.20158907 | E48: 0.31951984 | F48: 0.65959877 | G48: =H28*0.33+I28*0.33+J28*0.33 -> 0.6931288 | H48: 0.67453174 | I48: 0.72073969 | J48: 0.70373949 | K48: 0.37508375
A49: Estonia | B49: 0.74947925 | C49: =C29*0.5+D29*0.5 -> 0.65226065 | D49: 0.12798709 | E49: 0.43830584 | F49: 0.7839599 | G49: =H29*0.33+I29*0.33+J29*0.33 -> 0.61383783 | H49: 0.81470909 | I49: 0.68958263 | J49: 0.91920211 | K49: 0.32414316
A50: Georgia | B50: 0.42517357 | C50: =C30*0.5+D30*0.5 -> 0.40178646 | D50: 0.097064676 | E50: 0.62530557 | F50: 0.41152844 | G50: =H30*0.33+I30*0.33+J30*0.33 -> 0.38536064 | H50: 0.21313911 | I50: 0.25676194 | J50: 0.37166872 | K50: 0.050848637
A51: Hungary | B51: 0.79586866 | C51: =C31*0.5+D31*0.5 -> 0.70231015 | D51: 0.13856062 | E51: 0.34578795 | F51: 0.53368524 | G51: =H31*0.33+I31*0.33+J31*0.33 -> 0.633373 | H51: 0.55040165 | I51: 0.61496031 | J51: 0.52660048 | K51: 0.28963058
A52: Latvia | B52: 0.68415345 | C52: =C32*0.5+D32*0.5 -> 0.66106331 | D52: 0.095346041 | E52: 0.47514862 | F52: 0.83972498 | G52: =H32*0.33+I32*0.33+J32*0.33 -> 0.63199302 | H52: 0.44588104 | I52: 0.49511474 | J52: 0.72090669 | K52: 0.29661635
A53: Lithuania | B53: 0.78311227 | C53: =C33*0.5+D33*0.5 -> 0.63797936 | D53: 0.047181599 | E53: 0.23190773 | F53: 0.82946729 | G53: =H33*0.33+I33*0.33+J33*0.33 -> 0.60448874 | H53: 0.36744136 | I53: 0.55630771 | J53: 0.78204475 | K53: 0.38207059
A54: Moldova | B54: 0.38713922 | C54: =C34*0.5+D34*0.5 -> 0.41652371 | D54: 0.0038255358 | E54: 0.67817974 | F54: 0.17176344 | G54: =H34*0.33+I34*0.33+J34*0.33 -> 0.45872225 | H54: 0.2413906 | I54: 0.46602654 | J54: 0.19725462 | K54: 0.0012953368
A55: Montenegro | B55: 0.44117647 | C55: =C35*0.5+D35*0.5 -> 0.5541485 | D55: 0.10051795 | E55: 0.68172071 | F55: 0.4522454 | G55: =H35*0.33+I35*0.33+J35*0.33 -> 0.44291994 | H55: 0.26641194 | I55: 0.50097015 | J55: 0.37849859 | K55: 0.16094975
A56: North Macedonia | B56: 0.15049436 | C56: =C36*0.5+D36*0.5 -> 0.5350744 | D56: 0.069257172 | E56: 0.31614032 | F56: 0.41639278 | G56: =H36*0.33+I36*0.33+J36*0.33 -> 0.44956466 | H56: 0.23517081 | I56: 0.27068218 | J56: 0.30089134 | K56: 0.18426057
... A61: Ukraine | B61: 0.64009636 | C61: =C41*0.5+D41*0.5 -> 0.64333951 | D61: 0.58346941 | E61: 0.75145092 | F61: 0.3496478 | G61: =H41*0.33+I41*0.33+J41*0.33 -> 0.34922035 | H61: 0.18927505 | I61: 0.58629417 | J61: 0.091378919 | K61: 0.40392444
B63: INDEX | E63: Ericda RANKING
A64: Albania | B64: =B45*0.1+C45*0.1+D45*0.1+E45*0.1+F45*0.1+G45*0.1+H45*0.1+I45*0.1+J45*0.1+K45*0.1 -> 0.33156485 | D64: Estonia | E64: 0.61388522
A65: Bulgaria | B65: =B46*0.1+C46*0.1+D46*0.1+E46*0.1+F46*0.1+G46*0.1+H46*0.1+I46*0.1+J46*0.1+K46*0.1 -> 0.47384595 | D65: Poland | E65: 0.61194468
A66: Croatia | B66: =B47*0.1+C47*0.1+D47*0.1+E47*0.1+F47*0.1+G47*0.1+H47*0.1+I47*0.1+J47*0.1+K47*0.1 -> 0.52228912 | D66: Czech Republic | E66: 0.58073402
A67: Czech Republic | B67: =B48*0.1+C48*0.1+D48*0.1+E48*0.1+F48*0.1+G48*0.1+H48*0.1+I48*0.1+J48*0.1+K48*0.1 -> 0.57865709 | D67: Slovenia | E67: 0.5556873
A68: Estonia | B68: =B49*0.1+C49*0.1+D49*0.1+E49*0.1+F49*0.1+G49*0.1+H49*0.1+I49*0.1+J49*0.1+K49*0.1 -> 0.61134676 | D68: Latvia | E68: 0.53459482
A69: Georgia | B69: =B50*0.1+C50*0.1+D50*0.1+E50*0.1+F50*0.1+G50*0.1+H50*0.1+I50*0.1+J50*0.1+K50*0.1 -> 0.32386377 | D69: Croatia | E69: 0.52228912
A70: Hungary | B70: =B51*0.1+C51*0.1+D51*0.1+E51*0.1+F51*0.1+G51*0.1+H51*0.1+I51*0.1+J51*0.1+K51*0.1 -> 0.51311786 | D70: Lithuania | E70: 0.52220014
A71: Latvia | B71: =B52*0.1+C52*0.1+D52*0.1+E52*0.1+F52*0.1+G52*0.1+H52*0.1+I52*0.1+J52*0.1+K52*0.1 -> 0.53459482 | D71: Hungary | E71: 0.51311786
A72: Lithuania | B72: =B53*0.1+C53*0.1+D53*0.1+E53*0.1+F53*0.1+G53*0.1+H53*0.1+I53*0.1+J53*0.1+K53*0.1 -> 0.52220014 | D72: Romania | E72: 0.49975565
A73: Moldova | B73: =B54*0.1+C54*0.1+D54*0.1+E54*0.1+F54*0.1+G54*0.1+H54*0.1+I54*0.1+J54*0.1+K54*0.1 -> 0.3022121 | D73: Bulgaria | E73: 0.47546134
A74: Montenegro | B74: =B55*0.1+C55*0.1+D55*0.1+E55*0.1+F55*0.1+G55*0.1+H55*0.1+I55*0.1+J55*0.1+K55*0.1 -> 0.39795594 | D74: Slovakia | E74: 0.46647864
A75: North Macedonia | B75: =B56*0.1+C56*0.1+D56*0.1+E56*0.1+F56*0.1+G56*0.1+H56*0.1+I56*0.1+J56*0.1+K56*0.1 -> 0.29279286 | D75: Ukraine | E75: 0.45880969
... A80: Ukraine | B80: =B61*0.1+C61*0.1+D61*0.1+E61*0.1+F61*0.1+G61*0.1+H61*0.1+I61*0.1+J61*0.1+K61*0.1 -> 0.45880969 | D80: North Macedonia | E80: 0.29394671
D81: Average | E81: =AVERAGE(E64:E80) -> 0.47113812
B84: ERICDA | C84: Economic complexity | D84: Foreign trade vulnerabilities and dependence | E84: Energy dependence | F84: Economic openess | G84: Logistics & infrastructure | H84: Economic stability and development | I84: Innovation and IT | J84: Human capital | K84: Governance effectiveness | L84: Military
A85: Albania | B85: 0.33156485 | C85: 0 | D85: 0.58731236 | E85: 0.28862935 | F85: 0.80947101 | G85: 0.28588718 | H85: 0.47999134 | I85: 0.045066313 | J85: 0.34791176 | K85: 0.30029017 | L85: 0.17108901
A86: Bulgaria | B86: 0.47384595 | C86: 0.6846752 | D86: 0.72583494 | E86: 0.16565449 | F86: 0.43563665 | G86: 0.5743057 | H86: 0.62768995 | I86: 0.4902419 | J86: 0.35246535 | K86: 0.40656169 | L86: 0.27539365
A87: Croatia | B87: 0.52228912 | C87: 0.69409467 | D87: 0.73833942 | E87: 0.26118579 | F87: 0.59528452 | G87: 0.68180516 | H87: 0.57745203 | I87: 0.31035296 | J87: 0.54946814 | K87: 0.57990491 | L87: 0.23500363
A88: Czech Republic | B88: 0.57865709 | C88: 0.79411765 | D88: 0.64452215 | E88: 0.20158907 | F88: 0.31951984 | G88: 0.65959877 | H88: 0.6931288 | I88: 0.67453174 | J88: 0.72073969 | K88: 0.70373949 | L88: 0.37508375
A89: Estonia | B89: 0.61134676 | C89: 0.74947925 | D89: 0.65226065 | E89: 0.12798709 | F89: 0.43830584 | G89: 0.7839599 | H89: 0.61383783 | I89: 0.81470909 | J89: 0.68958263 | K89: 0.91920211 | L89: 0.32414316
A90: Georgia | B90: 0.32386377 | C90: 0.42517357 | D90: 0.40178646 | E90: 0.097064676 | F90: 0.62530557 | G90: 0.41152844 | H90: 0.38536064 | I90: 0.21313911 | J90: 0.25676194 | K90: 0.37166872 | L90: 0.050848637
A91: Hungary | B91: 0.51311786 | C91: 0.79586866 | D91: 0.70231015 | E91: 0.13856062 | F91: 0.34578795 | G91: 0.53368524 | H91: 0.633373 | I91: 0.55040165 | J91: 0.61496031 | K91: 0.52660048 | L91: 0.28963058
A92: Latvia | B92: 0.53459482 | C92: 0.68415345 | D92: 0.66106331 | E92: 0.095346041 | F92: 0.47514862 | G92: 0.83972498 | H92: 0.63199302 | I92: 0.44588104 | J92: 0.49511474 | K92: 0.72090669 | L92: 0.29661635
A93: Lithuania | B93: 0.52220014 | C93: 0.78311227 | D93: 0.63797936 | E93: 0.047181599 | F93: 0.23190773 | G93: 0.82946729 | H93: 0.60448874 | I93: 0.36744136 | J93: 0.55630771 | K93: 0.78204475 | L93: 0.38207059
A94: Moldova | B94: 0.3022121 | C94: 0.38713922 | D94: 0.41652371 | E94: 0.0038255358 | F94: 0.67817974 | G94: 0.17176344 | H94: 0.45872225 | I94: 0.2413906 | J94: 0.46602654 | K94: 0.19725462 | L94: 0.0012953368
A95: Montenegro | B95: 0.39795594 | C95: 0.44117647 | D95: 0.5541485 | E95: 0.10051795 | F95: 0.68172071 | G95: 0.4522454 | H95: 0.44291994 | I95: 0.26641194 | J95: 0.50097015 | K95: 0.37849859 | L95: 0.16094975
